Workbook
Name JR_PAGE_ANCHOR_0_1: orcamento!$A$1

Sheet MEMORIAL DE CALCULO 01
B2: BOLETIM DE MEDIÇÃO 01 - MEMORIAL DE CÁLCULO
B3: OBJETO: | I3: CONTRATO: | J3: VALOR CONTRATADO:
B4: CONSTRUÇÃO DA CASA DE ACOLHIMENTO PARA CRIANÇAS E ADOCESLENTES, "CASA LAR", NO MUNICÍPIO DE SOUSA/PB. | I4: 682/2023 | J4: 1240378.4
B5: EMPRESA CONTRATADA: | E5: CNPJ: | I5: CONTRATANTE:
B6: ALX CONSTRUÇÕES E LOCAÇÕES | E6: 17.490.708/0001-70 | I6: PREFEITURA MUNICIPAL DE SOUSA
B7: DATA | D7: PERÍODO DA MEDIÇÃO | E7: VALOR DA MEDIÇÃO: | H7: VALOR ACUMULADO ANTERIOR: | J7: MEDIÇÃO:
B8: 45281 | D8: 21/11/2023 a 21/12/2023 | E8: ='BOLETIM DE MEDIÇÃO 05'!E8 -> 103177.49 | H8: ='BOLETIM DE MEDIÇÃO 05'!H8 -> 274592.68 | J8: 01
B10: ITEM | C10: CÓDIGO | D10: DESCRIÇÃO | E10: UND | F10: VEZ | G10: DADOS | J10: RESULTADO
G11: L | H11: C | I11: H | J11: ACUMULADO ANTERIOR | K11: PARCIAL | L11: TOTAL | M11: CONTRATADO | N11: SALDO
B12: 1 | C12: CONSTRUÇÃO DA CASA DE ACOLHIMENTO PARA CRIANÇAS E ADOLESCENTES - CASA LAR, NO MUNICÍPIO DE SOUSA - PB
B13: 1.1 | C13: SERVIÇOS PRELIMINARES
B14: 1.1.1 | C14: composição 1 | D14: PLACA DE OBRA EM CHAPA DE ACO GALVANIZADO [ADAPTADO SINAPI 74209/01] | E14: M2 | F14: 1 | G14: 2 | I14: 3 | J14: ='BOLETIM DE MEDIÇÃO 05'!O14-'MEMORIAL DE CALCULO 01'!K14 -> 0 | K14: =G14*I14*F14 -> 6 | L14: =J14+K14 -> 6 | M14: ='BOLETIM DE MEDIÇÃO 05'!G14 -> 6 | N14: =M14-L14 -> 0
B15: 1.1.2 | C15: 93209 | D15: EXECUÇÃO DE ALMOXARIFADO EM CANTEIRO DE OBRA EM ALVENARIA, INCLUSO PRATELEIRAS. AF_02/2016 | E15: M2 | F15: 1 | G15: 2 | H15: 2.5 | J15: ='BOLETIM DE MEDIÇÃO 05'!O15-'MEMORIAL DE CALCULO 01'!K15 -> 0 | K15: =F15*G15*H15 -> 5 | L15: =J15+K15 -> 5 | M15: ='BOLETIM DE MEDIÇÃO 05'!G15 -> 5 | N15: =M15-L15 -> 0
B16: 1.1.3 | C16: 93206 | D16: EXECUÇÃO DE ESCRITÓRIO EM CANTEIRO DE OBRA EM ALVENARIA, NÃO INCLUSO MOBILIÁRIO E EQUIPAMENTOS. AF_02/2016 | E16: M2 | F16: 1 | G16: 2 | H16: 2.5 | J16: ='BOLETIM DE MEDIÇÃO 05'!O16-'MEMORIAL DE CALCULO 01'!K16 -> 0 | K16: =F16*G16*H16 -> 5 | L16: =J16+K16 -> 5 | M16: ='BOLETIM DE MEDIÇÃO 05'!G16 -> 5 | N16: =M16-L16 -> 0
B17: 1.1.4 | C17: composição 11 | D17: Tapume em chapa compensada esp = 10mm (1 uso). [ADAPTADO ORSE 53] | E17: M2 | J17: ='BOLETIM DE MEDIÇÃO 05'!O17-'MEMORIAL DE CALCULO 01'!K17 -> 0 | K17: =K20 -> 277.4 | L17: =J17+K17 -> 277.4 | M17: ='BOLETIM DE MEDIÇÃO 05'!G17 -> 277.4 | N17: =M17-L17 -> 0
B18: 1.1.5 | C18: 98524 | D18: LIMPEZA MANUAL DE VEGETAÇÃO EM TERRENO COM ENXADA.AF_05/2018 | E18: M2 | J18: ='BOLETIM DE MEDIÇÃO 05'!O18-'MEMORIAL DE CALCULO 01'!K18 -> 0 | L18: =J18+K18 -> 0 | M18: ='BOLETIM DE MEDIÇÃO 05'!G18 -> 1430.2 | N18: =M18-L18 -> 1430.2
B19: 1.1.6 | C19: 100575 | D19: REGULARIZAÇÃO DE SUPERFÍCIES COM MOTONIVELADORA. AF_11/2019 | E19: M2 | J19: ='BOLETIM DE MEDIÇÃO 05'!O19-'MEMORIAL DE CALCULO 01'!K19 -> 0 | L19: =J19+K19 -> 0 | M19: ='BOLETIM DE MEDIÇÃO 05'!G19 -> 1430.2 | N19: =M19-L19 -> 1430.2
D20: PERÍMETRO DA INTERVENÇÃO | F20: 1 | G20: 146 | H20: 1.9 | K20: =F20*G20*H20 -> 277.4
B21: 1.2 | C21: MOVIMENTO DE TERRA
B22: 1.2.1 | C22: 99059 | D22: LOCACAO CONVENCIONAL DE OBRA, UTILIZANDO GABARITO DE TÁBUAS CORRIDAS PONTALETADAS A CADA 2,00M - 2 UTILIZAÇÕES. AF_10/2018 | E22: M | F22: 1 | G22: 137.5 | J22: ='BOLETIM DE MEDIÇÃO 05'!O21-'MEMORIAL DE CALCULO 01'!K22 -> 0 | K22: =F22*G22 -> 137.5 | L22: =J22+K22 -> 137.5 | M22: ='BOLETIM DE MEDIÇÃO 05'!G21 -> 137.5 | N22: =M22-L22 -> 0
B23: 1.2.2 | C23: 93358 | D23: ESCAVAÇÃO MANUAL DE VALA COM PROFUNDIDADE MENOR OU IGUAL A 1,30 M. AF_02/2021 | E23: M3 | J23: ='BOLETIM DE MEDIÇÃO 05'!O22-'MEMORIAL DE CALCULO 01'!K23 -> 15.24537 | K23: =SUM(K24:K30) -> 69.93925 | L23: =J23+K23 -> 85.18462 | M23: ='BOLETIM DE MEDIÇÃO 05'!G22 -> 89.01 | N23: =M23-L23 -> 3.82538
D24: S46=S52=S53=S54=S55=S56=S57=S58=S59=S60=S61=S62=S63=S64=S65=S66=S68=S69=S70=S71=S72=S74=S76=S77=S78=S79=S80=S84=S85=S86=S87=S88 | F24: 32 | G24: 0.6 | H24: 0.7 | I24: 1.85 | K24: =F24*(G24*H24*I24) -> 24.864
D25: S1=S2=S3=S4=S6=S8=S9=S10=S11=S12=S13=S14=S15=S16=S17=S21=S22=S23=S24=S25=S26=S27=S28=S29=S30=S31=S32=S36=S37=S38=S39=S40=S41=S42=S43=S44=S47=S48=S49=S50=S51 | F25: 40 | G25: 0.6 | H25: 0.7 | I25: 1.85 | K25: =F25*(G25*H25*I25) -> 31.08
D26: S33 | F26: 1 | G26: 0.6 | H26: 0.8 | I26: 1.85 | K26: =F26*(G26*H26*I26) -> 0.888
D27: S7=S83 | F27: 2 | G27: 0.9 | H27: 0.9 | I27: 1.85 | K27: =F27*(G27*H27*I27) -> 2.997
D28: S5=S18=S19=S20=S35=S45=S75 | F28: 7 | G28: 0.65 | H28: 0.65 | I28: 1.85 | K28: =F28*(G28*H28*I28) -> 5.471375
D29: S34=S67=S73 | F29: 3 | G29: 0.65 | H29: 0.75 | I29: 1.85 | K29: =F29*(G29*H29*I29) -> 2.705625
D30: S81=S82 | F30: 2 | G30: 0.55 | H30: 0.95 | I30: 1.85 | K30: =F30*(G30*H30*I30) -> 1.93325
B31: 1.2.3 | C31: 96995 | D31: REATERRO MANUAL APILOADO COM SOQUETE. AF_10/2017 | E31: M3 | J31: ='BOLETIM DE MEDIÇÃO 05'!O23-'MEMORIAL DE CALCULO 01'!K31 -> 43.05 | L31: =J31+K31 -> 43.05 | M31: ='BOLETIM DE MEDIÇÃO 05'!G23 -> 44.26 | N31: =M31-L31 -> 1.21
B32: 1.2.4 | C32: 94319 | D32: ATERRO MANUAL DE VALAS COM SOLO ARGILO-ARENOSO E COMPACTAÇÃO MECANIZADA. AF_05/2016 | E32: M3 | J32: ='BOLETIM DE MEDIÇÃO 05'!O24-'MEMORIAL DE CALCULO 01'!K32 -> 0 | L32: =J32+K32 -> 0 | M32: ='BOLETIM DE MEDIÇÃO 05'!G24 -> 93.63 | N32: =M32-L32 -> 93.63
B33: 1.3 | C33: FUNDAÇÃO
B34: 1.3.1 | C34: composição 12 | D34: ALVENARIA DE EMBASAMENTO COM BLOCO CERÂMICO DE 9X14X19CM E ARGAMASSA DE ASSENTAMENTO COM PREPARO EM BETONEIRA. AF_05/2020. [ADAPTADO SINAPI 101166] | E34: M3 | J34: ='BOLETIM DE MEDIÇÃO 05'!O26-'MEMORIAL DE CALCULO 01'!K34 -> 13.98541 | L34: =J34+K34 -> 13.98541 | M34: ='BOLETIM DE MEDIÇÃO 05'!G26 -> 13.99 | N34: =M34-L34 -> 0.00459
B35: 1.3.2 | C35: 101616 | D35: PREPARO DE FUNDO DE VALA COM LARGURA MENOR QUE 1,5 M (ACERTO DO SOLO NATURAL). AF_08/2020 | E35: M2 | J35: ='BOLETIM DE MEDIÇÃO 05'!O27-'MEMORIAL DE CALCULO 01'!K35 -> 37.81 | L35: =J35+K35 -> 37.81 | M35: ='BOLETIM DE MEDIÇÃO 05'!G27 -> 37.81 | N35: =M35-L35 -> 0
B36: 1.3.3 | C36: 96619 | D36: LASTRO DE CONCRETO MAGRO, APLICADO EM BLOCOS DE COROAMENTO OU SAPATAS, ESPESSURA DE 5 CM. AF_08/2017 | E36: M2 | J36: ='BOLETIM DE MEDIÇÃO 05'!O28-'MEMORIAL DE CALCULO 01'!K36 -> 37.81 | L36: =J36+K36 -> 37.81 | M36: ='BOLETIM DE MEDIÇÃO 05'!G28 -> 77.41 | N36: =M36-L36 -> 39.6
B37: 1.3.4 | C37: 96545 | D37: ARMAÇÃO DE BLOCO, VIGA BALDRAME OU SAPATA UTILIZANDO AÇO CA-50 DE 8 MM - MONTAGEM. AF_06/2017 | E37: KG | J37: ='BOLETIM DE MEDIÇÃO 05'!O29-'MEMORIAL DE CALCULO 01'!K37 -> 537.29985 | L37: =J37+K37 -> 537.29985 | M37: ='BOLETIM DE MEDIÇÃO 05'!G29 -> 537.3 | N37: =M37-L37 -> 0.00015
B38: 1.3.5 | C38: 94966 | D38: CONCRETO FCK = 30MPA, TRAÇO 1:2,1:2,5 (EM MASSA SECA DE CIMENTO/ AREIA MÉDIA/ BRITA 1) - PREPARO MECÂNICO COM BETONEIRA 400 L. AF_05/2021 | E38: M3 | J38: ='BOLETIM DE MEDIÇÃO 05'!O30-'MEMORIAL DE CALCULO 01'!K38 -> 21.159975 | L38: =J38+K38 -> 21.159975 | M38: ='BOLETIM DE MEDIÇÃO 05'!G30 -> 21.16 | N38: =M38-L38 -> 2.5e-05
B39: 1.3.6 | C39: 94964 | D39: CONCRETO FCK = 20MPA, TRAÇO 1:2,7:3 (EM MASSA SECA DE CIMENTO/ AREIA MÉDIA/ BRITA 1) - PREPARO MECÂNICO COM BETONEIRA 400 L. AF_05/2021 | E39: M3 | J39: ='BOLETIM DE MEDIÇÃO 05'!O31-'MEMORIAL DE CALCULO 01'!K39 -> 9.6 | L39: =J39+K39 -> 9.6 | M39: ='BOLETIM DE MEDIÇÃO 05'!G31 -> 9.6 | N39: =M39-L39 -> 0
B40: 1.3.7 | C40: 103670 | D40: LANÇAMENTO COM USO DE BALDES, ADENSAMENTO E ACABAMENTO DE CONCRETO EM ESTRUTURAS. AF_02/2022 | E40: M3 | J40: ='BOLETIM DE MEDIÇÃO 05'!O32-'MEMORIAL DE CALCULO 01'!K40 -> 30.760025 | L40: =J40+K40 -> 30.760025 | M40: ='BOLETIM DE MEDIÇÃO 05'!G32 -> 30.76 | N40: =M40-L40 -> -2.5e-05
B41: 1.3.8 | C41: 96543 | D41: ARMAÇÃO DE BLOCO, VIGA BALDRAME E SAPATA UTILIZANDO AÇO CA-60 DE 5 MM - MONTAGEM. AF_06/2017 | E41: KG | J41: ='BOLETIM DE MEDIÇÃO 05'!O33-'MEMORIAL DE CALCULO 01'!K41 -> 404.39804 | L41: =J41+K41 -> 404.39804 | M41: ='BOLETIM DE MEDIÇÃO 05'!G33 -> 404.4 | N41: =M41-L41 -> 0.0019568
B42: 1.3.9 | C42: 96544 | D42: ARMAÇÃO DE BLOCO, VIGA BALDRAME OU SAPATA UTILIZANDO AÇO CA-50 DE 6,3 MM - MONTAGEM. AF_06/2017 | E42: KG | J42: ='BOLETIM DE MEDIÇÃO 05'!O34-'MEMORIAL DE CALCULO 01'!K42 -> 295 | L42: =J42+K42 -> 295 | M42: ='BOLETIM DE MEDIÇÃO 05'!G34 -> 295 | N42: =M42-L42 -> 0
B43: 1.3.10 | C43: 96546 | D43: ARMAÇÃO DE BLOCO, VIGA BALDRAME OU SAPATA UTILIZANDO AÇO CA-50 DE 10 MM - MONTAGEM. AF_06/2017 | E43: KG | J43: ='BOLETIM DE MEDIÇÃO 05'!O35-'MEMORIAL DE CALCULO 01'!K43 -> 534.1 | L43: =J43+K43 -> 534.1 | M43: ='BOLETIM DE MEDIÇÃO 05'!G35 -> 534.1 | N43: =M43-L43 -> 0
B44: 1.3.11 | C44: 96547 | D44: ARMAÇÃO DE BLOCO, VIGA BALDRAME OU SAPATA UTILIZANDO AÇO CA-50 DE 12,5 MM - MONTAGEM. AF_06/2017 | E44: KG | J44: ='BOLETIM DE MEDIÇÃO 05'!O36-'MEMORIAL DE CALCULO 01'!K44 -> 152.89646 | L44: =J44+K44 -> 152.89646 | M44: ='BOLETIM DE MEDIÇÃO 05'!G36 -> 152.9 | N44: =M44-L44 -> 0.00354
B45: 1.3.12 | C45: 96536 | D45: FABRICAÇÃO, MONTAGEM E DESMONTAGEM DE FÔRMA PARA VIGA BALDRAME, EM MADEIRA SERRADA, E=25 MM, 4 UTILIZAÇÕES. AF_06/2017 | E45: M2 | J45: ='BOLETIM DE MEDIÇÃO 05'!O37-'MEMORIAL DE CALCULO 01'!K45 -> 429.827 | L45: =J45+K45 -> 429.827 | M45: ='BOLETIM DE MEDIÇÃO 05'!G37 -> 429.83 | N45: =M45-L45 -> 0.003
B46: 1.3.13 | C46: 98557 | D46: IMPERMEABILIZAÇÃO DE SUPERFÍCIE COM EMULSÃO ASFÁLTICA, 2 DEMÃOS AF_06/2018 | E46: M2 | J46: ='BOLETIM DE MEDIÇÃO 05'!O38-'MEMORIAL DE CALCULO 01'!K46 -> 253.95 | L46: =J46+K46 -> 253.95 | M46: ='BOLETIM DE MEDIÇÃO 05'!G38 -> 253.95 | N46: =M46-L46 -> 0
B47: 1.4 | C47: ESTRUTURA
B48: 1.4.1 | C48: 92443 | D48: MONTAGEM E DESMONTAGEM DE FÔRMA DE PILARES RETANGULARES E ESTRUTURAS SIMILARES, PÉ-DIREITO SIMPLES, EM CHAPA DE MADEIRA COMPENSADA PLASTIFICADA, 18 UTILIZAÇÕES. AF_09/2020 | E48: M2 | J48: ='BOLETIM DE MEDIÇÃO 05'!O40-'MEMORIAL DE CALCULO 01'!K48 -> 399.86 | L48: =J48+K48 -> 399.86 | M48: ='BOLETIM DE MEDIÇÃO 05'!G40 -> 408.7 | N48: =M48-L48 -> 8.84
B49: 1.4.2 | C49: 92480 | D49: MONTAGEM E DESMONTAGEM DE FÔRMA DE VIGA, ESCORAMENTO METÁLICO, PÉ-DIREITO SIMPLES, EM CHAPA DE MADEIRA PLASTIFICADA, 18 UTILIZAÇÕES. AF_09/2020 | E49: M2 | J49: ='BOLETIM DE MEDIÇÃO 05'!O41-'MEMORIAL DE CALCULO 01'!K49 -> 0 | L49: =J49+K49 -> 0 | M49: ='BOLETIM DE MEDIÇÃO 05'!G41 -> 435.33 | N49: =M49-L49 -> 435.33
B50: 1.4.3 | C50: 92267 | D50: FABRICAÇÃO DE FÔRMA PARA LAJES, EM CHAPA DE MADEIRA COMPENSADA RESINADA, E = 17 MM. AF_09/2020 | E50: M2 | J50: ='BOLETIM DE MEDIÇÃO 05'!O42-'MEMORIAL DE CALCULO 01'!K50 -> 0 | L50: =J50+K50 -> 0 | M50: ='BOLETIM DE MEDIÇÃO 05'!G42 -> 111.15 | N50: =M50-L50 -> 111.15
B51: 1.4.4 | C51: 92759 | D51: ARMAÇÃO DE PILAR OU VIGA DE ESTRUTURA CONVENCIONAL DE CONCRETO ARMADO UTILIZANDO AÇO CA-60 DE 5,0 MM - MONTAGEM. AF_06/2022 | E51: KG | J51: ='BOLETIM DE MEDIÇÃO 05'!O43-'MEMORIAL DE CALCULO 01'!K51 -> 682.7 | L51: =J51+K51 -> 682.7 | M51: ='BOLETIM DE MEDIÇÃO 05'!G43 -> 1027.8 | N51: =M51-L51 -> 345.1
B52: 1.4.5 | C52: 92760 | D52: ARMAÇÃO DE PILAR OU VIGA DE ESTRUTURA CONVENCIONAL DE CONCRETO ARMADO UTILIZANDO AÇO CA-50 DE 6,3 MM - MONTAGEM. AF_06/2022 | E52: KG | J52: ='BOLETIM DE MEDIÇÃO 05'!O44-'MEMORIAL DE CALCULO 01'!K52 -> 23.46 | L52: =J52+K52 -> 23.46 | M52: ='BOLETIM DE MEDIÇÃO 05'!G44 -> 39.1 | N52: =M52-L52 -> 15.64
B53: 1.4.6 | C53: 92761 | D53: ARMAÇÃO DE PILAR OU VIGA DE ESTRUTURA CONVENCIONAL DE CONCRETO ARMADO UTILIZANDO AÇO CA-50 DE 8,0 MM - MONTAGEM. AF_06/2022 | E53: KG | J53: ='BOLETIM DE MEDIÇÃO 05'!O45-'MEMORIAL DE CALCULO 01'!K53 -> 415.68 | L53: =J53+K53 -> 415.68 | M53: ='BOLETIM DE MEDIÇÃO 05'!G45 -> 1000 | N53: =M53-L53 -> 584.32
B54: 1.4.7 | C54: 92762 | D54: ARMAÇÃO DE PILAR OU VIGA DE ESTRUTURA CONVENCIONAL DE CONCRETO ARMADO UTILIZANDO AÇO CA-50 DE 10,0 MM - MONTAGEM. AF_06/2022 | E54: KG | J54: ='BOLETIM DE MEDIÇÃO 05'!O46-'MEMORIAL DE CALCULO 01'!K54 -> 1237.4 | L54: =J54+K54 -> 1237.4 | M54: ='BOLETIM DE MEDIÇÃO 05'!G46 -> 1306.1 | N54: =M54-L54 -> 68.7
B55: 1.4.8 | C55: 92763 | D55: ARMAÇÃO DE PILAR OU VIGA DE ESTRUTURA CONVENCIONAL DE CONCRETO ARMADO UTILIZANDO AÇO CA-50 DE 12,5 MM - MONTAGEM. AF_06/2022 | E55: KG | J55: ='BOLETIM DE MEDIÇÃO 05'!O47-'MEMORIAL DE CALCULO 01'!K55 -> 161.6 | L55: =J55+K55 -> 161.6 | M55: ='BOLETIM DE MEDIÇÃO 05'!G47 -> 168.2 | N55: =M55-L55 -> 6.6
B56: 1.4.9 | C56: 92768 | D56: ARMAÇÃO DE LAJE DE ESTRUTURA CONVENCIONAL DE CONCRETO ARMADO UTILIZANDO AÇO CA-60 DE 5,0 MM - MONTAGEM. AF_06/2022 | E56: KG | J56: ='BOLETIM DE MEDIÇÃO 05'!O48-'MEMORIAL DE CALCULO 01'!K56 -> 0 | L56: =J56+K56 -> 0 | M56: ='BOLETIM DE MEDIÇÃO 05'!G48 -> 158.7 | N56: =M56-L56 -> 158.7
B57: 1.4.10 | C57: 92769 | D57: ARMAÇÃO DE LAJE DE ESTRUTURA CONVENCIONAL DE CONCRETO ARMADO UTILIZANDO AÇO CA-50 DE 6,3 MM - MONTAGEM. AF_06/2022 | E57: KG | J57: ='BOLETIM DE MEDIÇÃO 05'!O49-'MEMORIAL DE CALCULO 01'!K57 -> 0 | L57: =J57+K57 -> 0 | M57: ='BOLETIM DE MEDIÇÃO 05'!G49 -> 170.5 | N57: =M57-L57 -> 170.5
B58: 1.4.11 | C58: 92770 | D58: ARMAÇÃO DE LAJE DE ESTRUTURA CONVENCIONAL DE CONCRETO ARMADO UTILIZANDO AÇO CA-50 DE 8,0 MM - MONTAGEM. AF_06/2022 | E58: KG | J58: ='BOLETIM DE MEDIÇÃO 05'!O50-'MEMORIAL DE CALCULO 01'!K58 -> 0 | L58: =J58+K58 -> 0 | M58: ='BOLETIM DE MEDIÇÃO 05'!G50 -> 279.1 | N58: =M58-L58 -> 279.1
B59: 1.4.12 | C59: 94966 | D59: CONCRETO FCK = 30MPA, TRAÇO 1:2,1:2,5 (EM MASSA SECA DE CIMENTO/ AREIA MÉDIA/ BRITA 1) - PREPARO MECÂNICO COM BETONEIRA 400 L. AF_05/2021 | E59: M3 | J59: ='BOLETIM DE MEDIÇÃO 05'!O51-'MEMORIAL DE CALCULO 01'!K59 -> 19.43 | L59: =J59+K59 -> 19.43 | M59: ='BOLETIM DE MEDIÇÃO 05'!G51 -> 61.56 | N59: =M59-L59 -> 42.13
... B62: 1.4.15 | C62: 92772 | D62: ARMAÇÃO DE LAJE DE ESTRUTURA CONVENCIONAL DE CONCRETO ARMADO UTILIZANDO AÇO CA-50 DE 12,5 MM - MONTAGEM. AF_06/2022 | E62: KG | J62: ='BOLETIM DE MEDIÇÃO 05'!O54-'MEMORIAL DE CALCULO 01'!K62 -> 0 | L62: =J62+K62 -> 0 | M62: ='BOLETIM DE MEDIÇÃO 05'!G54 -> 154.8 | N62: =M62-L62 -> 154.8
B63: 1.5 | C63: PAREDES
B64: 1.5.1 | C64: 103356 | D64: ALVENARIA DE VEDAÇÃO DE BLOCOS CERÂMICOS FURADOS NA HORIZONTAL DE 9X19X29 CM (ESPESSURA 9 CM) E ARGAMASSA DE ASSENTAMENTO COM PREPARO EM BETONEIRA. AF_12/2021 | E64: M2 | J64: ='BOLETIM DE MEDIÇÃO 05'!O56-'MEMORIAL DE CALCULO 01'!K64 -> 846.845 | L64: =J64+K64 -> 846.845 | M64: ='BOLETIM DE MEDIÇÃO 05'!G56 -> 1131.99 | N64: =M64-L64 -> 285.145
B65: 1.5.2 | C65: 93189 | D65: VERGA MOLDADA IN LOCO EM CONCRETO PARA PORTAS COM MAIS DE 1,5 M DE VÃO. AF_03/2016 | E65: M | J65: ='BOLETIM DE MEDIÇÃO 05'!O57-'MEMORIAL DE CALCULO 01'!K65 -> 64.1 | L65: =J65+K65 -> 64.1 | M65: ='BOLETIM DE MEDIÇÃO 05'!G57 -> 64.1 | N65: =M65-L65 -> 0
B66: 1.5.3 | C66: 93191 | D66: VERGA MOLDADA IN LOCO COM UTILIZAÇÃO DE BLOCOS CANALETA PARA JANELAS COM MAIS DE 1,5 M DE VÃO. AF_03/2016 | E66: M | J66: ='BOLETIM DE MEDIÇÃO 05'!O58-'MEMORIAL DE CALCULO 01'!K66 -> 72.2 | L66: =J66+K66 -> 72.2 | M66: ='BOLETIM DE MEDIÇÃO 05'!G58 -> 72.2 | N66: =M66-L66 -> 0
B67: 1.5.4 | C67: 93197 | D67: CONTRAVERGA MOLDADA IN LOCO EM CONCRETO PARA VÃOS DE MAIS DE 1,5 M DE COMPRIMENTO. AF_03/2016 | E67: M | J67: ='BOLETIM DE MEDIÇÃO 05'!O59-'MEMORIAL DE CALCULO 01'!K67 -> 72.2 | L67: =J67+K67 -> 72.2 | M67: ='BOLETIM DE MEDIÇÃO 05'!G59 -> 72.2 | N67: =M67-L67 -> 0
B68: 1.6 | C68: REVESTIMENTOS INTERNOS
B69: 1.6.1 | C69: 87893 | D69: CHAPISCO APLICADO EM ALVENARIA (SEM PRESENÇA DE VÃOS) E ESTRUTURAS DE CONCRETO DE FACHADA, COM COLHER DE PEDREIRO. ARGAMASSA TRAÇO 1:3 COM PREPARO MANUAL. AF_10/2022 | E69: M2 | J69: ='BOLETIM DE MEDIÇÃO 05'!O61-'MEMORIAL DE CALCULO 01'!K69 -> 1348.98 | L69: =J69+K69 -> 1348.98 | M69: ='BOLETIM DE MEDIÇÃO 05'!G61 -> 1348.98 | N69: =M69-L69 -> 0
B70: 1.6.2 | C70: 87548 | D70: MASSA ÚNICA, PARA RECEBIMENTO DE PINTURA, EM ARGAMASSA TRAÇO 1:2:8, PREPARO MANUAL, APLICADA MANUALMENTE EM FACES INTERNAS DE PAREDES, ESPESSURA DE 10MM, COM EXECUÇÃO DE TALISCAS. AF_06/2014 | E70: M2 | J70: ='BOLETIM DE MEDIÇÃO 05'!O62-'MEMORIAL DE CALCULO 01'!K70 -> 0 | L70: =J70+K70 -> 0 | M70: ='BOLETIM DE MEDIÇÃO 05'!G62 -> 997.11 | N70: =M70-L70 -> 997.11
B71: 1.6.3 | C71: 87536 | D71: EMBOÇO, PARA RECEBIMENTO DE CERÂMICA, EM ARGAMASSA TRAÇO 1:2:8, PREPARO MANUAL, APLICADO MANUALMENTE EM FACES INTERNAS DE PAREDES, PARA AMBIENTE COM ÁREA MAIOR QUE 10M2, ESPESSURA DE 20MM, COM EXECUÇÃO DE TALISCAS. AF_06/2014 | E71: M2 | J71: ='BOLETIM DE MEDIÇÃO 05'!O63-'MEMORIAL DE CALCULO 01'!K71 -> 0 | L71: =J71+K71 -> 0 | M71: ='BOLETIM DE MEDIÇÃO 05'!G63 -> 351.87 | N71: =M71-L71 -> 351.87
B72: 1.6.4 | C72: 87275 | D72: REVESTIMENTO CERÂMICO PARA PAREDES INTERNAS COM PLACAS TIPO ESMALTADA EXTRA DE DIMENSÕES 33X45 CM APLICADAS A MEIA ALTURA DAS PAREDES. AF_02/2023_PE | E72: M2 | J72: ='BOLETIM DE MEDIÇÃO 05'!O64-'MEMORIAL DE CALCULO 01'!K72 -> 0 | L72: =J72+K72 -> 0 | M72: ='BOLETIM DE MEDIÇÃO 05'!G64 -> 351.87 | N72: =M72-L72 -> 351.87
B73: 1.7 | C73: ESQUADRIAS
B74: 1.7.1 | C74: 91315 | D74: KIT DE PORTA DE MADEIRA PARA PINTURA, SEMI-OCA (LEVE OU MÉDIA), PADRÃO POPULAR, 90X210CM, ESPESSURA DE 3,5CM, ITENS INCLUSOS: DOBRADIÇAS, MONTAGEM E INSTALAÇÃO DO BATENTE, FECHADURA COM EXECUÇÃO DO FURO - FORNECIMENTO E INSTALAÇÃO. AF_12/2019 | E74: UN | J74: ='BOLETIM DE MEDIÇÃO 05'!O66-'MEMORIAL DE CALCULO 01'!K74 -> 0 | L74: =J74+K74 -> 0 | M74: ='BOLETIM DE MEDIÇÃO 05'!G66 -> 18 | N74: =M74-L74 -> 18
B75: 1.7.2 | C75: 94570 | D75: JANELA DE ALUMÍNIO DE CORRER COM 2 FOLHAS PARA VIDROS, COM VIDROS, BATENTE, ACABAMENTO COM ACETATO OU BRILHANTE E FERRAGENS. EXCLUSIVE ALIZAR E CONTRAMARCO. FORNECIMENTO E INSTALAÇÃO. AF_12/2019 | E75: M2 | J75: ='BOLETIM DE MEDIÇÃO 05'!O67-'MEMORIAL DE CALCULO 01'!K75 -> 0 | L75: =J75+K75 -> 0 | M75: ='BOLETIM DE MEDIÇÃO 05'!G67 -> 49.7 | N75: =M75-L75 -> 49.7
B76: 1.7.3 | C76: 100689 | D76: KIT DE PORTA DE MADEIRA FRISADA, SEMI-OCA (LEVE OU MÉDIA), PADRÃO MÉDIO, 80X210CM, ESPESSURA DE 3,5CM, ITENS INCLUSOS: DOBRADIÇAS, MONTAGEM E INSTALAÇÃO DE BATENTE, FECHADURA COM EXECUÇÃO DO FURO - FORNECIMENTO E INSTALAÇÃO. AF_12/2019 | E76: UN | J76: ='BOLETIM DE MEDIÇÃO 05'!O68-'MEMORIAL DE CALCULO 01'!K76 -> 0 | L76: =J76+K76 -> 0 | M76: ='BOLETIM DE MEDIÇÃO 05'!G68 -> 5 | N76: =M76-L76 -> 5
B77: 1.7.4 | C77: composição 3 | D77: PORTA EM MADEIRA , LISA, SEMI-ÔCA, 1.46 X 2.10 M, COM DUAS FOLHAS, INCLUSIVE BATENTES E FERRAGENS - REV 02[ADAPTADO DE ORSE 7149] | E77: UND | J77: ='BOLETIM DE MEDIÇÃO 05'!O69-'MEMORIAL DE CALCULO 01'!K77 -> 0 | L77: =J77+K77 -> 0 | M77: ='BOLETIM DE MEDIÇÃO 05'!G69 -> 1 | N77: =M77-L77 -> 1
B78: 1.7.5 | C78: composição 4 | D78: PORTÃO EM ALUMÍNIO, COR N/B/P, EM PERFÍS BÚZIO QUADRADO OU LAMBRIL, COMPLETO INCLUSIVE RODÍZIOS, PERFÍS E FECHADURA- ORSE - ORSE 11955 | E78: UND | J78: ='BOLETIM DE MEDIÇÃO 05'!O70-'MEMORIAL DE CALCULO 01'!K78 -> 0 | L78: =J78+K78 -> 0 | M78: ='BOLETIM DE MEDIÇÃO 05'!G70 -> 3 | N78: =M78-L78 -> 3
B79: 1.7.6 | C79: 91341 | D79: PORTA EM ALUMÍNIO DE ABRIR TIPO VENEZIANA COM GUARNIÇÃO, FIXAÇÃO COM PARAFUSOS - FORNECIMENTO E INSTALAÇÃO. AF_12/2019 | E79: M2 | J79: ='BOLETIM DE MEDIÇÃO 05'!O71-'MEMORIAL DE CALCULO 01'!K79 -> 0 | L79: =J79+K79 -> 0 | M79: ='BOLETIM DE MEDIÇÃO 05'!G71 -> 12.96 | N79: =M79-L79 -> 12.96
B80: 1.7.7 | C80: 100702 | D80: PORTA DE CORRER DE ALUMÍNIO, COM DUAS FOLHAS PARA VIDRO, INCLUSO VIDRO LISO INCOLOR, FECHADURA E PUXADOR, SEM ALIZAR. AF_12/2019 | E80: M2 | J80: ='BOLETIM DE MEDIÇÃO 05'!O72-'MEMORIAL DE CALCULO 01'!K80 -> 0 | L80: =J80+K80 -> 0 | M80: ='BOLETIM DE MEDIÇÃO 05'!G72 -> 19.96 | N80: =M80-L80 -> 19.96
B81: 1.7.8 | C81: 90831 | D81: FECHADURA DE EMBUTIR PARA PORTA DE BANHEIRO, COMPLETA, ACABAMENTO PADRÃO MÉDIO, INCLUSO EXECUÇÃO DE FURO - FORNECIMENTO E INSTALAÇÃO. AF_12/2019 | E81: UN | J81: ='BOLETIM DE MEDIÇÃO 05'!O73-'MEMORIAL DE CALCULO 01'!K81 -> 0 | L81: =J81+K81 -> 0 | M81: ='BOLETIM DE MEDIÇÃO 05'!G73 -> 8 | N81: =M81-L81 -> 8
B82: 1.8 | C82: PINTURA
B83: 1.8.1 | C83: 88485 | D83: APLICAÇÃO DE FUNDO SELADOR ACRÍLICO EM PAREDES, UMA DEMÃO. AF_06/2014 | E83: M2 | J83: ='BOLETIM DE MEDIÇÃO 05'!O75-'MEMORIAL DE CALCULO 01'!K83 -> 0 | L83: =J83+K83 -> 0 | M83: ='BOLETIM DE MEDIÇÃO 05'!G75 -> 997.11 | N83: =M83-L83 -> 997.11
B84: 1.8.2 | C84: 88495 | D84: APLICAÇÃO E LIXAMENTO DE MASSA LÁTEX EM PAREDES, UMA DEMÃO. AF_06/2014 | E84: M2 | J84: ='BOLETIM DE MEDIÇÃO 05'!O76-'MEMORIAL DE CALCULO 01'!K84 -> 0 | L84: =J84+K84 -> 0 | M84: ='BOLETIM DE MEDIÇÃO 05'!G76 -> 997.11 | N84: =M84-L84 -> 997.11
B85: 1.8.3 | C85: 88489 | D85: APLICAÇÃO MANUAL DE PINTURA COM TINTA LÁTEX ACRÍLICA EM PAREDES, DUAS DEMÃOS. AF_06/2014 | E85: M2 | J85: ='BOLETIM DE MEDIÇÃO 05'!O77-'MEMORIAL DE CALCULO 01'!K85 -> 0 | L85: =J85+K85 -> 0 | M85: ='BOLETIM DE MEDIÇÃO 05'!G77 -> 997.11 | N85: =M85-L85 -> 997.11
B86: 1.8.4 | C86: 88484 | D86: APLICAÇÃO DE FUNDO SELADOR ACRÍLICO EM TETO, UMA DEMÃO. AF_06/2014 | E86: M2 | J86: ='BOLETIM DE MEDIÇÃO 05'!O78-'MEMORIAL DE CALCULO 01'!K86 -> 0 | L86: =J86+K86 -> 0 | M86: ='BOLETIM DE MEDIÇÃO 05'!G78 -> 634.5 | N86: =M86-L86 -> 634.5
B87: 1.8.5 | C87: 88494 | D87: APLICAÇÃO E LIXAMENTO DE MASSA LÁTEX EM TETO, UMA DEMÃO. AF_06/2014 | E87: M2 | J87: ='BOLETIM DE MEDIÇÃO 05'!O79-'MEMORIAL DE CALCULO 01'!K87 -> 0 | L87: =J87+K87 -> 0 | M87: ='BOLETIM DE MEDIÇÃO 05'!G79 -> 634.5 | N87: =M87-L87 -> 634.5
B88: 1.8.6 | C88: 88488 | D88: APLICAÇÃO MANUAL DE PINTURA COM TINTA LÁTEX ACRÍLICA EM TETO, DUAS DEMÃOS. AF_06/2014 | E88: M2 | J88: ='BOLETIM DE MEDIÇÃO 05'!O80-'MEMORIAL DE CALCULO 01'!K88 -> 0 | L88: =J88+K88 -> 0 | M88: ='BOLETIM DE MEDIÇÃO 05'!G80 -> 634.5 | N88: =M88-L88 -> 634.5
B89: 1.9 | C89: REVESTIMENTOS EXTERNOS
B90: 1.9.1 | C90: 87894 | D90: CHAPISCO APLICADO EM ALVENARIA (SEM PRESENÇA DE VÃOS) E ESTRUTURAS DE CONCRETO DE FACHADA, COM COLHER DE PEDREIRO. ARGAMASSA TRAÇO 1:3 COM PREPARO EM BETONEIRA 400L. AF_10/2022 | E90: M2 | J90: ='BOLETIM DE MEDIÇÃO 05'!O82-'MEMORIAL DE CALCULO 01'!K90 -> 0 | L90: =J90+K90 -> 0 | M90: ='BOLETIM DE MEDIÇÃO 05'!G82 -> 466.37 | N90: =M90-L90 -> 466.37
B91: 1.9.2 | C91: 104233 | D91: EMBOÇO OU MASSA ÚNICA EM ARGAMASSA TRAÇO 1:2:8, PREPARO MECÂNICA COM BETONEIRA 400 L, APLICADA MANUALMENTE EM PANOS DE FACHADA SEM PRESENÇA DE VÃOS, ESPESSURA DE 25 MM, ACESSO POR ANDAIME. AF_08/2022 | E91: M2 | J91: ='BOLETIM DE MEDIÇÃO 05'!O83-'MEMORIAL DE CALCULO 01'!K91 -> 0 | L91: =J91+K91 -> 0 | M91: ='BOLETIM DE MEDIÇÃO 05'!G83 -> 466.37 | N91: =M91-L91 -> 466.37
B92: 1.9.3 | C92: composição 6 | D92: REVESTIMENTO PORCELANATO MADEIRADO PARA PAREDES COM PLACAS TIPO ESMALTADA EXTRA DE DIMENSÕES 20X120 CM [ADAPTADO SINAPI 87244] | E92: M2 | J92: ='BOLETIM DE MEDIÇÃO 05'!O84-'MEMORIAL DE CALCULO 01'!K92 -> 0 | L92: =J92+K92 -> 0 | M92: ='BOLETIM DE MEDIÇÃO 05'!G84 -> 32.5 | N92: =M92-L92 -> 32.5
B93: 1.9.4 | C93: composição 7 | D93: REVESTIMENTO PORCELANATO MARMORIZADO PARA PAREDES E PISO COM PLACAS TIPO ESMALTADA EXTRA DE DIMENSÕES 80X80 CM [ADAPTADO SINAPI 87244] | E93: M² | J93: ='BOLETIM DE MEDIÇÃO 05'!O85-'MEMORIAL DE CALCULO 01'!K93 -> 0 | L93: =J93+K93 -> 0 | M93: ='BOLETIM DE MEDIÇÃO 05'!G85 -> 29.5 | N93: =M93-L93 -> 29.5
B94: 1.9.5 | C94: 88485 | D94: APLICAÇÃO DE FUNDO SELADOR ACRÍLICO EM PAREDES, UMA DEMÃO. AF_06/2014 | E94: M2 | J94: ='BOLETIM DE MEDIÇÃO 05'!O86-'MEMORIAL DE CALCULO 01'!K94 -> 0 | L94: =J94+K94 -> 0 | M94: ='BOLETIM DE MEDIÇÃO 05'!G86 -> 404.37 | N94: =M94-L94 -> 404.37
B95: 1.9.6 | C95: 96130 | D95: APLICAÇÃO MANUAL DE MASSA ACRÍLICA EM PAREDES EXTERNAS DE CASAS, UMA DEMÃO. AF_05/2017 | E95: M2 | J95: ='BOLETIM DE MEDIÇÃO 05'!O87-'MEMORIAL DE CALCULO 01'!K95 -> 0 | L95: =J95+K95 -> 0 | M95: ='BOLETIM DE MEDIÇÃO 05'!G87 -> 404.37 | N95: =M95-L95 -> 404.37
B96: 1.9.7 | C96: 88489 | D96: APLICAÇÃO MANUAL DE PINTURA COM TINTA LÁTEX ACRÍLICA EM PAREDES, DUAS DEMÃOS. AF_06/2014 | E96: M2 | J96: ='BOLETIM DE MEDIÇÃO 05'!O88-'MEMORIAL DE CALCULO 01'!K96 -> 0 | L96: =J96+K96 -> 0 | M96: ='BOLETIM DE MEDIÇÃO 05'!G88 -> 404.37 | N96: =M96-L96 -> 404.37
B97: 1.1 | C97: INSTALAÇÃO ELÉTRICA
B98: 1.10.1 | C98: 92868 | D98: CAIXA RETANGULAR 4" X 2" MÉDIA (1,30 M DO PISO), METÁLICA, INSTALADA EM PAREDE - FORNECIMENTO E INSTALAÇÃO. AF_03/2023 | E98: UN | J98: ='BOLETIM DE MEDIÇÃO 05'!O90-'MEMORIAL DE CALCULO 01'!K98 -> 0 | L98: =J98+K98 -> 0 | M98: ='BOLETIM DE MEDIÇÃO 05'!G90 -> 117 | N98: =M98-L98 -> 117
B99: 1.10.2 | C99: 91937 | D99: CAIXA OCTOGONAL 3" X 3", PVC, INSTALADA EM LAJE - FORNECIMENTO E INSTALAÇÃO. AF_03/2023 | E99: UN | J99: ='BOLETIM DE MEDIÇÃO 05'!O91-'MEMORIAL DE CALCULO 01'!K99 -> 0 | L99: =J99+K99 -> 0 | M99: ='BOLETIM DE MEDIÇÃO 05'!G91 -> 76 | N99: =M99-L99 -> 76
B100: 1.10.3 | C100: 91924 | D100: CABO DE COBRE FLEXÍVEL ISOLADO, 1,5 MM², ANTI-CHAMA 450/750 V, PARA CIRCUITOS TERMINAIS - FORNECIMENTO E INSTALAÇÃO. AF_03/2023 | E100: M | J100: ='BOLETIM DE MEDIÇÃO 05'!O92-'MEMORIAL DE CALCULO 01'!K100 -> 0 | L100: =J100+K100 -> 0 | M100: ='BOLETIM DE MEDIÇÃO 05'!G92 -> 1253.8 | N100: =M100-L100 -> 1253.8
B101: 1.10.4 | C101: 91926 | D101: CABO DE COBRE FLEXÍVEL ISOLADO, 2,5 MM², ANTI-CHAMA 450/750 V, PARA CIRCUITOS TERMINAIS - FORNECIMENTO E INSTALAÇÃO. AF_03/2023 | E101: M | J101: ='BOLETIM DE MEDIÇÃO 05'!O93-'MEMORIAL DE CALCULO 01'!K101 -> 0 | L101: =J101+K101 -> 0 | M101: ='BOLETIM DE MEDIÇÃO 05'!G93 -> 1496.3 | N101: =M101-L101 -> 1496.3
B102: 1.10.5 | C102: 91928 | D102: CABO DE COBRE FLEXÍVEL ISOLADO, 4 MM², ANTI-CHAMA 450/750 V, PARA CIRCUITOS TERMINAIS - FORNECIMENTO E INSTALAÇÃO. AF_03/2023 | E102: M | J102: ='BOLETIM DE MEDIÇÃO 05'!O94-'MEMORIAL DE CALCULO 01'!K102 -> 0 | L102: =J102+K102 -> 0 | M102: ='BOLETIM DE MEDIÇÃO 05'!G94 -> 284.6 | N102: =M102-L102 -> 284.6
B103: 1.10.6 | C103: 91931 | D103: CABO DE COBRE FLEXÍVEL ISOLADO, 6 MM², ANTI-CHAMA 0,6/1,0 KV, PARA CIRCUITOS TERMINAIS - FORNECIMENTO E INSTALAÇÃO. AF_03/2023 | E103: M | J103: ='BOLETIM DE MEDIÇÃO 05'!O95-'MEMORIAL DE CALCULO 01'!K103 -> 0 | L103: =J103+K103 -> 0 | M103: ='BOLETIM DE MEDIÇÃO 05'!G95 -> 224 | N103: =M103-L103 -> 224
B104: 1.10.7 | C104: 39773 | D104: CAIXA DE PASSAGEM METALICA DE SOBREPOR COM TAMPA PARAFUSADA, DIMENSOES 40 X 40 X 15 CM | E104: UN | J104: ='BOLETIM DE MEDIÇÃO 05'!O96-'MEMORIAL DE CALCULO 01'!K104 -> 0 | L104: =J104+K104 -> 0 | M104: ='BOLETIM DE MEDIÇÃO 05'!G96 -> 2 | N104: =M104-L104 -> 2
...

Sheet MEMORIAL DE CALCULO 02
B2: BOLETIM DE MEDIÇÃO 02 - MEMORIAL DE CÁLCULO
B3: OBJETO: | I3: CONTRATO: | J3: VALOR CONTRATADO:
B4: CONSTRUÇÃO DA CASA DE ACOLHIMENTO PARA CRIANÇAS E ADOCESLENTES, "CASA LAR", NO MUNICÍPIO DE SOUSA/PB. | I4: 682/2023 | J4: 1240378.4
B5: EMPRESA CONTRATADA: | E5: CNPJ: | I5: CONTRATANTE:
B6: ALX CONSTRUÇÕES E LOCAÇÕES | E6: 17.490.708/0001-70 | I6: PREFEITURA MUNICIPAL DE SOUSA
B7: DATA | D7: PERÍODO DA MEDIÇÃO | E7: VALOR DA MEDIÇÃO: | H7: VALOR ACUMULADO ANTERIOR: | J7: MEDIÇÃO:
B8: 45291 | D8: 22/12/2023 a 31/01/2024 | E8: ='BOLETIM DE MEDIÇÃO 05'!E8 -> 103177.49 | H8: ='BOLETIM DE MEDIÇÃO 05'!H8 -> 274592.68 | J8: 02
B10: ITEM | C10: CÓDIGO | D10: DESCRIÇÃO | E10: UND | F10: VEZ | G10: DADOS | J10: RESULTADO
G11: L | H11: C | I11: H | J11: ACUMULADO ANTERIOR | K11: PARCIAL | L11: TOTAL | M11: CONTRATADO | N11: SALDO
B12: 1 | C12: CONSTRUÇÃO DA CASA DE ACOLHIMENTO PARA CRIANÇAS E ADOLESCENTES - CASA LAR, NO MUNICÍPIO DE SOUSA - PB
B13: 1.1 | C13: SERVIÇOS PRELIMINARES
B14: 1.1.1 | C14: composição 1 | D14: PLACA DE OBRA EM CHAPA DE ACO GALVANIZADO [ADAPTADO SINAPI 74209/01] | E14: M2 | F14: 1 | G14: 2 | I14: 3 | J14: ='BOLETIM DE MEDIÇÃO 05'!O14-'MEMORIAL DE CALCULO 02'!K14 -> 0 | K14: =G14*I14*F14 -> 6 | L14: =J14+K14 -> 6 | M14: ='BOLETIM DE MEDIÇÃO 05'!G14 -> 6 | N14: =M14-L14 -> 0
B15: 1.1.2 | C15: 93209 | D15: EXECUÇÃO DE ALMOXARIFADO EM CANTEIRO DE OBRA EM ALVENARIA, INCLUSO PRATELEIRAS. AF_02/2016 | E15: M2 | F15: 1 | G15: 1 | H15: 2.75 | J15: ='BOLETIM DE MEDIÇÃO 05'!O15-'MEMORIAL DE CALCULO 02'!K15 -> 2.25 | K15: =F15*G15*H15 -> 2.75 | L15: =J15+K15 -> 5 | M15: ='BOLETIM DE MEDIÇÃO 05'!G15 -> 5 | N15: =M15-L15 -> 0
B16: 1.1.3 | C16: 93206 | D16: EXECUÇÃO DE ESCRITÓRIO EM CANTEIRO DE OBRA EM ALVENARIA, NÃO INCLUSO MOBILIÁRIO E EQUIPAMENTOS. AF_02/2016 | E16: M2 | F16: 1 | G16: 1 | H16: 2.75 | J16: ='BOLETIM DE MEDIÇÃO 05'!O16-'MEMORIAL DE CALCULO 02'!K16 -> 2.25 | K16: =F16*G16*H16 -> 2.75 | L16: =J16+K16 -> 5 | M16: ='BOLETIM DE MEDIÇÃO 05'!G16 -> 5 | N16: =M16-L16 -> 0
B17: 1.1.4 | C17: composição 11 | D17: Tapume em chapa compensada esp = 10mm (1 uso). [ADAPTADO ORSE 53] | E17: M2 | J17: ='BOLETIM DE MEDIÇÃO 05'!O17-'MEMORIAL DE CALCULO 02'!K17 -> 258.4 | K17: =K18 -> 19 | L17: =J17+K17 -> 277.4 | M17: ='BOLETIM DE MEDIÇÃO 05'!G17 -> 277.4 | N17: =M17-L17 -> 0
D18: PERÍMETRO DA INTERVENÇÃO | F18: 1 | G18: 9.5 | I18: 2 | K18: =F18*(G18*I18) -> 19
B19: 1.1.5 | C19: 98524 | D19: LIMPEZA MANUAL DE VEGETAÇÃO EM TERRENO COM ENXADA.AF_05/2018 | E19: M2 | J19: ='BOLETIM DE MEDIÇÃO 05'!O18-'MEMORIAL DE CALCULO 02'!K19 -> 0 | K19: =K20 -> 0 | L19: =J19+K19 -> 0 | M19: ='BOLETIM DE MEDIÇÃO 05'!G18 -> 1430.2 | N19: =M19-L19 -> 1430.2
D20: ÁREA DA INTERVENÇÃO | F20: 0 | G20: 1430.2 | K20: =F20*G20 -> 0
B21: 1.1.6 | C21: 100575 | D21: REGULARIZAÇÃO DE SUPERFÍCIES COM MOTONIVELADORA. AF_11/2019 | E21: M2 | J21: ='BOLETIM DE MEDIÇÃO 05'!O19-'MEMORIAL DE CALCULO 02'!K21 -> 0 | K21: =K22 -> 0 | L21: =J21+K21 -> 0 | M21: ='BOLETIM DE MEDIÇÃO 05'!G19 -> 1430.2 | N21: =M21-L21 -> 1430.2
D22: ÁREA DA INTERVENÇÃO | F22: 0 | G22: 1430.2 | K22: =F22*G22 -> 0
B23: 1.2 | C23: MOVIMENTO DE TERRA
B24: 1.2.1 | C24: 99059 | D24: LOCACAO CONVENCIONAL DE OBRA, UTILIZANDO GABARITO DE TÁBUAS CORRIDAS PONTALETADAS A CADA 2,00M - 2 UTILIZAÇÕES. AF_10/2018 | E24: M | F24: 1 | G24: 137.5 | J24: ='BOLETIM DE MEDIÇÃO 05'!O21-'MEMORIAL DE CALCULO 02'!K24 -> 0 | K24: =F24*G24 -> 137.5 | L24: =J24+K24 -> 137.5 | M24: ='BOLETIM DE MEDIÇÃO 05'!G21 -> 137.5 | N24: =M24-L24 -> 0
B25: 1.2.2 | C25: 93358 | D25: ESCAVAÇÃO MANUAL DE VALA COM PROFUNDIDADE MENOR OU IGUAL A 1,30 M. AF_02/2021 | E25: M3 | J25: ='BOLETIM DE MEDIÇÃO 05'!O22-'MEMORIAL DE CALCULO 02'!K25 -> 83.97925 | K25: =SUM(K35:K41) -> 1.20537 | L25: =J25+K25 -> 85.18462 | M25: ='BOLETIM DE MEDIÇÃO 05'!G22 -> 89.01 | N25: =M25-L25 -> 3.82538
D26: SAPATAS
D27: S46=S52=S53=S54=S55=S56=S57=S58=S59=S60=S61=S62=S63=S64=S65=S66=S68=S69=S70=S71=S72=S74=S76=S77=S78=S79=S80=S84=S85=S86=S87=S88 | F27: 0 | G27: 0.6 | H27: 0.7 | I27: 1.85 | K27: =F27*(G27*H27*I27) -> 0
D28: S1=S2=S3=S4=S6=S8=S9=S10=S11=S12=S13=S14=S15=S16=S17=S21=S22=S23=S24=S25=S26=S27=S28=S29=S30=S31=S32=S36=S37=S38=S39=S40=S41=S42=S43=S44=S47=S48=S49=S50=S51 | F28: 0 | G28: 0.6 | H28: 0.7 | I28: 1.85 | K28: =F28*(G28*H28*I28) -> 0
D29: S33 | F29: 0 | G29: 0.6 | H29: 0.8 | I29: 1.85 | K29: =F29*(G29*H29*I29) -> 0
D30: S7=S83 | F30: 0 | G30: 0.9 | H30: 0.9 | I30: 1.85 | K30: =F30*(G30*H30*I30) -> 0
D31: S5=S18=S19=S20=S35=S45=S75 | F31: 0 | G31: 0.65 | H31: 0.65 | I31: 1.85 | K31: =F31*(G31*H31*I31) -> 0
D32: S34=S67=S73 | F32: 0 | G32: 0.65 | H32: 0.75 | I32: 1.85 | K32: =F32*(G32*H32*I32) -> 0
D33: S81=S82 | F33: 0 | G33: 0.55 | H33: 0.95 | I33: 1.85 | K33: =F33*(G33*H33*I33) -> 0
D34: VIGAS BALDRAME
D35: V22 | F35: 1 | G35: 4.758 | H35: 0.15 | I35: 0.3 | K35: =F35*G35*H35*I35 -> 0.21411
D36: V51 | F36: 1 | G36: 3.097 | H36: 0.15 | I36: 0.3 | K36: =F36*G36*H36*I36 -> 0.139365
D37: V46 | F37: 1 | G37: 3.047 | H37: 0.15 | I37: 0.3 | K37: =F37*G37*H37*I37 -> 0.137115
D38: V55 | F38: 1 | G38: 5.109 | H38: 0.15 | I38: 0.3 | K38: =F38*G38*H38*I38 -> 0.229905
D39: V20 | F39: 1 | G39: 2.564 | H39: 0.15 | I39: 0.3 | K39: =F39*G39*H39*I39 -> 0.11538
D40: V21 | F40: 1 | G40: 1.678 | H40: 0.15 | I40: 0.3 | K40: =F40*G40*H40*I40 -> 0.07551
D41: V19 | F41: 1 | G41: 6.533 | H41: 0.15 | I41: 0.3 | K41: =F41*G41*H41*I41 -> 0.293985
B48: 1.2.3 | C48: 96995 | D48: REATERRO MANUAL APILOADO COM SOQUETE. AF_10/2017 | E48: M3 | J48: ='BOLETIM DE MEDIÇÃO 05'!O23-'MEMORIAL DE CALCULO 02'!K48 -> 43.05 | L48: =J48+K48 -> 43.05 | M48: ='BOLETIM DE MEDIÇÃO 05'!G23 -> 44.26 | N48: =M48-L48 -> 1.21
D49: VOLUME DE ESCAVAÇÃO - VOLUME DE CONCRETO DA FUNDAÇÃO
D50: VOLUME DE ESCAVAÇÃO (SAPATAS + BALDRAME) | F50: 1 | G50: =L25 -> 85.18462
D51: VOLUME DE CONTRETO (SAPATAS + BALDRAME) | F51: 1
B52: 1.2.4 | C52: 94319 | D52: ATERRO MANUAL DE VALAS COM SOLO ARGILO-ARENOSO E COMPACTAÇÃO MECANIZADA. AF_05/2016 | E52: M3 | J52: ='BOLETIM DE MEDIÇÃO 05'!O24-'MEMORIAL DE CALCULO 02'!K52 -> 0 | L52: =J52+K52 -> 0 | M52: ='BOLETIM DE MEDIÇÃO 05'!G24 -> 93.63 | N52: =M52-L52 -> 93.63
B53: 1.3 | C53: FUNDAÇÃO
B54: 1.3.1 | C54: composição 12 | D54: ALVENARIA DE EMBASAMENTO COM BLOCO CERÂMICO DE 9X14X19CM E ARGAMASSA DE ASSENTAMENTO COM PREPARO EM BETONEIRA. AF_05/2020. [ADAPTADO SINAPI 101166] | E54: M3 | G54: ALVENARIA DE EMBASAMENTO (CÁLCULO CONSIDERANDO O VOLUME PRISMÁTICO DE CADA SEÇÃO) | J54: ='BOLETIM DE MEDIÇÃO 05'!O26-'MEMORIAL DE CALCULO 02'!K54 -> 6.642 | K54: =SUM(K56:K71) -> 7.34341 | L54: =J54+K54 -> 13.98541 | M54: ='BOLETIM DE MEDIÇÃO 05'!G26 -> 13.99 | N54: =M54-L54 -> 0.00459
D55: BALDRAMES | G55: COMPRIMENTO DA SEÇÃO (M) | H55: LARGURA (M) | I55: (ALTURAS DAS EXTREMIDADES DAS SEÇÕES) (M)
D56: V22 (P86 ATÉ P87) | G56: 4.758 | H56: 0.2 | I56: 0.62; 0.62 | K56: =(0.62*G56)*H56 -> 0.589992
D57: V51 (P87 ATÉ P85) | G57: 3.097 | H57: 0.2 | I57: 0.62; 0.35 | K57: =(((0.62+0.35)/2)*G57)*H57 -> 0.300409
D58: V46 (P86 ATÉ P83) | G58: 3.047 | H58: 0.2 | I58: 0.62; 0.35 | K58: =(((0.62+0.35)/2)*G58)*H58 -> 0.295559
D59: V55 (ENGASTADA NA VV46 E V51) | G59: 5.109 | H59: 0.2 | I59: 0.62; 0.62 | K59: =(((0.62+0.35)/2)*G59)*H59 -> 0.495573
D60: V20 (P83 ATÉ P84) | G60: 2.564 | H60: 0.2 | I60: 0.35; 0.35 | K60: =(0.35*G60)*H60 -> 0.17948
D61: V21 (P84 ATÉ P85) | G61: 1.678 | H61: 0.2 | I61: 0.35; 0.35 | K61: =(0.35*G61)*H61 -> 0.11746
D62: V19 (P81 ATÉ P82) | G62: 6.533 | H62: 0.2 | I62: 0.41; 0.58 | K62: =(((0.41+0.58)/2)*G62)*H62 -> 0.646767
D63: V23 (P78 ATÉ P43) | G63: 12.68 | H63: 0.2 | I63: 0.56; 0.52 | K63: =(((0.56+0.52)/2)*G63)*H63 -> 1.36944
D64: V12 (P43 ATÉ P44) | G64: 1.85 | H64: 0.2 | I64: 0.52; 0.48 | K64: =(((0.52+0.48)/2)*G64)*H64 -> 0.185
D65: V24 (P44 ATÉ P22) | G65: 9.46 | H65: 0.2 | I65: 0.48; 0.55 | K65: =(((0.48+0.55)/2)*G65)*H65 -> 0.97438
D66: V5 (P22 ATÉ P23) | G66: 2.33 | H66: 0.2 | I66: 0.55; 0.55 | K66: =(0.55*G66)*H66 -> 0.2563
D67: V27 (P23 ATÉ P2) | G67: 9.79 | H67: 0.2 | I67: 0.55; 0.62 | K67: =(((0.55+0.52)/2)*G67)*H67 -> 1.04753
D68: V1 (P1 ATÉ P2) | G68: 2.38 | H68: 0.2 | I68: 0.62; 0.62 | K68: =(0.55*G68)*H68 -> 0.2618
D69: V25 (P1 ATÉ P8) | G69: 2.65 | H69: 0.2 | I69: 0.62; 0.62 | K69: =(0.62*G69)*H69 -> 0.3286
D70: V02 | G70: 2.38 | H70: 0.2 | I70: 0.62; 0.62 | K70: =(0.62*G70)*H70 -> 0.29512
B72: 1.3.2 | C72: 101616 | D72: PREPARO DE FUNDO DE VALA COM LARGURA MENOR QUE 1,5 M (ACERTO DO SOLO NATURAL). AF_08/2020 | E72: M2 | J72: ='BOLETIM DE MEDIÇÃO 05'!O27-'MEMORIAL DE CALCULO 02'!K72 -> 0.005 | K72: =SUM(K74:K80) -> 37.805 | L72: =J72+K72 -> 37.81 | M72: ='BOLETIM DE MEDIÇÃO 05'!G27 -> 37.81 | N72: =M72-L72 -> 0
D73: SAPATAS
D74: S46=S52=S53=S54=S55=S56=S57=S58=S59=S60=S61=S62=S63=S64=S65=S66=S68=S69=S70=S71=S72=S74=S76=S77=S78=S79=S80=S84=S85=S86=S87=S88 | F74: 32 | G74: 0.6 | H74: 0.7 | K74: =F74*(G74*H74) -> 13.44
D75: S1=S2=S3=S4=S6=S8=S9=S10=S11=S12=S13=S14=S15=S16=S17=S21=S22=S23=S24=S25=S26=S27=S28=S29=S30=S31=S32=S36=S37=S38=S39=S40=S41=S42=S43=S44=S47=S48=S49=S50=S51 | F75: 40 | G75: 0.6 | H75: 0.7 | K75: =F75*(G75*H75) -> 16.8
D76: S33 | F76: 1 | G76: 0.6 | H76: 0.8 | K76: =F76*(G76*H76) -> 0.48
D77: S7=S83 | F77: 2 | G77: 0.9 | H77: 0.9 | K77: =F77*(G77*H77) -> 1.62
D78: S5=S18=S19=S20=S35=S45=S75 | F78: 7 | G78: 0.65 | H78: 0.65 | K78: =F78*(G78*H78) -> 2.9575
D79: S34=S67=S73 | F79: 3 | G79: 0.65 | H79: 0.75 | K79: =F79*(G79*H79) -> 1.4625
D80: S81=S82 | F80: 2 | G80: 0.55 | H80: 0.95 | K80: =F80*(G80*H80) -> 1.045
B81: 1.3.3 | C81: 96619 | D81: LASTRO DE CONCRETO MAGRO, APLICADO EM BLOCOS DE COROAMENTO OU SAPATAS, ESPESSURA DE 5 CM. AF_08/2017 | E81: M2 | J81: ='BOLETIM DE MEDIÇÃO 05'!O28-'MEMORIAL DE CALCULO 02'!K81 -> 0.005 | K81: =SUM(K83:K89) -> 37.805 | L81: =J81+K81 -> 37.81 | M81: ='BOLETIM DE MEDIÇÃO 05'!G28 -> 77.41 | N81: =M81-L81 -> 39.6
D82: SAPATAS
D83: S46=S52=S53=S54=S55=S56=S57=S58=S59=S60=S61=S62=S63=S64=S65=S66=S68=S69=S70=S71=S72=S74=S76=S77=S78=S79=S80=S84=S85=S86=S87=S88 | F83: 32 | G83: 0.6 | H83: 0.7 | K83: =F83*(G83*H83) -> 13.44
D84: S1=S2=S3=S4=S6=S8=S9=S10=S11=S12=S13=S14=S15=S16=S17=S21=S22=S23=S24=S25=S26=S27=S28=S29=S30=S31=S32=S36=S37=S38=S39=S40=S41=S42=S43=S44=S47=S48=S49=S50=S51 | F84: 40 | G84: 0.6 | H84: 0.7 | K84: =F84*(G84*H84) -> 16.8
D85: S33 | F85: 1 | G85: 0.6 | H85: 0.8 | K85: =F85*(G85*H85) -> 0.48
D86: S7=S83 | F86: 2 | G86: 0.9 | H86: 0.9 | K86: =F86*(G86*H86) -> 1.62
D87: S5=S18=S19=S20=S35=S45=S75 | F87: 7 | G87: 0.65 | H87: 0.65 | K87: =F87*(G87*H87) -> 2.9575
D88: S34=S67=S73 | F88: 3 | G88: 0.65 | H88: 0.75 | K88: =F88*(G88*H88) -> 1.4625
D89: S81=S82 | F89: 2 | G89: 0.55 | H89: 0.95 | K89: =F89*(G89*H89) -> 1.045
B90: 1.3.4 | C90: 96545 | D90: ARMAÇÃO DE BLOCO, VIGA BALDRAME OU SAPATA UTILIZANDO AÇO CA-50 DE 8 MM - MONTAGEM. AF_06/2017 | E90: KG | J90: ='BOLETIM DE MEDIÇÃO 05'!O29-'MEMORIAL DE CALCULO 02'!K90 -> 492.7794 | K90: =SUM(K92:K98) -> 44.52045 | L90: =J90+K90 -> 537.29985 | M90: ='BOLETIM DE MEDIÇÃO 05'!G29 -> 537.3 | N90: =M90-L90 -> 0.00015
D91: BALDRAMES | G91: N° DE BARRAS E COMPRIMENTO | I91: PESO ESPECÍFICO (KG/M)
D92: V22 | F92: 1 | G92: =(2*1.31) + (2*1.51) + (2*4.98) -> 15.6 | I92: 0.395 | K92: =F92*G92*I92 -> 6.162
D93: V51 | F93: 1 | G93: =(3*3.37) + (1.37) + (2*3.47) -> 18.42 | I93: 0.395 | K93: =F93*G93*I93 -> 7.2759
D94: V46 | F94: 1 | G94: =(1.87) + (2*3.62) -> 9.11 | I94: 0.395 | K94: =F94*G94*I94 -> 3.59845
D95: V55 | F95: 1 | G95: =(4*0.88) + (2*3.36) + (2*5.03) -> 20.3 | I95: 0.395 | K95: =F95*G95*I95 -> 8.0185
D96: V20 | F96: 1 | G96: =(2*3.18) + (2*3.18) -> 12.72 | I96: 0.395 | K96: =F96*G96*I96 -> 5.0244
D97: V21 | F97: 1 | G97: =(4*2.15) -> 8.6 | I97: 0.395 | K97: =F97*G97*I97 -> 3.397
D98: V19 | F98: 1 | G98: =(4*6.99) -> 27.96 | I98: 0.395 | K98: =F98*G98*I98 -> 11.0442
B99: 1.3.5 | C99: 94966 | D99: CONCRETO FCK = 30MPA, TRAÇO 1:2,1:2,5 (EM MASSA SECA DE CIMENTO/ AREIA MÉDIA/ BRITA 1) - PREPARO MECÂNICO COM BETONEIRA 400 L. AF_05/2021 | E99: M3 | J99: ='BOLETIM DE MEDIÇÃO 05'!O30-'MEMORIAL DE CALCULO 02'!K99 -> 12.74692 | K99: =SUM(K101:K147) -> 8.413055 | L99: =J99+K99 -> 21.159975 | M99: ='BOLETIM DE MEDIÇÃO 05'!G30 -> 21.16 | N99: =M99-L99 -> 2.5e-05
D100: SAPATAS
D101: S46=S52=S53=S54=S55=S56=S57=S58=S59=S60=S61=S62=S63=S64=S65=S66=S68=S69=S70=S71=S72=S74=S76=S77=S78=S79=S80=S84=S85=S86=S87=S88 | F101: 32 | G101: 0.6 | H101: 0.7 | I101: 0.25 | K101: =F101*(G101*H101*I101) -> 3.36
D102: S1=S2=S3=S4=S6=S8=S9=S10=S11=S12=S13=S14=S15=S16=S17=S21=S22=S23=S24=S25=S26=S27=S28=S29=S30=S31=S32=S36=S37=S38=S39=S40=S41=S42=S43=S44=S47=S48=S49=S50=S51 | F102: 41 | G102: 0.6 | H102: 0.7 | I102: 0.25 | K102: =F102*(G102*H102*I102) -> 4.305
D103: S33 | F103: 1 | G103: 0.6 | H103: 0.8 | I103: 0.25 | K103: =F103*(G103*H103*I103) -> 0.12
D104: S7=S83 | F104: 2 | G104: 0.9 | H104: 0.9 | I104: 0.25 | K104: =F104*(G104*H104*I104) -> 0.405
D105: S5=S18=S19=S20=S35=S45=S75 | F105: 7 | G105: 0.65 | H105: 0.65 | I105: 0.25 | K105: =F105*(G105*H105*I105) -> 0.739375
D106: S34=S67=S73 | F106: 3 | G106: 0.65 | H106: 0.75 | I106: 0.25 | K106: =F106*(G106*H106*I106) -> 0.365625
D107: S81=S82 | F107: 2 | G107: 0.55 | H107: 0.95 | I107: 0.25 | K107: =F107*(G107*H107*I107) -> 0.26125
D108: SAPATAS (TOCOS DE PILARES) | G108: DIMENSÕES DOS PILARES (M) (LARGURA E COMPRIMENTO) | I108: ALTURA (M)
D109: P87, P86 (NIVEL ABAIXO DA VIGA BALDRAME) | F109: 1 | G109: (0.15 + 0.25) | I109: 1.85 | K109: =(0.15*0.25)*I109*2 -> 0.13875
...

Sheet MEMORIAL FOTOGRÁFICO 01
B2: BOLETIM 01 - MEMORIAL FOTOGRÁFICO
B3: OBJETO: | O3: CONTRATO: | P3: LICITAÇÃO Nº: | Q3: VALOR CONTRATADO:
B4: CONSTRUÇÃO DA CASA DE ACOLHIMENTO PARA CRIANÇAS E ADOCESLENTES, "CASA LAR", NO MUNICÍPIO DE SOUSA/PB. | O4: 682/2023 | P4: 03/2023 | Q4: 1240378.4
B5: EMPRESA CONTRATADA: | E5: CNPJ: | O5: CONTRATANTE:
B6: ALX CONSTRUÇÕES E LOCAÇÕES | E6: 17.490.708/0001-70 | O6: PREFEITURA MUNICIPAL DE SOUSA
B7: DATA | D7: PERÍODO DA MEDIÇÃO | E7: VALOR DA MEDIÇÃO: | H7: VALOR ACUMULADO ANTERIOR: | J7: VALOR ACUMULADO ANTERIOR: | Q7: MEDIÇÃO:
B8: 45281 | D8: 21/11/2023 a 21/12/2023 | E8: ='BOLETIM DE MEDIÇÃO 05'!E8 -> 103177.49 | H8: ='BOLETIM DE MEDIÇÃO 05'!H8 -> 274592.68 | Q8: 01
B10: FOTOGRAFIAS

Sheet MEMORIAL FOTOGRÁFICO 02
B2: BOLETIM 02 - MEMORIAL FOTOGRÁFICO
B3: OBJETO: | O3: CONTRATO: | P3: LICITAÇÃO Nº: | Q3: VALOR CONTRATADO:
B4: CONSTRUÇÃO DA CASA DE ACOLHIMENTO PARA CRIANÇAS E ADOCESLENTES, "CASA LAR", NO MUNICÍPIO DE SOUSA/PB. | O4: 682/2023 | P4: 03/2023 | Q4: 1240378.4
B5: EMPRESA CONTRATADA: | E5: CNPJ: | O5: CONTRATANTE:
B6: ALX CONSTRUÇÕES E LOCAÇÕES | E6: 17.490.708/0001-70 | O6: PREFEITURA MUNICIPAL DE SOUSA
B7: DATA | D7: PERÍODO DA MEDIÇÃO | E7: VALOR DA MEDIÇÃO: | H7: VALOR ACUMULADO ANTERIOR: | J7: VALOR ACUMULADO ANTERIOR: | Q7: MEDIÇÃO:
B8: 45291 | D8: 22/12/2023 a 31/01/2024 | E8: ='BOLETIM DE MEDIÇÃO 05'!E8 -> 103177.49 | H8: ='BOLETIM DE MEDIÇÃO 05'!H8 -> 274592.68 | Q8: 02
B10: FOTOGRAFIAS

Sheet MEMORIAL DE CALCULO 03
B2: BOLETIM DE MEDIÇÃO 03 - MEMORIAL DE CÁLCULO
B3: OBJETO: | I3: CONTRATO: | J3: VALOR CONTRATADO:
B4: CONSTRUÇÃO DA CASA DE ACOLHIMENTO PARA CRIANÇAS E ADOCESLENTES, "CASA LAR", NO MUNICÍPIO DE SOUSA/PB. | I4: 682/2023 | J4: 1240378.4
B5: EMPRESA CONTRATADA: | E5: CNPJ: | I5: CONTRATANTE:
B6: ALX CONSTRUÇÕES E LOCAÇÕES | E6: 17.490.708/0001-70 | I6: PREFEITURA MUNICIPAL DE SOUSA
B7: DATA | D7: PERÍODO DA MEDIÇÃO | E7: VALOR DA MEDIÇÃO: | H7: VALOR ACUMULADO ANTERIOR: | J7: MEDIÇÃO:
B8: 45352 | D8: 31/01/2024 a 01/03/2024 | E8: ='BOLETIM DE MEDIÇÃO 05'!E8 -> 103177.49 | H8: ='BOLETIM DE MEDIÇÃO 05'!H8 -> 274592.68 | J8: 03
B10: ITEM | C10: CÓDIGO | D10: DESCRIÇÃO | E10: UND | F10: VEZ | G10: DADOS | J10: RESULTADO
G11: L | H11: C | I11: H | J11: ACUMULADO ANTERIOR | K11: PARCIAL | L11: TOTAL | M11: CONTRATADO | N11: SALDO
B12: 1 | C12: CONSTRUÇÃO DA CASA DE ACOLHIMENTO PARA CRIANÇAS E ADOLESCENTES - CASA LAR, NO MUNICÍPIO DE SOUSA - PB
B13: 1.1 | C13: SERVIÇOS PRELIMINARES
B14: 1.1.1 | C14: composição 1 | D14: PLACA DE OBRA EM CHAPA DE ACO GALVANIZADO [ADAPTADO SINAPI 74209/01] | E14: M2 | F14: 1 | G14: 2 | I14: 3 | J14: ='BOLETIM DE MEDIÇÃO 05'!O14-'MEMORIAL DE CALCULO 03'!K14 -> 0 | K14: =G14*I14*F14 -> 6 | L14: =J14+K14 -> 6 | M14: ='BOLETIM DE MEDIÇÃO 05'!G14 -> 6 | N14: =M14-L14 -> 0
B15: 1.1.2 | C15: 93209 | D15: EXECUÇÃO DE ALMOXARIFADO EM CANTEIRO DE OBRA EM ALVENARIA, INCLUSO PRATELEIRAS. AF_02/2016 | E15: M2 | F15: 1 | G15: 1 | H15: 2.75 | J15: ='BOLETIM DE MEDIÇÃO 05'!O15-'MEMORIAL DE CALCULO 03'!K15 -> 2.25 | K15: =F15*G15*H15 -> 2.75 | L15: =J15+K15 -> 5 | M15: ='BOLETIM DE MEDIÇÃO 05'!G15 -> 5 | N15: =M15-L15 -> 0
B16: 1.1.3 | C16: 93206 | D16: EXECUÇÃO DE ESCRITÓRIO EM CANTEIRO DE OBRA EM ALVENARIA, NÃO INCLUSO MOBILIÁRIO E EQUIPAMENTOS. AF_02/2016 | E16: M2 | F16: 1 | G16: 1 | H16: 2.75 | J16: ='BOLETIM DE MEDIÇÃO 05'!O16-'MEMORIAL DE CALCULO 03'!K16 -> 2.25 | K16: =F16*G16*H16 -> 2.75 | L16: =J16+K16 -> 5 | M16: ='BOLETIM DE MEDIÇÃO 05'!G16 -> 5 | N16: =M16-L16 -> 0
B17: 1.1.4 | C17: composição 11 | D17: Tapume em chapa compensada esp = 10mm (1 uso). [ADAPTADO ORSE 53] | E17: M2 | J17: ='BOLETIM DE MEDIÇÃO 05'!O17-'MEMORIAL DE CALCULO 03'!K17 -> 258.4 | K17: =K18 -> 19 | L17: =J17+K17 -> 277.4 | M17: ='BOLETIM DE MEDIÇÃO 05'!G17 -> 277.4 | N17: =M17-L17 -> 0
D18: PERÍMETRO DA INTERVENÇÃO | F18: 1 | G18: 9.5 | I18: 2 | K18: =F18*(G18*I18) -> 19
B19: 1.1.5 | C19: 98524 | D19: LIMPEZA MANUAL DE VEGETAÇÃO EM TERRENO COM ENXADA.AF_05/2018 | E19: M2 | J19: ='BOLETIM DE MEDIÇÃO 05'!O18-'MEMORIAL DE CALCULO 03'!K19 -> 0 | K19: =K20 -> 0 | L19: =J19+K19 -> 0 | M19: ='BOLETIM DE MEDIÇÃO 05'!G18 -> 1430.2 | N19: =M19-L19 -> 1430.2
D20: ÁREA DA INTERVENÇÃO | F20: 0 | G20: 1430.2 | K20: =F20*G20 -> 0
B21: 1.1.6 | C21: 100575 | D21: REGULARIZAÇÃO DE SUPERFÍCIES COM MOTONIVELADORA. AF_11/2019 | E21: M2 | J21: ='BOLETIM DE MEDIÇÃO 05'!O19-'MEMORIAL DE CALCULO 03'!K21 -> 0 | K21: =K22 -> 0 | L21: =J21+K21 -> 0 | M21: ='BOLETIM DE MEDIÇÃO 05'!G19 -> 1430.2 | N21: =M21-L21 -> 1430.2
D22: ÁREA DA INTERVENÇÃO | F22: 0 | G22: 1430.2 | K22: =F22*G22 -> 0
B23: 1.2 | C23: MOVIMENTO DE TERRA
B24: 1.2.1 | C24: 99059 | D24: LOCACAO CONVENCIONAL DE OBRA, UTILIZANDO GABARITO DE TÁBUAS CORRIDAS PONTALETADAS A CADA 2,00M - 2 UTILIZAÇÕES. AF_10/2018 | E24: M | F24: 1 | G24: 137.5 | J24: ='BOLETIM DE MEDIÇÃO 05'!O21-'MEMORIAL DE CALCULO 03'!K24 -> 0 | K24: =F24*G24 -> 137.5 | L24: =J24+K24 -> 137.5 | M24: ='BOLETIM DE MEDIÇÃO 05'!G21 -> 137.5 | N24: =M24-L24 -> 0
B25: 1.2.2 | C25: 93358 | D25: ESCAVAÇÃO MANUAL DE VALA COM PROFUNDIDADE MENOR OU IGUAL A 1,30 M. AF_02/2021 | E25: M3 | J25: ='BOLETIM DE MEDIÇÃO 05'!O22-'MEMORIAL DE CALCULO 03'!K25 -> 71.14462 | K25: =F34*(G34*H34*I34) -> 14.04 | L25: =J25+K25 -> 85.18462 | M25: ='BOLETIM DE MEDIÇÃO 05'!G22 -> 89.01 | N25: =M25-L25 -> 3.82538
D26: SAPATAS
D27: S46=S52=S53=S54=S55=S56=S57=S58=S59=S60=S61=S62=S63=S64=S65=S66=S68=S69=S70=S71=S72=S74=S76=S77=S78=S79=S80=S84=S85=S86=S87=S88 | F27: 0 | G27: 0.6 | H27: 0.7 | I27: 1.85 | K27: =F27*(G27*H27*I27) -> 0
D28: S1=S2=S3=S4=S6=S8=S9=S10=S11=S12=S13=S14=S15=S16=S17=S21=S22=S23=S24=S25=S26=S27=S28=S29=S30=S31=S32=S36=S37=S38=S39=S40=S41=S42=S43=S44=S47=S48=S49=S50=S51 | F28: 0 | G28: 0.6 | H28: 0.7 | I28: 1.85 | K28: =F28*(G28*H28*I28) -> 0
D29: S33 | F29: 0 | G29: 0.6 | H29: 0.8 | I29: 1.85 | K29: =F29*(G29*H29*I29) -> 0
D30: S7=S83 | F30: 0 | G30: 0.9 | H30: 0.9 | I30: 1.85 | K30: =F30*(G30*H30*I30) -> 0
D31: S5=S18=S19=S20=S35=S45=S75 | F31: 0 | G31: 0.65 | H31: 0.65 | I31: 1.85 | K31: =F31*(G31*H31*I31) -> 0
D32: S34=S67=S73 | F32: 0 | G32: 0.65 | H32: 0.75 | I32: 1.85 | K32: =F32*(G32*H32*I32) -> 0
D33: S81=S82 | F33: 0 | G33: 0.55 | H33: 0.95 | I33: 1.85 | K33: =F33*(G33*H33*I33) -> 0
D34: VIGAS BALDRAME | F34: 1 | G34: 312 | H34: 0.15 | I34: 0.3 | K34: =F34*(G34*H34*I34) -> 14.04
D35: V22 | F35: 1 | G35: 4.758 | H35: 0.15 | I35: 0.3 | K35: =F35*G35*H35*I35 -> 0.21411
D36: V51 | F36: 1 | G36: 3.097 | H36: 0.15 | I36: 0.3 | K36: =F36*G36*H36*I36 -> 0.139365
D37: V46 | F37: 1 | G37: 3.047 | H37: 0.15 | I37: 0.3 | K37: =F37*G37*H37*I37 -> 0.137115
D38: V55 | F38: 1 | G38: 5.109 | H38: 0.15 | I38: 0.3 | K38: =F38*G38*H38*I38 -> 0.229905
D39: V20 | F39: 1 | G39: 2.564 | H39: 0.15 | I39: 0.3 | K39: =F39*G39*H39*I39 -> 0.11538
D40: V21 | F40: 1 | G40: 1.678 | H40: 0.15 | I40: 0.3 | K40: =F40*G40*H40*I40 -> 0.07551
D41: V19 | F41: 1 | G41: 6.533 | H41: 0.15 | I41: 0.3 | K41: =F41*G41*H41*I41 -> 0.293985
D42: V17 | F42: 1 | G42: 15.175 | H42: 0.15 | I42: 0.3 | K42: =F42*G42*H42*I42 -> 0.682875
D43: V52 | F43: 1 | G43: 11 | H43: 0.15 | I43: 0.3 | K43: =F43*G43*H43*I43 -> 0.495
D44: V50 | F44: 1 | G44: 1.9 | H44: 0.15 | I44: 0.3 | K44: =F44*G44*H44*I44 -> 0.0855
D45: V16 | F45: 1 | G45: 6.38 | H45: 0.15 | I45: 0.3 | K45: =F45*G45*H45*I45 -> 0.2871
D46: V42 | F46: 1 | G46: 8.31 | H46: 0.15 | I46: 0.3 | K46: =F46*G46*H46*I46 -> 0.37395
... D67: V45 | F67: 1 | G67: 2.69 | H67: 0.15 | I67: 0.3 | K67: =F67*G67*H67*I67 -> 0.12105
B68: 1.2.3 | C68: 96995 | D68: REATERRO MANUAL APILOADO COM SOQUETE. AF_10/2017 | E68: M3 | J68: ='BOLETIM DE MEDIÇÃO 05'!I22 -> 1.20537 | K68: =G70*F70 -> 43.05 | L68: =J68+K68 -> 44.25537 | M68: ='BOLETIM DE MEDIÇÃO 05'!G23 -> 44.26 | N68: =M68-L68 -> 0.00463
D69: VOLUME DE ESCAVAÇÃO - VOLUME DE CONCRETO DA FUNDAÇÃO
D70: VOLUME DE ESCAVAÇÃO (SAPATAS + BALDRAME) | F70: 1 | G70: =43.05 -> 43.05
D71: VOLUME DE CONTRETO (SAPATAS + BALDRAME) | L71: =J71+K71 -> 0
B72: 1.2.4 | C72: 94319 | D72: ATERRO MANUAL DE VALAS COM SOLO ARGILO-ARENOSO E COMPACTAÇÃO MECANIZADA. AF_05/2016 | E72: M3 | G72: CÁLCULO DO VOLUME DE ATERRO COMPACTADO (ÁREA INTERNA E EXTERNA DA OBRA ESPECIFICADAS) | J72: =0 -> 0 | K72: =SUM(K75:K106) -> 599.17246 | L72: =J72+K72 -> 599.17246 | M72: ='BOLETIM DE MEDIÇÃO 05'!G24 -> 93.63 | N72: =M72-L72 -> -505.54246
D73: ATERRO (PARTE INTERNA) CAIXÃO REFERENTE AOS AMBIENTES | G73: ÁREA (M²) | I73: SOMATÓRIA E MÉDIA DAS ALTURAS ENCONTRADAS DO EMBASAMENTO + ALTURA DA VIGA BALDRAME (M) EM CADA AMBIENTE (PARTE INTERNA DA OBRA)
D74: GUARITA | G74: 9 | I74: =((0.49+0.35) + (0.35+0.25) + (0.62+0.35) + (0.49+0.35))/4 -> 0.8125 | K74: =G74*I74 -> 7.3125
D75: HALL | G75: 5 | I75: =((0.62+0.35) + (0.62+0.25) + (0.62+0.35) + (0.62+0.35))/4 -> 0.945 | K75: =G75*I75 -> 4.725
D76: ENTRADA (ENTRE A SALA DE ESTAR E A ÁREA EXTERNA - ÁREA ONDE ESTÁ A LAJE) | G76: =(13.03 * 2.7) -> 35.181 | I76: =((0.41+0.25) + (0.58+0.25) + (0.64+0.25) + (0.42+0.25)+ (0.35+0.25)+ (0.25+0.25))/6 -> 0.69166667 | K76: =G76*I76 -> 24.333525
D77: WC (AO LADO DO DEPÓSITO E COORDENAÇÃO) | G77: 3 | I77: =((0.2+0.25) + (0.2+0.25) + (0.2+0.25) + (0.2+0.25))/4 -> 0.45 | K77: =G77*I77 -> 1.35
D78: DEPÓSITO | G78: 7 | I78: =((0.25+0.25) + (0.25+0.25) + (0.2+0.25) + (0.3+0.25))/4 -> 0.5 | K78: =G78*I78 -> 3.5
D79: COORDENAÇÃO | G79: 21 | I79: =((0.25+0.25) + (0.31+0.25) + (0.27+0.25) + (0.2+0.25))/4 -> 0.5075 | K79: =G79*I79 -> 10.6575
D80: QUARTO FEMININO ADOLESCENTE | G80: 27 | I80: =((0.5+0.25) + (0.46+0.3) + (0.41+0.3) + (0.45+0.3))/4 -> 0.7425 | K80: =G80*I80 -> 20.0475
D81: QUARTO MASCULINO ADOLESCENTE | G81: 26 | I81: =((0.25+0.3) + (0.3+0.3) + (0.27+0.3) + (0.22+0.25))/4 -> 0.5475 | K81: =G81*I81 -> 14.235
D82: WC (QUARTO FEMININO ADOLESCENTE) | G82: 1.6 | I82: =((0.3+0.3) + (0.32+0.3) + (0.33+0.3) + (0.3+0.25))/4 -> 0.6 | K82: =G82*I82 -> 0.96
D83: WC (QUARTO MASCULINO ADOLESCENTE) | G83: 1.6 | I83: =((0.35+0.3) + (0.38+0.25) + (0.33+0.3) + (0.32+0.25))/4 -> 0.62 | K83: =G83*I83 -> 0.992
D84: SALA DE ESTAR | G84: 45 | I84: =((0.42+0.25) + (0.55+0.25) + (0.48+0.25) + (0.31+0.25))/4 -> 0.69 | K84: =G84*I84 -> 31.05
D85: SALA DE REUNIÃO | G85: 19 | I85: =((0.64+0.25) + (0.64+0.25) + (0.64+0.25) + (0.63+0.25))/4 -> 0.8875 | K85: =G85*I85 -> 16.8625
D86: PSICÓLOGO | G86: 19 | I86: =((0.61+0.25) + (0.59+0.25) + (0.62+0.25) + (0.64+0.25))/4 -> 0.865 | K86: =G86*I86 -> 16.435
D87: WC SOCIAL | G87: 5 | I87: =((0.61+0.25) + (0.6+0.25) + (0.55+0.25) + (0.55+0.25))/4 -> 0.8275 | K87: =G87*I87 -> 4.1375
D88: CIRCULAÇÃO 01 | G88: 14 | I88: =((0.55+0.25) + (0.53+0.25) + (0.6+0.25) + (0.63+0.25))/4 -> 0.8275 | K88: =G88*I88 -> 11.585
D89: CIRCULAÇÃO 02 | G89: 36 | I89: =((0.64+0.25) + (0.55+0.25) + (0.57+0.25) + (0.53+0.25) + (0.5+0.25) + (0.44+0.25) + (0.4+0.3) + (0.42+0.25) + (0.4+0.25) + (0.41+0.25) + (0.38+0.25) + (0.36+0.25) + (0.34+0.25))/12 -> 0.77 | K89: =G89*I89 -> 27.72
D90: SALA DE ESTUDOS | G90: 46 | I90: =((0.58+0.25) + (0.56+0.25) + (0.51+0.25) + (0.53+0.25))/4 -> 0.795 | K90: =G90*I90 -> 36.57
D91: REFEITÓRIO | G91: 41 | I91: =((0.5+0.25) + (0.5+0.25) + (0.48+0.25) + (0.5+0.3))/4 -> 0.7575 | K91: =G91*I91 -> 31.0575
D92: BRINQUEDOTECA | G92: 27 | I92: =((0.38+0.25) + (0.45+0.3) + (0.41+0.3) + (0.34+0.25))/4 -> 0.67 | K92: =G92*I92 -> 18.09
D93: CIRCULAÇÃO 03 | G93: 53 | I93: =((0.41+0.3) + (0.48+0.25) + (0.53+0.3) + (0.5+0.25)+ (0.37+0.25)+ (0.38+0.25))/6 -> 0.71166667 | K93: =G93*I93 -> 37.718333
D94: CLARABOIA (ENTRE A BRINQUEDOTECA E OS QUARTOS INFANTIS) | G94: =(2.65*1.8) -> 4.77 | I94: =((0.33+0.25) + (0.38+0.3) + (0.36+0.3) + (0.31+0.25))/4 -> 0.62 | K94: =G94*I94 -> 2.9574
D95: QUARTO INFANTIL FEMININO | G95: 30 | I95: =((0.49+0.25) + (0.45+0.25) + (0.42+0.25) + (0.5+0.25))/4 -> 0.715 | K95: =G95*I95 -> 21.45
D96: QUARTO INFANTIL MASCULINO | G96: 30 | I96: =((0.4+0.25) + (0.42+0.25) + (0.46+0.25) + (0.43+0.25))/4 -> 0.6775 | K96: =G96*I96 -> 20.325
D97: WC (AO LADO DOS QUARTOS INFANTIS) | G97: 14 | I97: =((0.29+0.3) + (0.36+0.25) + (0.34+0.25) + (0.28+0.25))/4 -> 0.58 | K97: =G97*I97 -> 8.12
D98: WC (AO LADO DOS QUARTOS INFANTIS) | G98: 14 | I98: =((0.34+0.25) + (0.39+0.25) + (0.39+0.25) + (0.35+0.25))/4 -> 0.6175 | K98: =G98*I98 -> 8.645
D99: COZINHA | G99: 20 | I99: =((0.34+0.25) + (0.39+0.25) + (0.39+0.25) + (0.35+0.25))/4 -> 0.6175 | K99: =G99*I99 -> 12.35
D100: DESPENSA | G100: 3 | I100: =((0.5+0.25) + (0.58+0.25) + (0.55+0.25) + (0.49+0.25))/4 -> 0.78 | K100: =G100*I100 -> 2.34
D101: WC (QUATO FUNC.) | G101: 4 | I101: =((0.55+0.25) + (0.6+0.25) + (0.6+0.25) + (0.5+0.25))/4 -> 0.8125 | K101: =G101*I101 -> 3.25
D102: QUARTO FUNC. | G102: 12 | I102: =((0.51+0.25) + (0.49+0.25) + (0.58+0.25) + (0.48+0.25))/4 -> 0.765 | K102: =G102*I102 -> 9.18
D103: ÁREA DE SERVIÇO | G103: 20 | I103: =((0.54+0.25) + (0.59+0.25) + (0.62+0.25) + (0.63+0.25) + (0.61+0.25))/5 -> 0.848 | K103: =G103*I103 -> 16.96
D104: DML | G104: 4 | I104: =((0.55+0.25) + (0.61+0.25) + (0.56+0.25) + (0.5+0.25))/4 -> 0.805 | K104: =G104*I104 -> 3.22
D105: WC PCD | G105: 5 | I105: =((0.53+0.25) + (0.5+0.25) + (0.47+0.25) + (0.48+0.25))/4 -> 0.745 | K105: =G105*I105 -> 3.725
D106: ÁREA EXTERNA (RETIRADO DO PROJETO EM DWG) (ÁREA INTERNA AO MURO - VALOR DE ÁREA INTERNA CONSIDERADA) | G106: =1184.23-SUM(G74:H105) -> 582.079 | I106: 0.3 | K106: =G106*I106 -> 174.6237
B107: 1.3 | C107: FUNDAÇÃO
B108: 1.3.1 | C108: composição 12 | D108: ALVENARIA DE EMBASAMENTO COM BLOCO CERÂMICO DE 9X14X19CM E ARGAMASSA DE ASSENTAMENTO COM PREPARO EM BETONEIRA. AF_05/2020. [ADAPTADO SINAPI 101166] | E108: M3 | G108: ALVENARIA DE EMBASAMENTO (CÁLCULO CONSIDERANDO O VOLUME PRISMÁTICO DE CADA SEÇÃO) | J108: 7.34 | K108: =SUM(K110:K153) -> 25.772845 | L108: =J108+K108 -> 33.112845 | M108: ='BOLETIM DE MEDIÇÃO 05'!G26 -> 13.99 | N108: =M108-L108 -> -19.122845
D109: BALDRAMES (ALVENARIA ABAIXO DAS VIGAS) | G109: COMPRIMENTO DA SEÇÃO (M) | H109: LARGURA (M) | I109: (ALTURAS DAS EXTREMIDADES DAS SEÇÕES) (M)
D110: V17 (P73 ATÉ P77) | G110: 15.175 | H110: 0.2 | I110: 0.53; 0.20 | K110: =(((0.53+0.2)/2)*G110)*H110 -> 1.107775
D111: V52 (P77 ATÉ P50) | G111: 11 | H111: 0.2 | I111: 0.20; 0.20 | K111: =(0.2*G111)*H111 -> 0.44
D112: V50 (P76 ATÉ P69) | G112: 1.9 | H112: 0.2 | I112: 0.20; 0.20 | K112: =(0.2*G112)*H112 -> 0.076
D113: V16 (P68 ATÉ P70) | G113: 6.38 | H113: 0.2 | I113: 0.29; 0.20 | K113: =(((0.29+0.2)/2)*G113)*H113 -> 0.31262
D114: V42 (P75 ATÉ V13) | G114: 8.31 | H114: 0.2 | I114: 0.30; 0.33 | K114: =(((0.3+0.33)/2)*G114)*H114 -> 0.52353
D115: V14 (P64 ATÉ P57) | G115: 24.075 | H115: 0.2 | I115: 0.20; 0.60 | K115: =(((0.2+0.6)/2)*G115)*H115 -> 1.926
D116: V53 (P07 ATÉ V04) | G116: 5.31 | H116: 0.2 | I116: 0.48; 0.30 | K116: =(((0.48+0.3)/2)*G116)*H116 -> 0.41418
D117: V54 (P21 ATÉ P38) | G117: 5.47 | H117: 0.2 | I117: 0.38; 0.24 | K117: =(((0.38+0.24)/2)*G117)*H117 -> 0.33914
D118: V04 (P21 ATÉ P16) | G118: 13.42 | H118: 0.2 | I118: 0.38; 0.60 | K118: =(((0.38+0.6)/2)*G118)*H118 -> 1.31516
D119: V44 (P06 ATÉ V04) | G119: 5.31 | H119: 0.2 | I119: 0.43; 0.35 | K119: =(((0.43+0.35)/2)*G119)*H119 -> 0.41418
D120: V37 (P04 ATÉ P16) | G120: 5.31 | H120: 0.2 | I120: 0.47; 0.60 | K120: =(((0.47+0.6)/2)*G120)*H120 -> 0.56817
D121: V01 (P02 ATÉ P07) | G121: 19.97 | H121: 0.2 | I121: 0.62; 0.50 | K121: =(((0.62+0.5)/2)*G121)*H121 -> 2.23664
D122: V02 (P9 ATÉ P12) | G122: 7.83 | H122: 0.2 | I122: 0.63; 0.49 | K122: =(((0.63+0.49)/2)*G122)*H122 -> 0.87696
...

Sheet MEMORIAL FOTOGRÁFICO 03
B2: BOLETIM 03 - MEMORIAL FOTOGRÁFICO
B3: OBJETO: | O3: CONTRATO: | P3: LICITAÇÃO Nº: | Q3: VALOR CONTRATADO:
B4: CONSTRUÇÃO DA CASA DE ACOLHIMENTO PARA CRIANÇAS E ADOCESLENTES, "CASA LAR", NO MUNICÍPIO DE SOUSA/PB. | O4: 682/2023 | P4: 03/2023 | Q4: 1240378.4
B5: EMPRESA CONTRATADA: | E5: CNPJ: | O5: CONTRATANTE:
B6: ALX CONSTRUÇÕES E LOCAÇÕES | E6: 17.490.708/0001-70 | O6: PREFEITURA MUNICIPAL DE SOUSA
B7: DATA | D7: PERÍODO DA MEDIÇÃO | E7: VALOR DA MEDIÇÃO: | H7: VALOR ACUMULADO ANTERIOR: | J7: VALOR ACUMULADO ANTERIOR: | Q7: MEDIÇÃO:
B8: 45352 | D8: 31/01/2024 a 01/03/2024 | E8: ='BOLETIM DE MEDIÇÃO 05'!E8 -> 103177.49 | H8: ='BOLETIM DE MEDIÇÃO 05'!H8 -> 274592.68 | Q8: 03
B10: FOTOGRAFIAS

Sheet MEMORIAL DE CALCULO 04
B2: BOLETIM DE MEDIÇÃO 04 - MEMORIAL DE CÁLCULO
B3: OBJETO: | I3: CONTRATO: | J3: VALOR CONTRATADO:
B4: CONSTRUÇÃO DA CASA DE ACOLHIMENTO PARA CRIANÇAS E ADOCESLENTES, "CASA LAR", NO MUNICÍPIO DE SOUSA/PB. | I4: 682/2023 | J4: 1240378.4
B5: EMPRESA CONTRATADA: | E5: CNPJ: | I5: CONTRATANTE:
B6: ALX CONSTRUÇÕES E LOCAÇÕES | E6: 17.490.708/0001-70 | I6: PREFEITURA MUNICIPAL DE SOUSA
B7: DATA | D7: PERÍODO DA MEDIÇÃO | E7: VALOR DA MEDIÇÃO: | H7: VALOR ACUMULADO ANTERIOR: | J7: MEDIÇÃO:
B8: 45386 | D8: 02/03/2024 a 04/04/2024 | E8: ='BOLETIM DE MEDIÇÃO 05'!E8 -> 103177.49 | H8: ='BOLETIM DE MEDIÇÃO 05'!H8 -> 274592.68 | J8: 04
B10: ITEM | C10: CÓDIGO | D10: DESCRIÇÃO | E10: UND | F10: VEZ | G10: DADOS | J10: RESULTADO
G11: L | H11: C | I11: H | J11: ACUMULADO ANTERIOR | K11: PARCIAL | L11: TOTAL | M11: CONTRATADO | N11: SALDO
B12: 1 | C12: CONSTRUÇÃO DA CASA DE ACOLHIMENTO PARA CRIANÇAS E ADOLESCENTES - CASA LAR, NO MUNICÍPIO DE SOUSA - PB
B13: 1.1 | C13: SERVIÇOS PRELIMINARES
B14: 1.1.1 | C14: composição 1 | D14: PLACA DE OBRA EM CHAPA DE ACO GALVANIZADO [ADAPTADO SINAPI 74209/01] | E14: M2 | F14: 1 | G14: 2 | I14: 3 | J14: ='BOLETIM DE MEDIÇÃO 05'!O14-'MEMORIAL DE CALCULO 04'!K14 -> 0 | K14: =G14*I14*F14 -> 6 | L14: =J14+K14 -> 6 | M14: ='BOLETIM DE MEDIÇÃO 05'!G14 -> 6 | N14: =M14-L14 -> 0
B15: 1.1.2 | C15: 93209 | D15: EXECUÇÃO DE ALMOXARIFADO EM CANTEIRO DE OBRA EM ALVENARIA, INCLUSO PRATELEIRAS. AF_02/2016 | E15: M2 | F15: 1 | G15: 1 | H15: 2.75 | J15: ='BOLETIM DE MEDIÇÃO 05'!O15-'MEMORIAL DE CALCULO 04'!K15 -> 2.25 | K15: =F15*G15*H15 -> 2.75 | L15: =J15+K15 -> 5 | M15: ='BOLETIM DE MEDIÇÃO 05'!G15 -> 5 | N15: =M15-L15 -> 0
B16: 1.1.3 | C16: 93206 | D16: EXECUÇÃO DE ESCRITÓRIO EM CANTEIRO DE OBRA EM ALVENARIA, NÃO INCLUSO MOBILIÁRIO E EQUIPAMENTOS. AF_02/2016 | E16: M2 | F16: 1 | G16: 1 | H16: 2.75 | J16: ='BOLETIM DE MEDIÇÃO 05'!O16-'MEMORIAL DE CALCULO 04'!K16 -> 2.25 | K16: =F16*G16*H16 -> 2.75 | L16: =J16+K16 -> 5 | M16: ='BOLETIM DE MEDIÇÃO 05'!G16 -> 5 | N16: =M16-L16 -> 0
B17: 1.1.4 | C17: composição 11 | D17: Tapume em chapa compensada esp = 10mm (1 uso). [ADAPTADO ORSE 53] | E17: M2 | J17: ='BOLETIM DE MEDIÇÃO 05'!O17-'MEMORIAL DE CALCULO 04'!K17 -> 258.4 | K17: =K18 -> 19 | L17: =J17+K17 -> 277.4 | M17: ='BOLETIM DE MEDIÇÃO 05'!G17 -> 277.4 | N17: =M17-L17 -> 0
D18: PERÍMETRO DA INTERVENÇÃO | F18: 1 | G18: 9.5 | I18: 2 | K18: =F18*(G18*I18) -> 19
B19: 1.1.5 | C19: 98524 | D19: LIMPEZA MANUAL DE VEGETAÇÃO EM TERRENO COM ENXADA.AF_05/2018 | E19: M2 | J19: ='BOLETIM DE MEDIÇÃO 05'!O18-'MEMORIAL DE CALCULO 04'!K19 -> 0 | K19: =K20 -> 0 | L19: =J19+K19 -> 0 | M19: ='BOLETIM DE MEDIÇÃO 05'!G18 -> 1430.2 | N19: =M19-L19 -> 1430.2
D20: ÁREA DA INTERVENÇÃO | F20: 0 | G20: 1430.2 | K20: =F20*G20 -> 0
B21: 1.1.6 | C21: 100575 | D21: REGULARIZAÇÃO DE SUPERFÍCIES COM MOTONIVELADORA. AF_11/2019 | E21: M2 | J21: ='BOLETIM DE MEDIÇÃO 05'!O19-'MEMORIAL DE CALCULO 04'!K21 -> 0 | K21: =K22 -> 0 | L21: =J21+K21 -> 0 | M21: ='BOLETIM DE MEDIÇÃO 05'!G19 -> 1430.2 | N21: =M21-L21 -> 1430.2
D22: ÁREA DA INTERVENÇÃO | F22: 0 | G22: 1430.2 | K22: =F22*G22 -> 0
B23: 1.2 | C23: MOVIMENTO DE TERRA
B24: 1.2.1 | C24: 99059 | D24: LOCACAO CONVENCIONAL DE OBRA, UTILIZANDO GABARITO DE TÁBUAS CORRIDAS PONTALETADAS A CADA 2,00M - 2 UTILIZAÇÕES. AF_10/2018 | E24: M | F24: 1 | G24: 137.5 | J24: ='BOLETIM DE MEDIÇÃO 05'!O21-'MEMORIAL DE CALCULO 04'!K24 -> 0 | K24: =F24*G24 -> 137.5 | L24: =J24+K24 -> 137.5 | M24: ='BOLETIM DE MEDIÇÃO 05'!G21 -> 137.5 | N24: =M24-L24 -> 0
B25: 1.2.2 | C25: 93358 | D25: ESCAVAÇÃO MANUAL DE VALA COM PROFUNDIDADE MENOR OU IGUAL A 1,30 M. AF_02/2021 | E25: M3 | J25: ='BOLETIM DE MEDIÇÃO 05'!O22-'MEMORIAL DE CALCULO 04'!K25 -> 71.14462 | K25: =F34*(G34*H34*I34) -> 14.04 | L25: =J25+K25 -> 85.18462 | M25: ='BOLETIM DE MEDIÇÃO 05'!G22 -> 89.01 | N25: =M25-L25 -> 3.82538
D26: SAPATAS
D27: S46=S52=S53=S54=S55=S56=S57=S58=S59=S60=S61=S62=S63=S64=S65=S66=S68=S69=S70=S71=S72=S74=S76=S77=S78=S79=S80=S84=S85=S86=S87=S88 | F27: 0 | G27: 0.6 | H27: 0.7 | I27: 1.85 | K27: =F27*(G27*H27*I27) -> 0
D28: S1=S2=S3=S4=S6=S8=S9=S10=S11=S12=S13=S14=S15=S16=S17=S21=S22=S23=S24=S25=S26=S27=S28=S29=S30=S31=S32=S36=S37=S38=S39=S40=S41=S42=S43=S44=S47=S48=S49=S50=S51 | F28: 0 | G28: 0.6 | H28: 0.7 | I28: 1.85 | K28: =F28*(G28*H28*I28) -> 0
D29: S33 | F29: 0 | G29: 0.6 | H29: 0.8 | I29: 1.85 | K29: =F29*(G29*H29*I29) -> 0
D30: S7=S83 | F30: 0 | G30: 0.9 | H30: 0.9 | I30: 1.85 | K30: =F30*(G30*H30*I30) -> 0
D31: S5=S18=S19=S20=S35=S45=S75 | F31: 0 | G31: 0.65 | H31: 0.65 | I31: 1.85 | K31: =F31*(G31*H31*I31) -> 0
D32: S34=S67=S73 | F32: 0 | G32: 0.65 | H32: 0.75 | I32: 1.85 | K32: =F32*(G32*H32*I32) -> 0
D33: S81=S82 | F33: 0 | G33: 0.55 | H33: 0.95 | I33: 1.85 | K33: =F33*(G33*H33*I33) -> 0
D34: VIGAS BALDRAME | F34: 1 | G34: 312 | H34: 0.15 | I34: 0.3 | K34: =F34*(G34*H34*I34) -> 14.04
D35: V22 | F35: 1 | G35: 4.758 | H35: 0.15 | I35: 0.3 | K35: =F35*G35*H35*I35 -> 0.21411
D36: V51 | F36: 1 | G36: 3.097 | H36: 0.15 | I36: 0.3 | K36: =F36*G36*H36*I36 -> 0.139365
D37: V46 | F37: 1 | G37: 3.047 | H37: 0.15 | I37: 0.3 | K37: =F37*G37*H37*I37 -> 0.137115
D38: V55 | F38: 1 | G38: 5.109 | H38: 0.15 | I38: 0.3 | K38: =F38*G38*H38*I38 -> 0.229905
D39: V20 | F39: 1 | G39: 2.564 | H39: 0.15 | I39: 0.3 | K39: =F39*G39*H39*I39 -> 0.11538
D40: V21 | F40: 1 | G40: 1.678 | H40: 0.15 | I40: 0.3 | K40: =F40*G40*H40*I40 -> 0.07551
D41: V19 | F41: 1 | G41: 6.533 | H41: 0.15 | I41: 0.3 | K41: =F41*G41*H41*I41 -> 0.293985
D42: V17 | F42: 1 | G42: 15.175 | H42: 0.15 | I42: 0.3 | K42: =F42*G42*H42*I42 -> 0.682875
D43: V52 | F43: 1 | G43: 11 | H43: 0.15 | I43: 0.3 | K43: =F43*G43*H43*I43 -> 0.495
D44: V50 | F44: 1 | G44: 1.9 | H44: 0.15 | I44: 0.3 | K44: =F44*G44*H44*I44 -> 0.0855
D45: V16 | F45: 1 | G45: 6.38 | H45: 0.15 | I45: 0.3 | K45: =F45*G45*H45*I45 -> 0.2871
D46: V42 | F46: 1 | G46: 8.31 | H46: 0.15 | I46: 0.3 | K46: =F46*G46*H46*I46 -> 0.37395
... D67: V45 | F67: 1 | G67: 2.69 | H67: 0.15 | I67: 0.3 | K67: =F67*G67*H67*I67 -> 0.12105
B68: 1.2.3 | C68: 96995 | D68: REATERRO MANUAL APILOADO COM SOQUETE. AF_10/2017 | E68: M3 | J68: ='BOLETIM DE MEDIÇÃO 05'!I22 -> 1.20537 | K68: =G70*F70 -> 43.05 | L68: =J68+K68 -> 44.25537 | M68: ='BOLETIM DE MEDIÇÃO 05'!G23 -> 44.26 | N68: =M68-L68 -> 0.00463
D69: VOLUME DE ESCAVAÇÃO - VOLUME DE CONCRETO DA FUNDAÇÃO
D70: VOLUME DE ESCAVAÇÃO (SAPATAS + BALDRAME) | F70: 1 | G70: =43.05 -> 43.05
D71: VOLUME DE CONTRETO (SAPATAS + BALDRAME) | L71: =J71+K71 -> 0
B72: 1.2.4 | C72: 94319 | D72: ATERRO MANUAL DE VALAS COM SOLO ARGILO-ARENOSO E COMPACTAÇÃO MECANIZADA. AF_05/2016 | E72: M3 | G72: CÁLCULO DO VOLUME DE ATERRO COMPACTADO (ÁREA INTERNA E EXTERNA DA OBRA ESPECIFICADAS) | J72: =0 -> 0 | K72: =SUM(K75:K106) -> 599.17246 | L72: =J72+K72 -> 599.17246 | M72: ='BOLETIM DE MEDIÇÃO 05'!G24 -> 93.63 | N72: =M72-L72 -> -505.54246
D73: ATERRO (PARTE INTERNA) CAIXÃO REFERENTE AOS AMBIENTES | G73: ÁREA (M²) | I73: SOMATÓRIA E MÉDIA DAS ALTURAS ENCONTRADAS DO EMBASAMENTO + ALTURA DA VIGA BALDRAME (M) EM CADA AMBIENTE (PARTE INTERNA DA OBRA)
D74: GUARITA | G74: 9 | I74: =((0.49+0.35) + (0.35+0.25) + (0.62+0.35) + (0.49+0.35))/4 -> 0.8125 | K74: =G74*I74 -> 7.3125
D75: HALL | G75: 5 | I75: =((0.62+0.35) + (0.62+0.25) + (0.62+0.35) + (0.62+0.35))/4 -> 0.945 | K75: =G75*I75 -> 4.725
D76: ENTRADA (ENTRE A SALA DE ESTAR E A ÁREA EXTERNA - ÁREA ONDE ESTÁ A LAJE) | G76: =(13.03 * 2.7) -> 35.181 | I76: =((0.41+0.25) + (0.58+0.25) + (0.64+0.25) + (0.42+0.25)+ (0.35+0.25)+ (0.25+0.25))/6 -> 0.69166667 | K76: =G76*I76 -> 24.333525
D77: WC (AO LADO DO DEPÓSITO E COORDENAÇÃO) | G77: 3 | I77: =((0.2+0.25) + (0.2+0.25) + (0.2+0.25) + (0.2+0.25))/4 -> 0.45 | K77: =G77*I77 -> 1.35
D78: DEPÓSITO | G78: 7 | I78: =((0.25+0.25) + (0.25+0.25) + (0.2+0.25) + (0.3+0.25))/4 -> 0.5 | K78: =G78*I78 -> 3.5
D79: COORDENAÇÃO | G79: 21 | I79: =((0.25+0.25) + (0.31+0.25) + (0.27+0.25) + (0.2+0.25))/4 -> 0.5075 | K79: =G79*I79 -> 10.6575
D80: QUARTO FEMININO ADOLESCENTE | G80: 27 | I80: =((0.5+0.25) + (0.46+0.3) + (0.41+0.3) + (0.45+0.3))/4 -> 0.7425 | K80: =G80*I80 -> 20.0475
D81: QUARTO MASCULINO ADOLESCENTE | G81: 26 | I81: =((0.25+0.3) + (0.3+0.3) + (0.27+0.3) + (0.22+0.25))/4 -> 0.5475 | K81: =G81*I81 -> 14.235
D82: WC (QUARTO FEMININO ADOLESCENTE) | G82: 1.6 | I82: =((0.3+0.3) + (0.32+0.3) + (0.33+0.3) + (0.3+0.25))/4 -> 0.6 | K82: =G82*I82 -> 0.96
D83: WC (QUARTO MASCULINO ADOLESCENTE) | G83: 1.6 | I83: =((0.35+0.3) + (0.38+0.25) + (0.33+0.3) + (0.32+0.25))/4 -> 0.62 | K83: =G83*I83 -> 0.992
D84: SALA DE ESTAR | G84: 45 | I84: =((0.42+0.25) + (0.55+0.25) + (0.48+0.25) + (0.31+0.25))/4 -> 0.69 | K84: =G84*I84 -> 31.05
D85: SALA DE REUNIÃO | G85: 19 | I85: =((0.64+0.25) + (0.64+0.25) + (0.64+0.25) + (0.63+0.25))/4 -> 0.8875 | K85: =G85*I85 -> 16.8625
D86: PSICÓLOGO | G86: 19 | I86: =((0.61+0.25) + (0.59+0.25) + (0.62+0.25) + (0.64+0.25))/4 -> 0.865 | K86: =G86*I86 -> 16.435
D87: WC SOCIAL | G87: 5 | I87: =((0.61+0.25) + (0.6+0.25) + (0.55+0.25) + (0.55+0.25))/4 -> 0.8275 | K87: =G87*I87 -> 4.1375
D88: CIRCULAÇÃO 01 | G88: 14 | I88: =((0.55+0.25) + (0.53+0.25) + (0.6+0.25) + (0.63+0.25))/4 -> 0.8275 | K88: =G88*I88 -> 11.585
D89: CIRCULAÇÃO 02 | G89: 36 | I89: =((0.64+0.25) + (0.55+0.25) + (0.57+0.25) + (0.53+0.25) + (0.5+0.25) + (0.44+0.25) + (0.4+0.3) + (0.42+0.25) + (0.4+0.25) + (0.41+0.25) + (0.38+0.25) + (0.36+0.25) + (0.34+0.25))/12 -> 0.77 | K89: =G89*I89 -> 27.72
D90: SALA DE ESTUDOS | G90: 46 | I90: =((0.58+0.25) + (0.56+0.25) + (0.51+0.25) + (0.53+0.25))/4 -> 0.795 | K90: =G90*I90 -> 36.57
D91: REFEITÓRIO | G91: 41 | I91: =((0.5+0.25) + (0.5+0.25) + (0.48+0.25) + (0.5+0.3))/4 -> 0.7575 | K91: =G91*I91 -> 31.0575
D92: BRINQUEDOTECA | G92: 27 | I92: =((0.38+0.25) + (0.45+0.3) + (0.41+0.3) + (0.34+0.25))/4 -> 0.67 | K92: =G92*I92 -> 18.09
D93: CIRCULAÇÃO 03 | G93: 53 | I93: =((0.41+0.3) + (0.48+0.25) + (0.53+0.3) + (0.5+0.25)+ (0.37+0.25)+ (0.38+0.25))/6 -> 0.71166667 | K93: =G93*I93 -> 37.718333
D94: CLARABOIA (ENTRE A BRINQUEDOTECA E OS QUARTOS INFANTIS) | G94: =(2.65*1.8) -> 4.77 | I94: =((0.33+0.25) + (0.38+0.3) + (0.36+0.3) + (0.31+0.25))/4 -> 0.62 | K94: =G94*I94 -> 2.9574
D95: QUARTO INFANTIL FEMININO | G95: 30 | I95: =((0.49+0.25) + (0.45+0.25) + (0.42+0.25) + (0.5+0.25))/4 -> 0.715 | K95: =G95*I95 -> 21.45
D96: QUARTO INFANTIL MASCULINO | G96: 30 | I96: =((0.4+0.25) + (0.42+0.25) + (0.46+0.25) + (0.43+0.25))/4 -> 0.6775 | K96: =G96*I96 -> 20.325
D97: WC (AO LADO DOS QUARTOS INFANTIS) | G97: 14 | I97: =((0.29+0.3) + (0.36+0.25) + (0.34+0.25) + (0.28+0.25))/4 -> 0.58 | K97: =G97*I97 -> 8.12
D98: WC (AO LADO DOS QUARTOS INFANTIS) | G98: 14 | I98: =((0.34+0.25) + (0.39+0.25) + (0.39+0.25) + (0.35+0.25))/4 -> 0.6175 | K98: =G98*I98 -> 8.645
D99: COZINHA | G99: 20 | I99: =((0.34+0.25) + (0.39+0.25) + (0.39+0.25) + (0.35+0.25))/4 -> 0.6175 | K99: =G99*I99 -> 12.35
D100: DESPENSA | G100: 3 | I100: =((0.5+0.25) + (0.58+0.25) + (0.55+0.25) + (0.49+0.25))/4 -> 0.78 | K100: =G100*I100 -> 2.34
D101: WC (QUATO FUNC.) | G101: 4 | I101: =((0.55+0.25) + (0.6+0.25) + (0.6+0.25) + (0.5+0.25))/4 -> 0.8125 | K101: =G101*I101 -> 3.25
D102: QUARTO FUNC. | G102: 12 | I102: =((0.51+0.25) + (0.49+0.25) + (0.58+0.25) + (0.48+0.25))/4 -> 0.765 | K102: =G102*I102 -> 9.18
D103: ÁREA DE SERVIÇO | G103: 20 | I103: =((0.54+0.25) + (0.59+0.25) + (0.62+0.25) + (0.63+0.25) + (0.61+0.25))/5 -> 0.848 | K103: =G103*I103 -> 16.96
D104: DML | G104: 4 | I104: =((0.55+0.25) + (0.61+0.25) + (0.56+0.25) + (0.5+0.25))/4 -> 0.805 | K104: =G104*I104 -> 3.22
D105: WC PCD | G105: 5 | I105: =((0.53+0.25) + (0.5+0.25) + (0.47+0.25) + (0.48+0.25))/4 -> 0.745 | K105: =G105*I105 -> 3.725
D106: ÁREA EXTERNA (RETIRADO DO PROJETO EM DWG) (ÁREA INTERNA AO MURO - VALOR DE ÁREA INTERNA CONSIDERADA) | G106: =1184.23-SUM(G74:H105) -> 582.079 | I106: 0.3 | K106: =G106*I106 -> 174.6237
B107: 1.3 | C107: FUNDAÇÃO
B108: 1.3.1 | C108: composição 12 | D108: ALVENARIA DE EMBASAMENTO COM BLOCO CERÂMICO DE 9X14X19CM E ARGAMASSA DE ASSENTAMENTO COM PREPARO EM BETONEIRA. AF_05/2020. [ADAPTADO SINAPI 101166] | E108: M3 | G108: ALVENARIA DE EMBASAMENTO (CÁLCULO CONSIDERANDO O VOLUME PRISMÁTICO DE CADA SEÇÃO) | J108: 7.34 | K108: =SUM(K110:K153) -> 25.772845 | L108: =J108+K108 -> 33.112845 | M108: ='BOLETIM DE MEDIÇÃO 05'!G26 -> 13.99 | N108: =M108-L108 -> -19.122845
D109: BALDRAMES (ALVENARIA ABAIXO DAS VIGAS) | G109: COMPRIMENTO DA SEÇÃO (M) | H109: LARGURA (M) | I109: (ALTURAS DAS EXTREMIDADES DAS SEÇÕES) (M)
D110: V17 (P73 ATÉ P77) | G110: 15.175 | H110: 0.2 | I110: 0.53; 0.20 | K110: =(((0.53+0.2)/2)*G110)*H110 -> 1.107775
D111: V52 (P77 ATÉ P50) | G111: 11 | H111: 0.2 | I111: 0.20; 0.20 | K111: =(0.2*G111)*H111 -> 0.44
D112: V50 (P76 ATÉ P69) | G112: 1.9 | H112: 0.2 | I112: 0.20; 0.20 | K112: =(0.2*G112)*H112 -> 0.076
D113: V16 (P68 ATÉ P70) | G113: 6.38 | H113: 0.2 | I113: 0.29; 0.20 | K113: =(((0.29+0.2)/2)*G113)*H113 -> 0.31262
D114: V42 (P75 ATÉ V13) | G114: 8.31 | H114: 0.2 | I114: 0.30; 0.33 | K114: =(((0.3+0.33)/2)*G114)*H114 -> 0.52353
D115: V14 (P64 ATÉ P57) | G115: 24.075 | H115: 0.2 | I115: 0.20; 0.60 | K115: =(((0.2+0.6)/2)*G115)*H115 -> 1.926
D116: V53 (P07 ATÉ V04) | G116: 5.31 | H116: 0.2 | I116: 0.48; 0.30 | K116: =(((0.48+0.3)/2)*G116)*H116 -> 0.41418
D117: V54 (P21 ATÉ P38) | G117: 5.47 | H117: 0.2 | I117: 0.38; 0.24 | K117: =(((0.38+0.24)/2)*G117)*H117 -> 0.33914
D118: V04 (P21 ATÉ P16) | G118: 13.42 | H118: 0.2 | I118: 0.38; 0.60 | K118: =(((0.38+0.6)/2)*G118)*H118 -> 1.31516
D119: V44 (P06 ATÉ V04) | G119: 5.31 | H119: 0.2 | I119: 0.43; 0.35 | K119: =(((0.43+0.35)/2)*G119)*H119 -> 0.41418
D120: V37 (P04 ATÉ P16) | G120: 5.31 | H120: 0.2 | I120: 0.47; 0.60 | K120: =(((0.47+0.6)/2)*G120)*H120 -> 0.56817
D121: V01 (P02 ATÉ P07) | G121: 19.97 | H121: 0.2 | I121: 0.62; 0.50 | K121: =(((0.62+0.5)/2)*G121)*H121 -> 2.23664
D122: V02 (P9 ATÉ P12) | G122: 7.83 | H122: 0.2 | I122: 0.63; 0.49 | K122: =(((0.63+0.49)/2)*G122)*H122 -> 0.87696
...

Sheet BOLETIM DE MEDIÇÃO 05
B2: BOLETIM DE MEDIÇÃO 05
B3: OBJETO: | O3: CONTRATO: | P3: LICITAÇÃO Nº: | Q3: VALOR CONTRATADO:
B4: CONSTRUÇÃO DA CASA DE ACOLHIMENTO PARA CRIANÇAS E ADOCESLENTES, "CASA LAR", NO MUNICÍPIO DE SOUSA/PB. | O4: 682/2023 | P4: 03/2023 | Q4: 1240378.4
B5: EMPRESA CONTRATADA: | E5: CNPJ: | O5: CONTRATANTE:
B6: ALX CONSTRUÇÕES E LOCAÇÕES | E6: 17.490.708/0001-70 | O6: PREFEITURA MUNICIPAL DE SOUSA
B7: DATA | D7: PERÍODO DA MEDIÇÃO | E7: VALOR DA MEDIÇÃO: | H7: VALOR ACUMULADO ANTERIOR: | J7: VALOR ACUMULADO ANTERIOR: | K7: VALOR ACUMULADO ANTERIOR: | L7: VALOR ACUMULADO ANTERIOR: | Q7: MEDIÇÃO:
B8: 45422 | D8: 04/04/2024 a 10/05/2024 | E8: =V196 -> 103177.49 | H8: =Y196-E8 -> 274592.68 | J8: =Y196-E8 -> 274592.68 | Q8: 05
B10: ITEM | C10: CÓDIGO | D10: DESCRIÇÃO | E10: UND | F10: CUSTO UNITÁRIO (C/ BDI) | G10: QUANTIDADE | Q10: FINANCEIRO
G11: PREVISTA | H11: MEDIDA NO PERÍODO 1 | I11: MEDIDA NO PERÍODO 2 | J11: MEDIDA NO PERÍODO 3 | K11: MEDIDA NO PERÍODO 4 | L11: MEDIDA NO PERÍODO 5 | M11: MEDIDA NO PERÍODO 6 | N11: MEDIDA NO PERÍODO 7 | O11: ACUMULADA (INCLUSIVE ESTA) | P11: SALDO | Q11: PREVISTA | R11: MEDIDA NO PERÍODO 01 | S11: MEDIDA NO PERÍODO 2 | T11: MEDIDA NO PERÍODO 3 | U11: MEDIDA NO PERÍODO 4 | V11: MEDIDA NO PERÍODO 5 | W11: MEDIDA NO PERÍODO 6 | X11: MEDIDA NO PERÍODO 7 | Y11: ACUMULADA (INCLUSIVE ESTA) | Z11: SALDO
B12: 1 | C12: CONSTRUÇÃO DA CASA DE ACOLHIMENTO PARA CRIANÇAS E ADOLESCENTES - CASA LAR, NO MUNICÍPIO DE SOUSA - PB
B13: 1.1 | C13: SERVIÇOS PRELIMINARES
B14: 1.1.1 | C14: composição 1 | D14: PLACA DE OBRA EM CHAPA DE ACO GALVANIZADO [ADAPTADO SINAPI 74209/01] | E14: M2 | F14: 414.1 | G14: 6 | H14: ='MEMORIAL DE CALCULO 01'!K14 -> 6 | O14: =H14+I14+J14+K14+L14+M14+N14 -> 6 | P14: =G14-O14 -> 0 | Q14: =F14*G14 -> 2484.6 | R14: =F14*H14 -> 2484.6 | S14: =F14*I14 -> 0 | T14: =TRUNC(F14*J14,2) -> 0 | U14: =TRUNC(F14*K14,2) -> 0 | V14: =TRUNC(F14*L14,2) -> 0 | W14: =K14*M14 -> 0 | X14: =L14*N14 -> 0 | Y14: =R14+S14+T14+U14+V14+W14 -> 2484.6 | Z14: =Q14-Y14 -> 0
B15: 1.1.2 | C15: 93209 | D15: EXECUÇÃO DE ALMOXARIFADO EM CANTEIRO DE OBRA EM ALVENARIA, INCLUSO PRATELEIRAS. AF_02/2016 | E15: M2 | F15: 947.21 | G15: 5 | H15: 2.25 | I15: ='MEMORIAL DE CALCULO 02'!K15 -> 2.75 | O15: =H15+I15+J15+K15+L15+M15+N15 -> 5 | P15: =G15-O15 -> 0 | Q15: =F15*G15 -> 4736.05 | R15: =F15*H15 -> 2131.2225 | S15: =F15*I15 -> 2604.8275 | T15: =F15*J15 -> 0 | U15: =TRUNC(F15*K15,2) -> 0 | V15: =TRUNC(F15*L15,2) -> 0 | Y15: =R15+S15+T15+U15+V15+W15 -> 4736.05 | Z15: =Q15-Y15 -> 0
B16: 1.1.3 | C16: 93206 | D16: EXECUÇÃO DE ESCRITÓRIO EM CANTEIRO DE OBRA EM ALVENARIA, NÃO INCLUSO MOBILIÁRIO E EQUIPAMENTOS. AF_02/2016 | E16: M2 | F16: 1086.7 | G16: 5 | H16: 2.25 | I16: ='MEMORIAL DE CALCULO 02'!K16 -> 2.75 | O16: =H16+I16+J16+K16+L16+M16+N16 -> 5 | P16: =G16-O16 -> 0 | Q16: =F16*G16 -> 5433.5 | R16: =F16*H16 -> 2445.075 | S16: =F16*I16 -> 2988.425 | T16: =F16*J16 -> 0 | U16: =TRUNC(F16*K16,2) -> 0 | V16: =TRUNC(F16*L16,2) -> 0 | Y16: =R16+S16+T16+U16+V16+W16 -> 5433.5 | Z16: =Q16-Y16 -> 0
B17: 1.1.4 | C17: composição 11 | D17: Tapume em chapa compensada esp = 10mm (1 uso). [ADAPTADO ORSE 53] | E17: M2 | F17: 102.24 | G17: 277.4 | H17: 258.4 | I17: ='MEMORIAL DE CALCULO 02'!K17 -> 19 | O17: =H17+I17+J17+K17+L17+M17+N17 -> 277.4 | P17: =G17-O17 -> 0 | Q17: =F17*G17 -> 28361.376 | R17: =F17*H17 -> 26418.816 | S17: =F17*I17 -> 1942.56 | T17: =F17*J17 -> 0 | U17: =TRUNC(F17*K17,2) -> 0 | V17: =TRUNC(F17*L17,2) -> 0 | Y17: =R17+S17+T17+U17+V17+W17 -> 28361.376 | Z17: =Q17-Y17 -> 0
B18: 1.1.5 | C18: 98524 | D18: LIMPEZA MANUAL DE VEGETAÇÃO EM TERRENO COM ENXADA.AF_05/2018 | E18: M2 | F18: 2.29 | G18: 1430.2 | O18: =H18+I18+J18+K18+L18+M18+N18 -> 0 | P18: =G18-O18 -> 1430.2 | Q18: =F18*G18 -> 3275.158 | R18: =F18*H18 -> 0 | S18: =F18*I18 -> 0 | T18: =F18*J18 -> 0 | U18: =TRUNC(F18*K18,2) -> 0 | V18: =TRUNC(F18*L18,2) -> 0 | Y18: =R18+S18+T18+U18+V18+W18 -> 0 | Z18: =Q18-Y18 -> 3275.158
B19: 1.1.6 | C19: 100575 | D19: REGULARIZAÇÃO DE SUPERFÍCIES COM MOTONIVELADORA. AF_11/2019 | E19: M2 | F19: 0.12 | G19: 1430.2 | O19: =H19+I19+J19+K19+L19+M19+N19 -> 0 | P19: =G19-O19 -> 1430.2 | Q19: =F19*G19 -> 171.624 | R19: =F19*H19 -> 0 | S19: =F19*I19 -> 0 | T19: =F19*J19 -> 0 | U19: =TRUNC(F19*K19,2) -> 0 | V19: =TRUNC(F19*L19,2) -> 0 | Y19: =R19+S19+T19+U19+V19+W19 -> 0 | Z19: =Q19-Y19 -> 171.624
B20: 1.2 | C20: MOVIMENTO DE TERRA | R20: =F20*H20 -> 0 | S20: =F20*I20 -> 0 | T20: =F20*J20 -> 0 | U20: =TRUNC(F20*K20,2) -> 0 | V20: =TRUNC(F20*L20,2) -> 0 | Y20: =R20+S20+T20+U20+V20+W20 -> 0 | Z20: =Q20-Y20 -> 0
B21: 1.2.1 | C21: 99059 | D21: LOCACAO CONVENCIONAL DE OBRA, UTILIZANDO GABARITO DE TÁBUAS CORRIDAS PONTALETADAS A CADA 2,00M - 2 UTILIZAÇÕES. AF_10/2018 | E21: M | F21: 52.4 | G21: 137.5 | H21: ='MEMORIAL DE CALCULO 01'!K22 -> 137.5 | O21: =H21+I21+J21+K21+L21+M21+N21 -> 137.5 | P21: =G21-O21 -> 0 | Q21: =F21*G21 -> 7205 | R21: =F21*H21 -> 7205 | S21: =F21*I21 -> 0 | T21: =F21*J21 -> 0 | U21: =TRUNC(F21*K21,2) -> 0 | V21: =TRUNC(F21*L21,2) -> 0 | Y21: =R21+S21+T21+U21+V21+W21 -> 7205 | Z21: =Q21-Y21 -> 0
B22: 1.2.2 | C22: 93358 | D22: ESCAVAÇÃO MANUAL DE VALA COM PROFUNDIDADE MENOR OU IGUAL A 1,30 M. AF_02/2021 | E22: M3 | F22: 64.95 | G22: 89.01 | H22: ='MEMORIAL DE CALCULO 01'!K23 -> 69.93925 | I22: ='MEMORIAL DE CALCULO 02'!K25 -> 1.20537 | J22: ='MEMORIAL DE CALCULO 03'!K25 -> 14.04 | O22: =H22+I22+J22+K22+L22+M22+N22 -> 85.18462 | P22: =G22-O22 -> 3.82538 | Q22: =F22*G22 -> 5781.1995 | R22: =F22*H22 -> 4542.5543 | S22: =F22*I22 -> 78.288781 | T22: =F22*J22 -> 911.898 | U22: =TRUNC(F22*K22,2) -> 0 | V22: =TRUNC(F22*L22,2) -> 0 | Y22: =R22+S22+T22+U22+V22+W22 -> 5532.7411 | Z22: =Q22-Y22 -> 248.45843
B23: 1.2.3 | C23: 96995 | D23: REATERRO MANUAL APILOADO COM SOQUETE. AF_10/2017 | E23: M3 | F23: 39.37 | G23: 44.26 | J23: ='MEMORIAL DE CALCULO 03'!K68 -> 43.05 | O23: =H23+I23+J23+K23+L23+M23+N23 -> 43.05 | P23: =G23-O23 -> 1.21 | Q23: =F23*G23 -> 1742.5162 | R23: =F23*H23 -> 0 | S23: =F23*I23 -> 0 | T23: =F23*J23 -> 1694.8785 | U23: =TRUNC(F23*K23,2) -> 0 | V23: =TRUNC(F23*L23,2) -> 0 | Y23: =R23+S23+T23+U23+V23+W23 -> 1694.8785 | Z23: =Q23-Y23 -> 47.6377
B24: 1.2.4 | C24: 94319 | D24: ATERRO MANUAL DE VALAS COM SOLO ARGILO-ARENOSO E COMPACTAÇÃO MECANIZADA. AF_05/2016 | E24: M3 | F24: 74.51 | G24: 93.63 | K24: 0 | O24: =H24+I24+J24+K24+L24+M24+N24 -> 0 | P24: =G24-O24 -> 93.63 | Q24: =F24*G24 -> 6976.3713 | R24: =F24*H24 -> 0 | S24: =F24*I24 -> 0 | T24: =F24*J24 -> 0 | U24: =TRUNC(F24*K24,2) -> 0 | V24: =TRUNC(F24*L24,2) -> 0 | Y24: =R24+S24+T24+U24+V24+W24 -> 0 | Z24: =Q24-Y24 -> 6976.3713
B25: 1.3 | C25: FUNDAÇÃO | R25: =F25*H25 -> 0 | S25: =F25*I25 -> 0 | T25: =F25*J25 -> 0 | U25: =TRUNC(F25*K25,2) -> 0 | V25: =TRUNC(F25*L25,2) -> 0 | Y25: =R25+S25+T25+U25+V25+W25 -> 0 | Z25: =Q25-Y25 -> 0
B26: 1.3.1 | C26: composição 12 | D26: ALVENARIA DE EMBASAMENTO COM BLOCO CERÂMICO DE 9X14X19CM E ARGAMASSA DE ASSENTAMENTO COM PREPARO EM BETONEIRA. AF_05/2020. [ADAPTADO SINAPI 101166] | E26: M3 | F26: 411.48 | G26: 13.99 | I26: ='MEMORIAL DE CALCULO 02'!K54 -> 7.34341 | J26: 6.642 | O26: =H26+I26+J26+K26+L26+M26+N26 -> 13.98541 | P26: =G26-O26 -> 0.00459 | Q26: =F26*G26 -> 5756.6052 | R26: =F26*H26 -> 0 | S26: =F26*I26 -> 3021.6663 | T26: =TRUNC(F26*J26,2) -> 2733.05 | U26: =TRUNC(F26*K26,2) -> 0 | V26: =TRUNC(F26*L26,2) -> 0 | Y26: =R26+S26+T26+U26+V26+W26 -> 5754.7163 | Z26: =Q26-Y26 -> 1.8888532
B27: 1.3.2 | C27: 101616 | D27: PREPARO DE FUNDO DE VALA COM LARGURA MENOR QUE 1,5 M (ACERTO DO SOLO NATURAL). AF_08/2020 | E27: M2 | F27: 4.91 | G27: 37.81 | I27: 37.81 | O27: =H27+I27+J27+K27+L27+M27+N27 -> 37.81 | P27: =G27-O27 -> 0 | Q27: =F27*G27 -> 185.6471 | R27: =F27*H27 -> 0 | S27: =F27*I27 -> 185.6471 | T27: =F27*J27 -> 0 | U27: =TRUNC(F27*K27,2) -> 0 | V27: =TRUNC(F27*L27,2) -> 0 | Y27: =R27+S27+T27+U27+V27+W27 -> 185.6471 | Z27: =Q27-Y27 -> 0
B28: 1.3.3 | C28: 96619 | D28: LASTRO DE CONCRETO MAGRO, APLICADO EM BLOCOS DE COROAMENTO OU SAPATAS, ESPESSURA DE 5 CM. AF_08/2017 | E28: M2 | F28: 30.67 | G28: 77.41 | I28: 37.81 | O28: =H28+I28+J28+K28+L28+M28+N28 -> 37.81 | P28: =G28-O28 -> 39.6 | Q28: =F28*G28 -> 2374.1647 | R28: =F28*H28 -> 0 | S28: =F28*I28 -> 1159.6327 | T28: =F28*J28 -> 0 | U28: =TRUNC(F28*K28,2) -> 0 | V28: =TRUNC(F28*L28,2) -> 0 | Y28: =R28+S28+T28+U28+V28+W28 -> 1159.6327 | Z28: =Q28-Y28 -> 1214.532
B29: 1.3.4 | C29: 96545 | D29: ARMAÇÃO DE BLOCO, VIGA BALDRAME OU SAPATA UTILIZANDO AÇO CA-50 DE 8 MM - MONTAGEM. AF_06/2017 | E29: KG | F29: 15.99 | G29: 537.3 | I29: ='MEMORIAL DE CALCULO 02'!K90 -> 44.52045 | J29: 492.7794 | O29: =H29+I29+J29+K29+L29+M29+N29 -> 537.29985 | P29: =G29-O29 -> 0.00015 | Q29: =F29*G29 -> 8591.427 | R29: =F29*H29 -> 0 | S29: =F29*I29 -> 711.882 | T29: =F29*J29 -> 7879.5426 | U29: =TRUNC(F29*K29,2) -> 0 | V29: =TRUNC(F29*L29,2) -> 0 | Y29: =R29+S29+T29+U29+V29+W29 -> 8591.4246 | Z29: =Q29-Y29 -> 0.0023985
B30: 1.3.5 | C30: 94966 | D30: CONCRETO FCK = 30MPA, TRAÇO 1:2,1:2,5 (EM MASSA SECA DE CIMENTO/ AREIA MÉDIA/ BRITA 1) - PREPARO MECÂNICO COM BETONEIRA 400 L. AF_05/2021 | E30: M3 | F30: 530.88 | G30: 21.16 | I30: ='MEMORIAL DE CALCULO 02'!K99 -> 8.413055 | J30: 12.74692 | O30: =H30+I30+J30+K30+L30+M30+N30 -> 21.159975 | P30: =G30-O30 -> 2.5e-05 | Q30: =F30*G30 -> 11233.421 | R30: =F30*H30 -> 0 | S30: =F30*I30 -> 4466.3226 | T30: =F30*J30 -> 6767.0849 | U30: =TRUNC(F30*K30,2) -> 0 | V30: =TRUNC(F30*L30,2) -> 0 | Y30: =R30+S30+T30+U30+V30+W30 -> 11233.408 | Z30: =Q30-Y30 -> 0.013272
B31: 1.3.6 | C31: 94964 | D31: CONCRETO FCK = 20MPA, TRAÇO 1:2,7:3 (EM MASSA SECA DE CIMENTO/ AREIA MÉDIA/ BRITA 1) - PREPARO MECÂNICO COM BETONEIRA 400 L. AF_05/2021 | E31: M3 | F31: 488.69 | G31: 9.6 | J31: 9.6 | O31: =H31+I31+J31+K31+L31+M31+N31 -> 9.6 | P31: =G31-O31 -> 0 | Q31: =F31*G31 -> 4691.424 | R31: =F31*H31 -> 0 | S31: =F31*I31 -> 0 | T31: =F31*J31 -> 4691.424 | U31: =TRUNC(F31*K31,2) -> 0 | V31: =TRUNC(F31*L31,2) -> 0 | Y31: =R31+S31+T31+U31+V31+W31 -> 4691.424 | Z31: =Q31-Y31 -> 0
B32: 1.3.7 | C32: 103670 | D32: LANÇAMENTO COM USO DE BALDES, ADENSAMENTO E ACABAMENTO DE CONCRETO EM ESTRUTURAS. AF_02/2022 | E32: M3 | F32: 230.55 | G32: 30.76 | I32: ='MEMORIAL DE CALCULO 02'!K151 -> 18.013055 | J32: 12.74697 | O32: =H32+I32+J32+K32+L32+M32+N32 -> 30.760025 | P32: =G32-O32 -> -2.5e-05 | Q32: =F32*G32 -> 7091.718 | R32: =F32*H32 -> 0 | S32: =F32*I32 -> 4152.9098 | T32: =F32*J32 -> 2938.8139 | U32: =TRUNC(F32*K32,2) -> 0 | V32: =TRUNC(F32*L32,2) -> 0 | Y32: =R32+S32+T32+U32+V32+W32 -> 7091.7238 | Z32: =Q32-Y32 -> -0.00576375
B33: 1.3.8 | C33: 96543 | D33: ARMAÇÃO DE BLOCO, VIGA BALDRAME E SAPATA UTILIZANDO AÇO CA-60 DE 5 MM - MONTAGEM. AF_06/2017 | E33: KG | F33: 17.5 | G33: 404.4 | I33: ='MEMORIAL DE CALCULO 02'!K153 -> 194.26804 | J33: ='MEMORIAL DE CALCULO 03'!K262 -> 210.13 | O33: =H33+I33+J33+K33+L33+M33+N33 -> 404.39804 | P33: =G33-O33 -> 0.0019568 | Q33: =F33*G33 -> 7077 | R33: =F33*H33 -> 0 | S33: =F33*I33 -> 3399.6908 | T33: =F33*J33 -> 3677.275 | U33: =TRUNC(F33*K33,2) -> 0 | V33: =TRUNC(F33*L33,2) -> 0 | Y33: =R33+S33+T33+U33+V33+W33 -> 7076.9658 | Z33: =Q33-Y33 -> 0.034244
B34: 1.3.9 | C34: 96544 | D34: ARMAÇÃO DE BLOCO, VIGA BALDRAME OU SAPATA UTILIZANDO AÇO CA-50 DE 6,3 MM - MONTAGEM. AF_06/2017 | E34: KG | F34: 16.59 | G34: 295 | I34: ='MEMORIAL DE CALCULO 02'!K193 -> 295 | O34: =H34+I34+J34+K34+L34+M34+N34 -> 295 | P34: =G34-O34 -> 0 | Q34: =F34*G34 -> 4894.05 | R34: =F34*H34 -> 0 | S34: =F34*I34 -> 4894.05 | T34: =F34*J34 -> 0 | U34: =TRUNC(F34*K34,2) -> 0 | V34: =TRUNC(F34*L34,2) -> 0 | Y34: =R34+S34+T34+U34+V34+W34 -> 4894.05 | Z34: =Q34-Y34 -> 0
B35: 1.3.10 | C35: 96546 | D35: ARMAÇÃO DE BLOCO, VIGA BALDRAME OU SAPATA UTILIZANDO AÇO CA-50 DE 10 MM - MONTAGEM. AF_06/2017 | E35: KG | F35: 14.35 | G35: 534.1 | I35: 534.1 | O35: =H35+I35+J35+K35+L35+M35+N35 -> 534.1 | P35: =G35-O35 -> 0 | Q35: =F35*G35 -> 7664.335 | R35: =F35*H35 -> 0 | S35: =F35*I35 -> 7664.335 | T35: =F35*J35 -> 0 | U35: =TRUNC(F35*K35,2) -> 0 | V35: =TRUNC(F35*L35,2) -> 0 | Y35: =R35+S35+T35+U35+V35+W35 -> 7664.335 | Z35: =Q35-Y35 -> 0
B36: 1.3.11 | C36: 96547 | D36: ARMAÇÃO DE BLOCO, VIGA BALDRAME OU SAPATA UTILIZANDO AÇO CA-50 DE 12,5 MM - MONTAGEM. AF_06/2017 | E36: KG | F36: 11.9 | G36: 152.9 | I36: ='MEMORIAL DE CALCULO 02'!K221 -> 100.55646 | J36: ='MEMORIAL DE CALCULO 03'!K330 -> 52.34 | O36: =H36+I36+J36+K36+L36+M36+N36 -> 152.89646 | P36: =G36-O36 -> 0.00354 | Q36: =F36*G36 -> 1819.51 | R36: =F36*H36 -> 0 | S36: =F36*I36 -> 1196.6219 | T36: =F36*J36 -> 622.846 | U36: =TRUNC(F36*K36,2) -> 0 | V36: =TRUNC(F36*L36,2) -> 0 | Y36: =R36+S36+T36+U36+V36+W36 -> 1819.4679 | Z36: =Q36-Y36 -> 0.042126
B37: 1.3.12 | C37: 96536 | D37: FABRICAÇÃO, MONTAGEM E DESMONTAGEM DE FÔRMA PARA VIGA BALDRAME, EM MADEIRA SERRADA, E=25 MM, 4 UTILIZAÇÕES. AF_06/2017 | E37: M2 | F37: 69.64 | G37: 429.83 | I37: ='MEMORIAL DE CALCULO 02'!K238 -> 206.337 | J37: ='MEMORIAL DE CALCULO 03'!K340 -> 223.49 | O37: =H37+I37+J37+K37+L37+M37+N37 -> 429.827 | P37: =G37-O37 -> 0.003 | Q37: =F37*G37 -> 29933.361 | R37: =F37*H37 -> 0 | S37: =F37*I37 -> 14369.309 | T37: =F37*J37 -> 15563.844 | U37: =TRUNC(F37*K37,2) -> 0 | V37: =TRUNC(F37*L37,2) -> 0 | Y37: =R37+S37+T37+U37+V37+W37 -> 29933.152 | Z37: =Q37-Y37 -> 0.20892
B38: 1.3.13 | C38: 98557 | D38: IMPERMEABILIZAÇÃO DE SUPERFÍCIE COM EMULSÃO ASFÁLTICA, 2 DEMÃOS AF_06/2018 | E38: M2 | F38: 48.22 | G38: 253.95 | K38: ='MEMORIAL DE CALCULO 04'!K381 -> 253.95 | O38: =H38+I38+J38+K38+L38+M38+N38 -> 253.95 | P38: =G38-O38 -> 0 | Q38: =F38*G38 -> 12245.469 | R38: =F38*H38 -> 0 | S38: =F38*I38 -> 0 | T38: =F38*J38 -> 0 | U38: =TRUNC(F38*K38,2) -> 12245.46 | V38: =TRUNC(F38*L38,2) -> 0 | Y38: =R38+S38+T38+U38+V38+W38 -> 12245.46 | Z38: =Q38-Y38 -> 0.009
B39: 1.4 | C39: ESTRUTURA | R39: =F39*H39 -> 0 | S39: =F39*I39 -> 0 | T39: =F39*J39 -> 0 | U39: =TRUNC(F39*K39,2) -> 0 | V39: =TRUNC(F39*L39,2) -> 0 | Y39: =R39+S39+T39+U39+V39+W39 -> 0 | Z39: =Q39-Y39 -> 0
B40: 1.4.1 | C40: 92443 | D40: MONTAGEM E DESMONTAGEM DE FÔRMA DE PILARES RETANGULARES E ESTRUTURAS SIMILARES, PÉ-DIREITO SIMPLES, EM CHAPA DE MADEIRA COMPENSADA PLASTIFICADA, 18 UTILIZAÇÕES. AF_09/2020 | E40: M2 | F40: 40.35 | G40: 408.7 | K40: ='MEMORIAL DE CALCULO 04'!K384 -> 190.617 | L40: ='MEMORIAL DE CALCULO 05'!K384 -> 209.243 | O40: =H40+I40+J40+K40+L40+M40+N40 -> 399.86 | P40: =G40-O40 -> 8.84 | Q40: =F40*G40 -> 16491.045 | R40: =F40*H40 -> 0 | S40: =F40*I40 -> 0 | T40: =F40*J40 -> 0 | U40: =TRUNC(F40*K40,2) -> 7691.39 | V40: =TRUNC(F40*L40,2) -> 8442.95 | Y40: =R40+S40+T40+U40+V40+W40 -> 16134.34 | Z40: =Q40-Y40 -> 356.705
B41: 1.4.2 | C41: 92480 | D41: MONTAGEM E DESMONTAGEM DE FÔRMA DE VIGA, ESCORAMENTO METÁLICO, PÉ-DIREITO SIMPLES, EM CHAPA DE MADEIRA PLASTIFICADA, 18 UTILIZAÇÕES. AF_09/2020 | E41: M2 | F41: 62.17 | G41: 435.33 | O41: =H41+I41+J41+K41+L41+M41+N41 -> 0 | P41: =G41-O41 -> 435.33 | Q41: =F41*G41 -> 27064.466 | R41: =F41*H41 -> 0 | S41: =F41*I41 -> 0 | T41: =F41*J41 -> 0 | U41: =TRUNC(F41*K41,2) -> 0 | V41: =TRUNC(F41*L41,2) -> 0 | Y41: =R41+S41+T41+U41+V41+W41 -> 0 | Z41: =Q41-Y41 -> 27064.466
B42: 1.4.3 | C42: 92267 | D42: FABRICAÇÃO DE FÔRMA PARA LAJES, EM CHAPA DE MADEIRA COMPENSADA RESINADA, E = 17 MM. AF_09/2020 | E42: M2 | F42: 30.99 | G42: 111.15 | O42: =H42+I42+J42+K42+L42+M42+N42 -> 0 | P42: =G42-O42 -> 111.15 | Q42: =F42*G42 -> 3444.5385 | R42: =F42*H42 -> 0 | S42: =F42*I42 -> 0 | T42: =F42*J42 -> 0 | U42: =TRUNC(F42*K42,2) -> 0 | V42: =TRUNC(F42*L42,2) -> 0 | Y42: =R42+S42+T42+U42+V42+W42 -> 0 | Z42: =Q42-Y42 -> 3444.5385
B43: 1.4.4 | C43: 92759 | D43: ARMAÇÃO DE PILAR OU VIGA DE ESTRUTURA CONVENCIONAL DE CONCRETO ARMADO UTILIZANDO AÇO CA-60 DE 5,0 MM - MONTAGEM. AF_06/2022 | E43: KG | F43: 14.67 | G43: 1027.8 | K43: ='MEMORIAL DE CALCULO 04'!K389 -> 222.1 | L43: ='MEMORIAL DE CALCULO 05'!K389 -> 460.6 | O43: =H43+I43+J43+K43+L43+M43+N43 -> 682.7 | P43: =G43-O43 -> 345.1 | Q43: =F43*G43 -> 15077.826 | R43: =F43*H43 -> 0 | S43: =F43*I43 -> 0 | T43: =F43*J43 -> 0 | U43: =TRUNC(F43*K43,2) -> 3258.2 | V43: =TRUNC(F43*L43,2) -> 6757 | Y43: =R43+S43+T43+U43+V43+W43 -> 10015.2 | Z43: =Q43-Y43 -> 5062.626
B44: 1.4.5 | C44: 92760 | D44: ARMAÇÃO DE PILAR OU VIGA DE ESTRUTURA CONVENCIONAL DE CONCRETO ARMADO UTILIZANDO AÇO CA-50 DE 6,3 MM - MONTAGEM. AF_06/2022 | E44: KG | F44: 14.4 | G44: 39.1 | L44: ='MEMORIAL DE CALCULO 05'!K393 -> 23.46 | O44: =H44+I44+J44+K44+L44+M44+N44 -> 23.46 | P44: =G44-O44 -> 15.64 | Q44: =F44*G44 -> 563.04 | R44: =F44*H44 -> 0 | S44: =F44*I44 -> 0 | T44: =F44*J44 -> 0 | U44: =TRUNC(F44*K44,2) -> 0 | V44: =TRUNC(F44*L44,2) -> 337.82 | Y44: =R44+S44+T44+U44+V44+W44 -> 337.82 | Z44: =Q44-Y44 -> 225.22
B45: 1.4.6 | C45: 92761 | D45: ARMAÇÃO DE PILAR OU VIGA DE ESTRUTURA CONVENCIONAL DE CONCRETO ARMADO UTILIZANDO AÇO CA-50 DE 8,0 MM - MONTAGEM. AF_06/2022 | E45: KG | F45: 14.25 | G45: 1000 | L45: ='MEMORIAL DE CALCULO 05'!K395 -> 415.68 | O45: =H45+I45+J45+K45+L45+M45+N45 -> 415.68 | P45: =G45-O45 -> 584.32 | Q45: =F45*G45 -> 14250 | R45: =F45*H45 -> 0 | S45: =F45*I45 -> 0 | T45: =F45*J45 -> 0 | U45: =TRUNC(F45*K45,2) -> 0 | V45: =TRUNC(F45*L45,2) -> 5923.44 | Y45: =R45+S45+T45+U45+V45+W45 -> 5923.44 | Z45: =Q45-Y45 -> 8326.56
B46: 1.4.7 | C46: 92762 | D46: ARMAÇÃO DE PILAR OU VIGA DE ESTRUTURA CONVENCIONAL DE CONCRETO ARMADO UTILIZANDO AÇO CA-50 DE 10,0 MM - MONTAGEM. AF_06/2022 | E46: KG | F46: 12.94 | G46: 1306.1 | K46: ='MEMORIAL DE CALCULO 04'!K393 -> 601.83 | L46: ='MEMORIAL DE CALCULO 05'!K397 -> 635.57 | O46: =H46+I46+J46+K46+L46+M46+N46 -> 1237.4 | P46: =G46-O46 -> 68.7 | Q46: =F46*G46 -> 16900.934 | R46: =F46*H46 -> 0 | S46: =F46*I46 -> 0 | T46: =F46*J46 -> 0 | U46: =TRUNC(F46*K46,2) -> 7787.68 | V46: =TRUNC(F46*L46,2) -> 8224.27 | Y46: =R46+S46+T46+U46+V46+W46 -> 16011.95 | Z46: =Q46-Y46 -> 888.984
B47: 1.4.8 | C47: 92763 | D47: ARMAÇÃO DE PILAR OU VIGA DE ESTRUTURA CONVENCIONAL DE CONCRETO ARMADO UTILIZANDO AÇO CA-50 DE 12,5 MM - MONTAGEM. AF_06/2022 | E47: KG | F47: 10.71 | G47: 168.2 | K47: ='MEMORIAL DE CALCULO 04'!K396 -> 100.42 | L47: ='MEMORIAL DE CALCULO 05'!K401 -> 61.18 | O47: =H47+I47+J47+K47+L47+M47+N47 -> 161.6 | P47: =G47-O47 -> 6.6 | Q47: =F47*G47 -> 1801.422 | R47: =F47*H47 -> 0 | S47: =F47*I47 -> 0 | T47: =F47*J47 -> 0 | U47: =TRUNC(F47*K47,2) -> 1075.49 | V47: =TRUNC(F47*L47,2) -> 655.23 | Y47: =R47+S47+T47+U47+V47+W47 -> 1730.72 | Z47: =Q47-Y47 -> 70.702
B48: 1.4.9 | C48: 92768 | D48: ARMAÇÃO DE LAJE DE ESTRUTURA CONVENCIONAL DE CONCRETO ARMADO UTILIZANDO AÇO CA-60 DE 5,0 MM - MONTAGEM. AF_06/2022 | E48: KG | F48: 14.31 | G48: 158.7 | O48: =H48+I48+J48+K48+L48+M48+N48 -> 0 | P48: =G48-O48 -> 158.7 | Q48: =F48*G48 -> 2270.997 | R48: =F48*H48 -> 0 | S48: =F48*I48 -> 0 | T48: =F48*J48 -> 0 | U48: =TRUNC(F48*K48,2) -> 0 | V48: =TRUNC(F48*L48,2) -> 0 | Y48: =R48+S48+T48+U48+V48+W48 -> 0 | Z48: =Q48-Y48 -> 2270.997
B49: 1.4.10 | C49: 92769 | D49: ARMAÇÃO DE LAJE DE ESTRUTURA CONVENCIONAL DE CONCRETO ARMADO UTILIZANDO AÇO CA-50 DE 6,3 MM - MONTAGEM. AF_06/2022 | E49: KG | F49: 14.01 | G49: 170.5 | O49: =H49+I49+J49+K49+L49+M49+N49 -> 0 | P49: =G49-O49 -> 170.5 | Q49: =F49*G49 -> 2388.705 | R49: =F49*H49 -> 0 | S49: =F49*I49 -> 0 | T49: =F49*J49 -> 0 | U49: =TRUNC(F49*K49,2) -> 0 | V49: =TRUNC(F49*L49,2) -> 0 | Y49: =R49+S49+T49+U49+V49+W49 -> 0 | Z49: =Q49-Y49 -> 2388.705
B50: 1.4.11 | C50: 92770 | D50: ARMAÇÃO DE LAJE DE ESTRUTURA CONVENCIONAL DE CONCRETO ARMADO UTILIZANDO AÇO CA-50 DE 8,0 MM - MONTAGEM. AF_06/2022 | E50: KG | F50: 13.86 | G50: 279.1 | O50: =H50+I50+J50+K50+L50+M50+N50 -> 0 | P50: =G50-O50 -> 279.1 | Q50: =F50*G50 -> 3868.326 | R50: =F50*H50 -> 0 | S50: =F50*I50 -> 0 | T50: =F50*J50 -> 0 | U50: =TRUNC(F50*K50,2) -> 0 | V50: =TRUNC(F50*L50,2) -> 0 | Y50: =R50+S50+T50+U50+V50+W50 -> 0 | Z50: =Q50-Y50 -> 3868.326
B51: 1.4.12 | C51: 94966 | D51: CONCRETO FCK = 30MPA, TRAÇO 1:2,1:2,5 (EM MASSA SECA DE CIMENTO/ AREIA MÉDIA/ BRITA 1) - PREPARO MECÂNICO COM BETONEIRA 400 L. AF_05/2021 | E51: M3 | F51: 530.88 | G51: 61.56 | K51: ='MEMORIAL DE CALCULO 04'!K402 -> 10.246 | L51: ='MEMORIAL DE CALCULO 05'!K406 -> 9.184 | O51: =H51+I51+J51+K51+L51+M51+N51 -> 19.43 | P51: =G51-O51 -> 42.13 | Q51: =F51*G51 -> 32680.973 | R51: =F51*H51 -> 0 | S51: =F51*I51 -> 0 | T51: =F51*J51 -> 0 | U51: =TRUNC(F51*K51,2) -> 5439.39 | V51: =TRUNC(F51*L51,2) -> 4875.6 | Y51: =R51+S51+T51+U51+V51+W51 -> 10314.99 | Z51: =Q51-Y51 -> 22365.983
B52: 1.4.13 | C52: 103670 | D52: LANÇAMENTO COM USO DE BALDES, ADENSAMENTO E ACABAMENTO DE CONCRETO EM ESTRUTURAS. AF_02/2022 | E52: M3 | F52: 230.55 | G52: 61.56 | K52: ='MEMORIAL DE CALCULO 04'!K405 -> 10.246 | L52: ='MEMORIAL DE CALCULO 05'!K406 -> 9.184 | O52: =H52+I52+J52+K52+L52+M52+N52 -> 19.43 | P52: =G52-O52 -> 42.13 | Q52: =F52*G52 -> 14192.658 | R52: =F52*H52 -> 0 | S52: =F52*I52 -> 0 | T52: =F52*J52 -> 0 | U52: =TRUNC(F52*K52,2) -> 2362.21 | V52: =TRUNC(F52*L52,2) -> 2117.37 | Y52: =R52+S52+T52+U52+V52+W52 -> 4479.58 | Z52: =Q52-Y52 -> 9713.078
B53: 1.4.14 | C53: 92771 | D53: ARMAÇÃO DE LAJE DE ESTRUTURA CONVENCIONAL DE CONCRETO ARMADO UTILIZANDO AÇO CA-50 DE 10,0 MM - MONTAGEM. AF_06/2022 | E53: KG | F53: 12.55 | G53: 312.3 | O53: =H53+I53+J53+K53+L53+M53+N53 -> 0 | P53: =G53-O53 -> 312.3 | Q53: =F53*G53 -> 3919.365 | R53: =F53*H53 -> 0 | S53: =F53*I53 -> 0 | T53: =F53*J53 -> 0 | U53: =TRUNC(F53*K53,2) -> 0 | V53: =TRUNC(F53*L53,2) -> 0 | Y53: =R53+S53+T53+U53+V53+W53 -> 0 | Z53: =Q53-Y53 -> 3919.365
B54: 1.4.15 | C54: 92772 | D54: ARMAÇÃO DE LAJE DE ESTRUTURA CONVENCIONAL DE CONCRETO ARMADO UTILIZANDO AÇO CA-50 DE 12,5 MM - MONTAGEM. AF_06/2022 | E54: KG | F54: 10.39 | G54: 154.8 | O54: =H54+I54+J54+K54+L54+M54+N54 -> 0 | P54: =G54-O54 -> 154.8 | Q54: =F54*G54 -> 1608.372 | R54: =F54*H54 -> 0 | S54: =F54*I54 -> 0 | T54: =F54*J54 -> 0 | U54: =TRUNC(F54*K54,2) -> 0 | V54: =TRUNC(F54*L54,2) -> 0 | Y54: =R54+S54+T54+U54+V54+W54 -> 0 | Z54: =Q54-Y54 -> 1608.372
B55: 1.5 | C55: PAREDES | R55: =F55*H55 -> 0 | S55: =F55*I55 -> 0 | T55: =F55*J55 -> 0 | U55: =TRUNC(F55*K55,2) -> 0 | V55: =TRUNC(F55*L55,2) -> 0 | Y55: =R55+S55+T55+U55+V55+W55 -> 0 | Z55: =Q55-Y55 -> 0
B56: 1.5.1 | C56: 103356 | D56: ALVENARIA DE VEDAÇÃO DE BLOCOS CERÂMICOS FURADOS NA HORIZONTAL DE 9X19X29 CM (ESPESSURA 9 CM) E ARGAMASSA DE ASSENTAMENTO COM PREPARO EM BETONEIRA. AF_12/2021 | E56: M2 | F56: 46.86 | G56: 1131.99 | K56: ='MEMORIAL DE CALCULO 04'!K410 -> 354.685 | L56: ='MEMORIAL DE CALCULO 05'!K413 -> 492.16 | O56: =H56+I56+J56+K56+L56+M56+N56 -> 846.845 | P56: =G56-O56 -> 285.145 | Q56: =F56*G56 -> 53045.051 | R56: =F56*H56 -> 0 | S56: =F56*I56 -> 0 | T56: =F56*J56 -> 0 | U56: =TRUNC(F56*K56,2) -> 16620.53 | V56: =TRUNC(F56*L56,2) -> 23062.61 | Y56: =R56+S56+T56+U56+V56+W56 -> 39683.14 | Z56: =Q56-Y56 -> 13361.911
B57: 1.5.2 | C57: 93189 | D57: VERGA MOLDADA IN LOCO EM CONCRETO PARA PORTAS COM MAIS DE 1,5 M DE VÃO. AF_03/2016 | E57: M | F57: 99.36 | G57: 64.1 | K57: ='MEMORIAL DE CALCULO 04'!K484 -> 10.2 | L57: ='MEMORIAL DE CALCULO 05'!K479 -> 53.9 | O57: =H57+I57+J57+K57+L57+M57+N57 -> 64.1 | P57: =G57-O57 -> 0 | Q57: =F57*G57 -> 6368.976 | R57: =F57*H57 -> 0 | S57: =F57*I57 -> 0 | T57: =F57*J57 -> 0 | U57: =TRUNC(F57*K57,2) -> 1013.47 | V57: =TRUNC(F57*L57,2) -> 5355.5 | Y57: =R57+S57+T57+U57+V57+W57 -> 6368.97 | Z57: =Q57-Y57 -> 0.006
B58: 1.5.3 | C58: 93191 | D58: VERGA MOLDADA IN LOCO COM UTILIZAÇÃO DE BLOCOS CANALETA PARA JANELAS COM MAIS DE 1,5 M DE VÃO. AF_03/2016 | E58: M | F58: 50.71 | G58: 72.2 | K58: ='MEMORIAL DE CALCULO 04'!K488 -> 11.6 | L58: ='MEMORIAL DE CALCULO 05'!K486 -> 60.6 | O58: =H58+I58+J58+K58+L58+M58+N58 -> 72.2 | P58: =G58-O58 -> 0 | Q58: =F58*G58 -> 3661.262 | R58: =F58*H58 -> 0 | S58: =F58*I58 -> 0 | T58: =F58*J58 -> 0 | U58: =TRUNC(F58*K58,2) -> 588.23 | V58: =TRUNC(F58*L58,2) -> 3073.02 | Y58: =R58+S58+T58+U58+V58+W58 -> 3661.25 | Z58: =Q58-Y58 -> 0.012
B59: 1.5.4 | C59: 93197 | D59: CONTRAVERGA MOLDADA IN LOCO EM CONCRETO PARA VÃOS DE MAIS DE 1,5 M DE COMPRIMENTO. AF_03/2016 | E59: M | F59: 90.23 | G59: 72.2 | K59: ='MEMORIAL DE CALCULO 04'!K492 -> 11.6 | L59: ='MEMORIAL DE CALCULO 05'!K493 -> 60.6 | O59: =H59+I59+J59+K59+L59+M59+N59 -> 72.2 | P59: =G59-O59 -> 0 | Q59: =F59*G59 -> 6514.606 | R59: =F59*H59 -> 0 | S59: =F59*I59 -> 0 | T59: =F59*J59 -> 0 | U59: =TRUNC(F59*K59,2) -> 1046.66 | V59: =TRUNC(F59*L59,2) -> 5467.93 | Y59: =R59+S59+T59+U59+V59+W59 -> 6514.59 | Z59: =Q59-Y59 -> 0.016
B60: 1.6 | C60: REVESTIMENTOS INTERNOS | R60: =F60*H60 -> 0 | S60: =F60*I60 -> 0 | T60: =F60*J60 -> 0 | U60: =TRUNC(F60*K60,2) -> 0 | V60: =TRUNC(F60*L60,2) -> 0 | Y60: =R60+S60+T60+U60+V60+W60 -> 0 | Z60: =Q60-Y60 -> 0
B61: 1.6.1 | C61: 87893 | D61: CHAPISCO APLICADO EM ALVENARIA (SEM PRESENÇA DE VÃOS) E ESTRUTURAS DE CONCRETO DE FACHADA, COM COLHER DE PEDREIRO. ARGAMASSA TRAÇO 1:3 COM PREPARO MANUAL. AF_10/2022 | E61: M2 | F61: 6.08 | G61: 1348.98 | L61: 1348.98 | O61: =H61+I61+J61+K61+L61+M61+N61 -> 1348.98 | P61: =G61-O61 -> 0 | Q61: =F61*G61 -> 8201.7984 | R61: =F61*H61 -> 0 | S61: =F61*I61 -> 0 | T61: =F61*J61 -> 0 | U61: =TRUNC(F61*K61,2) -> 0 | V61: =TRUNC(F61*L61,2) -> 8201.79 | Y61: =R61+S61+T61+U61+V61+W61 -> 8201.79 | Z61: =Q61-Y61 -> 0.0084
B62: 1.6.2 | C62: 87548 | D62: MASSA ÚNICA, PARA RECEBIMENTO DE PINTURA, EM ARGAMASSA TRAÇO 1:2:8, PREPARO MANUAL, APLICADA MANUALMENTE EM FACES INTERNAS DE PAREDES, ESPESSURA DE 10MM, COM EXECUÇÃO DE TALISCAS. AF_06/2014 | E62: M2 | F62: 22.4 | G62: 997.11 | O62: =H62+I62+J62+K62+L62+M62+N62 -> 0 | P62: =G62-O62 -> 997.11 | Q62: =F62*G62 -> 22335.264 | R62: =F62*H62 -> 0 | S62: =F62*I62 -> 0 | T62: =F62*J62 -> 0 | U62: =TRUNC(F62*K62,2) -> 0 | V62: =TRUNC(F62*L62,2) -> 0 | Y62: =R62+S62+T62+U62+V62+W62 -> 0 | Z62: =Q62-Y62 -> 22335.264
B63: 1.6.3 | C63: 87536 | D63: EMBOÇO, PARA RECEBIMENTO DE CERÂMICA, EM ARGAMASSA TRAÇO 1:2:8, PREPARO MANUAL, APLICADO MANUALMENTE EM FACES INTERNAS DE PAREDES, PARA AMBIENTE COM ÁREA MAIOR QUE 10M2, ESPESSURA DE 20MM, COM EXECUÇÃO DE TALISCAS. AF_06/2014 | E63: M2 | F63: 31.26 | G63: 351.87 | O63: =H63+I63+J63+K63+L63+M63+N63 -> 0 | P63: =G63-O63 -> 351.87 | Q63: =F63*G63 -> 10999.456 | R63: =F63*H63 -> 0 | S63: =F63*I63 -> 0 | T63: =F63*J63 -> 0 | U63: =TRUNC(F63*K63,2) -> 0 | V63: =TRUNC(F63*L63,2) -> 0 | Y63: =R63+S63+T63+U63+V63+W63 -> 0 | Z63: =Q63-Y63 -> 10999.456
B64: 1.6.4 | C64: 87275 | D64: REVESTIMENTO CERÂMICO PARA PAREDES INTERNAS COM PLACAS TIPO ESMALTADA EXTRA DE DIMENSÕES 33X45 CM APLICADAS A MEIA ALTURA DAS PAREDES. AF_02/2023_PE | E64: M2 | F64: 75.14 | G64: 351.87 | O64: =H64+I64+J64+K64+L64+M64+N64 -> 0 | P64: =G64-O64 -> 351.87 | Q64: =F64*G64 -> 26439.512 | R64: =F64*H64 -> 0 | S64: =F64*I64 -> 0 | T64: =F64*J64 -> 0 | U64: =TRUNC(F64*K64,2) -> 0 | V64: =TRUNC(F64*L64,2) -> 0 | Y64: =R64+S64+T64+U64+V64+W64 -> 0 | Z64: =Q64-Y64 -> 26439.512
B65: 1.7 | C65: ESQUADRIAS | R65: =F65*H65 -> 0 | S65: =F65*I65 -> 0 | T65: =F65*J65 -> 0 | U65: =TRUNC(F65*K65,2) -> 0 | V65: =TRUNC(F65*L65,2) -> 0 | Y65: =R65+S65+T65+U65+V65+W65 -> 0 | Z65: =Q65-Y65 -> 0
B66: 1.7.1 | C66: 91315 | D66: KIT DE PORTA DE MADEIRA PARA PINTURA, SEMI-OCA (LEVE OU MÉDIA), PADRÃO POPULAR, 90X210CM, ESPESSURA DE 3,5CM, ITENS INCLUSOS: DOBRADIÇAS, MONTAGEM E INSTALAÇÃO DO BATENTE, FECHADURA COM EXECUÇÃO DO FURO - FORNECIMENTO E INSTALAÇÃO. AF_12/2019 | E66: UN | F66: 919.01 | G66: 18 | O66: =H66+I66+J66+K66+L66+M66+N66 -> 0 | P66: =G66-O66 -> 18 | Q66: =F66*G66 -> 16542.18 | R66: =F66*H66 -> 0 | S66: =F66*I66 -> 0 | T66: =F66*J66 -> 0 | U66: =TRUNC(F66*K66,2) -> 0 | V66: =TRUNC(F66*L66,2) -> 0 | Y66: =R66+S66+T66+U66+V66+W66 -> 0 | Z66: =Q66-Y66 -> 16542.18
B67: 1.7.2 | C67: 94570 | D67: JANELA DE ALUMÍNIO DE CORRER COM 2 FOLHAS PARA VIDROS, COM VIDROS, BATENTE, ACABAMENTO COM ACETATO OU BRILHANTE E FERRAGENS. EXCLUSIVE ALIZAR E CONTRAMARCO. FORNECIMENTO E INSTALAÇÃO. AF_12/2019 | E67: M2 | F67: 960.32 | G67: 49.7 | O67: =H67+I67+J67+K67+L67+M67+N67 -> 0 | P67: =G67-O67 -> 49.7 | Q67: =F67*G67 -> 47727.904 | R67: =F67*H67 -> 0 | S67: =F67*I67 -> 0 | T67: =F67*J67 -> 0 | U67: =TRUNC(F67*K67,2) -> 0 | V67: =TRUNC(F67*L67,2) -> 0 | Y67: =R67+S67+T67+U67+V67+W67 -> 0 | Z67: =Q67-Y67 -> 47727.904
B68: 1.7.3 | C68: 100689 | D68: KIT DE PORTA DE MADEIRA FRISADA, SEMI-OCA (LEVE OU MÉDIA), PADRÃO MÉDIO, 80X210CM, ESPESSURA DE 3,5CM, ITENS INCLUSOS: DOBRADIÇAS, MONTAGEM E INSTALAÇÃO DE BATENTE, FECHADURA COM EXECUÇÃO DO FURO - FORNECIMENTO E INSTALAÇÃO. AF_12/2019 | E68: UN | F68: 1069.74 | G68: 5 | O68: =H68+I68+J68+K68+L68+M68+N68 -> 0 | P68: =G68-O68 -> 5 | Q68: =F68*G68 -> 5348.7 | R68: =F68*H68 -> 0 | S68: =F68*I68 -> 0 | T68: =F68*J68 -> 0 | U68: =TRUNC(F68*K68,2) -> 0 | V68: =TRUNC(F68*L68,2) -> 0 | Y68: =R68+S68+T68+U68+V68+W68 -> 0 | Z68: =Q68-Y68 -> 5348.7
B69: 1.7.4 | C69: composição 3 | D69: PORTA EM MADEIRA , LISA, SEMI-ÔCA, 1.46 X 2.10 M, COM DUAS FOLHAS, INCLUSIVE BATENTES E FERRAGENS - REV 02[ADAPTADO DE ORSE 7149] | E69: UND | F69: 2030.34 | G69: 1 | O69: =H69+I69+J69+K69+L69+M69+N69 -> 0 | P69: =G69-O69 -> 1 | Q69: =F69*G69 -> 2030.34 | R69: =F69*H69 -> 0 | S69: =F69*I69 -> 0 | T69: =F69*J69 -> 0 | U69: =TRUNC(F69*K69,2) -> 0 | V69: =TRUNC(F69*L69,2) -> 0 | Y69: =R69+S69+T69+U69+V69+W69 -> 0 | Z69: =Q69-Y69 -> 2030.34
B70: 1.7.5 | C70: composição 4 | D70: PORTÃO EM ALUMÍNIO, COR N/B/P, EM PERFÍS BÚZIO QUADRADO OU LAMBRIL, COMPLETO INCLUSIVE RODÍZIOS, PERFÍS E FECHADURA- ORSE - ORSE 11955 | E70: UND | F70: 4697.45 | G70: 3 | O70: =H70+I70+J70+K70+L70+M70+N70 -> 0 | P70: =G70-O70 -> 3 | Q70: =F70*G70 -> 14092.35 | R70: =F70*H70 -> 0 | S70: =F70*I70 -> 0 | T70: =F70*J70 -> 0 | U70: =TRUNC(F70*K70,2) -> 0 | V70: =TRUNC(F70*L70,2) -> 0 | Y70: =R70+S70+T70+U70+V70+W70 -> 0 | Z70: =Q70-Y70 -> 14092.35
B71: 1.7.6 | C71: 91341 | D71: PORTA EM ALUMÍNIO DE ABRIR TIPO VENEZIANA COM GUARNIÇÃO, FIXAÇÃO COM PARAFUSOS - FORNECIMENTO E INSTALAÇÃO. AF_12/2019 | E71: M2 | F71: 976.37 | G71: 12.96 | O71: =H71+I71+J71+K71+L71+M71+N71 -> 0 | P71: =G71-O71 -> 12.96 | Q71: =F71*G71 -> 12653.755 | R71: =F71*H71 -> 0 | S71: =F71*I71 -> 0 | T71: =F71*J71 -> 0 | U71: =TRUNC(F71*K71,2) -> 0 | V71: =TRUNC(F71*L71,2) -> 0 | Y71: =R71+S71+T71+U71+V71+W71 -> 0 | Z71: =Q71-Y71 -> 12653.755
B72: 1.7.7 | C72: 100702 | D72: PORTA DE CORRER DE ALUMÍNIO, COM DUAS FOLHAS PARA VIDRO, INCLUSO VIDRO LISO INCOLOR, FECHADURA E PUXADOR, SEM ALIZAR. AF_12/2019 | E72: M2 | F72: 579.9 | G72: 19.96 | O72: =H72+I72+J72+K72+L72+M72+N72 -> 0 | P72: =G72-O72 -> 19.96 | Q72: =F72*G72 -> 11574.804 | R72: =F72*H72 -> 0 | S72: =F72*I72 -> 0 | T72: =F72*J72 -> 0 | U72: =TRUNC(F72*K72,2) -> 0 | V72: =TRUNC(F72*L72,2) -> 0 | Y72: =R72+S72+T72+U72+V72+W72 -> 0 | Z72: =Q72-Y72 -> 11574.804
B73: 1.7.8 | C73: 90831 | D73: FECHADURA DE EMBUTIR PARA PORTA DE BANHEIRO, COMPLETA, ACABAMENTO PADRÃO MÉDIO, INCLUSO EXECUÇÃO DE FURO - FORNECIMENTO E INSTALAÇÃO. AF_12/2019 | E73: UN | F73: 137.3 | G73: 8 | O73: =H73+I73+J73+K73+L73+M73+N73 -> 0 | P73: =G73-O73 -> 8 | Q73: =F73*G73 -> 1098.4 | R73: =F73*H73 -> 0 | S73: =F73*I73 -> 0 | T73: =F73*J73 -> 0 | U73: =TRUNC(F73*K73,2) -> 0 | V73: =TRUNC(F73*L73,2) -> 0 | Y73: =R73+S73+T73+U73+V73+W73 -> 0 | Z73: =Q73-Y73 -> 1098.4
B74: 1.8 | C74: PINTURA | R74: =F74*H74 -> 0 | S74: =F74*I74 -> 0 | T74: =F74*J74 -> 0 | U74: =TRUNC(F74*K74,2) -> 0 | V74: =TRUNC(F74*L74,2) -> 0 | Y74: =R74+S74+T74+U74+V74+W74 -> 0 | Z74: =Q74-Y74 -> 0
B75: 1.8.1 | C75: 88485 | D75: APLICAÇÃO DE FUNDO SELADOR ACRÍLICO EM PAREDES, UMA DEMÃO. AF_06/2014 | E75: M2 | F75: 2.74 | G75: 997.11 | O75: =H75+I75+J75+K75+L75+M75+N75 -> 0 | P75: =G75-O75 -> 997.11 | Q75: =F75*G75 -> 2732.0814 | R75: =F75*H75 -> 0 | S75: =F75*I75 -> 0 | T75: =F75*J75 -> 0 | U75: =TRUNC(F75*K75,2) -> 0 | V75: =TRUNC(F75*L75,2) -> 0 | Y75: =R75+S75+T75+U75+V75+W75 -> 0 | Z75: =Q75-Y75 -> 2732.0814
B76: 1.8.2 | C76: 88495 | D76: APLICAÇÃO E LIXAMENTO DE MASSA LÁTEX EM PAREDES, UMA DEMÃO. AF_06/2014 | E76: M2 | F76: 9.86 | G76: 997.11 | O76: =H76+I76+J76+K76+L76+M76+N76 -> 0 | P76: =G76-O76 -> 997.11 | Q76: =F76*G76 -> 9831.5046 | R76: =F76*H76 -> 0 | S76: =F76*I76 -> 0 | T76: =F76*J76 -> 0 | U76: =TRUNC(F76*K76,2) -> 0 | V76: =TRUNC(F76*L76,2) -> 0 | Y76: =R76+S76+T76+U76+V76+W76 -> 0 | Z76: =Q76-Y76 -> 9831.5046
B77: 1.8.3 | C77: 88489 | D77: APLICAÇÃO MANUAL DE PINTURA COM TINTA LÁTEX ACRÍLICA EM PAREDES, DUAS DEMÃOS. AF_06/2014 | E77: M2 | F77: 12.16 | G77: 997.11 | O77: =H77+I77+J77+K77+L77+M77+N77 -> 0 | P77: =G77-O77 -> 997.11 | Q77: =F77*G77 -> 12124.858 | R77: =F77*H77 -> 0 | S77: =F77*I77 -> 0 | T77: =F77*J77 -> 0 | U77: =TRUNC(F77*K77,2) -> 0 | V77: =TRUNC(F77*L77,2) -> 0 | Y77: =R77+S77+T77+U77+V77+W77 -> 0 | Z77: =Q77-Y77 -> 12124.858
B78: 1.8.4 | C78: 88484 | D78: APLICAÇÃO DE FUNDO SELADOR ACRÍLICO EM TETO, UMA DEMÃO. AF_06/2014 | E78: M2 | F78: 3.1 | G78: 634.5 | O78: =H78+I78+J78+K78+L78+M78+N78 -> 0 | P78: =G78-O78 -> 634.5 | Q78: =F78*G78 -> 1966.95 | R78: =F78*H78 -> 0 | S78: =F78*I78 -> 0 | T78: =F78*J78 -> 0 | U78: =TRUNC(F78*K78,2) -> 0 | V78: =TRUNC(F78*L78,2) -> 0 | Y78: =R78+S78+T78+U78+V78+W78 -> 0 | Z78: =Q78-Y78 -> 1966.95
B79: 1.8.5 | C79: 88494 | D79: APLICAÇÃO E LIXAMENTO DE MASSA LÁTEX EM TETO, UMA DEMÃO. AF_06/2014 | E79: M2 | F79: 17.43 | G79: 634.5 | O79: =H79+I79+J79+K79+L79+M79+N79 -> 0 | P79: =G79-O79 -> 634.5 | Q79: =F79*G79 -> 11059.335 | R79: =F79*H79 -> 0 | S79: =F79*I79 -> 0 | T79: =F79*J79 -> 0 | U79: =TRUNC(F79*K79,2) -> 0 | V79: =TRUNC(F79*L79,2) -> 0 | Y79: =R79+S79+T79+U79+V79+W79 -> 0 | Z79: =Q79-Y79 -> 11059.335
B80: 1.8.6 | C80: 88488 | D80: APLICAÇÃO MANUAL DE PINTURA COM TINTA LÁTEX ACRÍLICA EM TETO, DUAS DEMÃOS. AF_06/2014 | E80: M2 | F80: 13.74 | G80: 634.5 | O80: =H80+I80+J80+K80+L80+M80+N80 -> 0 | P80: =G80-O80 -> 634.5 | Q80: =F80*G80 -> 8718.03 | R80: =F80*H80 -> 0 | S80: =F80*I80 -> 0 | T80: =F80*J80 -> 0 | U80: =TRUNC(F80*K80,2) -> 0 | V80: =TRUNC(F80*L80,2) -> 0 | Y80: =R80+S80+T80+U80+V80+W80 -> 0 | Z80: =Q80-Y80 -> 8718.03
B81: 1.9 | C81: REVESTIMENTOS EXTERNOS | R81: =F81*H81 -> 0 | S81: =F81*I81 -> 0 | T81: =F81*J81 -> 0 | U81: =TRUNC(F81*K81,2) -> 0 | V81: =TRUNC(F81*L81,2) -> 0 | Y81: =R81+S81+T81+U81+V81+W81 -> 0 | Z81: =Q81-Y81 -> 0
B82: 1.9.1 | C82: 87894 | D82: CHAPISCO APLICADO EM ALVENARIA (SEM PRESENÇA DE VÃOS) E ESTRUTURAS DE CONCRETO DE FACHADA, COM COLHER DE PEDREIRO. ARGAMASSA TRAÇO 1:3 COM PREPARO EM BETONEIRA 400L. AF_10/2022 | E82: M2 | F82: 5.72 | G82: 466.37 | O82: =H82+I82+J82+K82+L82+M82+N82 -> 0 | P82: =G82-O82 -> 466.37 | Q82: =F82*G82 -> 2667.6364 | R82: =F82*H82 -> 0 | S82: =F82*I82 -> 0 | T82: =F82*J82 -> 0 | U82: =TRUNC(F82*K82,2) -> 0 | V82: =TRUNC(F82*L82,2) -> 0 | Y82: =R82+S82+T82+U82+V82+W82 -> 0 | Z82: =Q82-Y82 -> 2667.6364
B83: 1.9.2 | C83: 104233 | D83: EMBOÇO OU MASSA ÚNICA EM ARGAMASSA TRAÇO 1:2:8, PREPARO MECÂNICA COM BETONEIRA 400 L, APLICADA MANUALMENTE EM PANOS DE FACHADA SEM PRESENÇA DE VÃOS, ESPESSURA DE 25 MM, ACESSO POR ANDAIME. AF_08/2022 | E83: M2 | F83: 31.53 | G83: 466.37 | O83: =H83+I83+J83+K83+L83+M83+N83 -> 0 | P83: =G83-O83 -> 466.37 | Q83: =F83*G83 -> 14704.646 | R83: =F83*H83 -> 0 | S83: =F83*I83 -> 0 | T83: =F83*J83 -> 0 | U83: =TRUNC(F83*K83,2) -> 0 | V83: =TRUNC(F83*L83,2) -> 0 | Y83: =R83+S83+T83+U83+V83+W83 -> 0 | Z83: =Q83-Y83 -> 14704.646
B84: 1.9.3 | C84: composição 6 | D84: REVESTIMENTO PORCELANATO MADEIRADO PARA PAREDES COM PLACAS TIPO ESMALTADA EXTRA DE DIMENSÕES 20X120 CM [ADAPTADO SINAPI 87244] | E84: M2 | F84: 154.75 | G84: 32.5 | O84: =H84+I84+J84+K84+L84+M84+N84 -> 0 | P84: =G84-O84 -> 32.5 | Q84: =F84*G84 -> 5029.375 | R84: =F84*H84 -> 0 | S84: =F84*I84 -> 0 | T84: =F84*J84 -> 0 | U84: =TRUNC(F84*K84,2) -> 0 | V84: =TRUNC(F84*L84,2) -> 0 | Y84: =R84+S84+T84+U84+V84+W84 -> 0 | Z84: =Q84-Y84 -> 5029.375
B85: 1.9.4 | C85: composição 7 | D85: REVESTIMENTO PORCELANATO MARMORIZADO PARA PAREDES E PISO COM PLACAS TIPO ESMALTADA EXTRA DE DIMENSÕES 80X80 CM [ADAPTADO SINAPI 87244] | E85: M² | F85: 228.6 | G85: 29.5 | O85: =H85+I85+J85+K85+L85+M85+N85 -> 0 | P85: =G85-O85 -> 29.5 | Q85: =F85*G85 -> 6743.7 | R85: =F85*H85 -> 0 | S85: =F85*I85 -> 0 | T85: =F85*J85 -> 0 | U85: =TRUNC(F85*K85,2) -> 0 | V85: =TRUNC(F85*L85,2) -> 0 | Y85: =R85+S85+T85+U85+V85+W85 -> 0 | Z85: =Q85-Y85 -> 6743.7
B86: 1.9.5 | C86: 88485 | D86: APLICAÇÃO DE FUNDO SELADOR ACRÍLICO EM PAREDES, UMA DEMÃO. AF_06/2014 | E86: M2 | F86: 2.74 | G86: 404.37 | O86: =H86+I86+J86+K86+L86+M86+N86 -> 0 | P86: =G86-O86 -> 404.37 | Q86: =F86*G86 -> 1107.9738 | R86: =F86*H86 -> 0 | S86: =F86*I86 -> 0 | T86: =F86*J86 -> 0 | U86: =TRUNC(F86*K86,2) -> 0 | V86: =TRUNC(F86*L86,2) -> 0 | Y86: =R86+S86+T86+U86+V86+W86 -> 0 | Z86: =Q86-Y86 -> 1107.9738
B87: 1.9.6 | C87: 96130 | D87: APLICAÇÃO MANUAL DE MASSA ACRÍLICA EM PAREDES EXTERNAS DE CASAS, UMA DEMÃO. AF_05/2017 | E87: M2 | F87: 17.11 | G87: 404.37 | O87: =H87+I87+J87+K87+L87+M87+N87 -> 0 | P87: =G87-O87 -> 404.37 | Q87: =F87*G87 -> 6918.7707 | R87: =F87*H87 -> 0 | S87: =F87*I87 -> 0 | T87: =F87*J87 -> 0 | U87: =TRUNC(F87*K87,2) -> 0 | V87: =TRUNC(F87*L87,2) -> 0 | Y87: =R87+S87+T87+U87+V87+W87 -> 0 | Z87: =Q87-Y87 -> 6918.7707
B88: 1.9.7 | C88: 88489 | D88: APLICAÇÃO MANUAL DE PINTURA COM TINTA LÁTEX ACRÍLICA EM PAREDES, DUAS DEMÃOS. AF_06/2014 | E88: M2 | F88: 12.16 | G88: 404.37 | O88: =H88+I88+J88+K88+L88+M88+N88 -> 0 | P88: =G88-O88 -> 404.37 | Q88: =F88*G88 -> 4917.1392 | R88: =F88*H88 -> 0 | S88: =F88*I88 -> 0 | T88: =F88*J88 -> 0 | U88: =TRUNC(F88*K88,2) -> 0 | V88: =TRUNC(F88*L88,2) -> 0 | Y88: =R88+S88+T88+U88+V88+W88 -> 0 | Z88: =Q88-Y88 -> 4917.1392
B89: 1.1 | C89: INSTALAÇÃO ELÉTRICA | R89: =F89*H89 -> 0 | S89: =F89*I89 -> 0 | T89: =F89*J89 -> 0 | U89: =TRUNC(F89*K89,2) -> 0 | V89: =TRUNC(F89*L89,2) -> 0 | Y89: =R89+S89+T89+U89+V89+W89 -> 0 | Z89: =Q89-Y89 -> 0
B90: 1.10.1 | C90: 92868 | D90: CAIXA RETANGULAR 4" X 2" MÉDIA (1,30 M DO PISO), METÁLICA, INSTALADA EM PAREDE - FORNECIMENTO E INSTALAÇÃO. AF_03/2023 | E90: UN | F90: 13.45 | G90: 117 | O90: =H90+I90+J90+K90+L90+M90+N90 -> 0 | P90: =G90-O90 -> 117 | Q90: =F90*G90 -> 1573.65 | R90: =F90*H90 -> 0 | S90: =F90*I90 -> 0 | T90: =F90*J90 -> 0 | U90: =TRUNC(F90*K90,2) -> 0 | V90: =TRUNC(F90*L90,2) -> 0 | Y90: =R90+S90+T90+U90+V90+W90 -> 0 | Z90: =Q90-Y90 -> 1573.65
B91: 1.10.2 | C91: 91937 | D91: CAIXA OCTOGONAL 3" X 3", PVC, INSTALADA EM LAJE - FORNECIMENTO E INSTALAÇÃO. AF_03/2023 | E91: UN | F91: 11.14 | G91: 76 | O91: =H91+I91+J91+K91+L91+M91+N91 -> 0 | P91: =G91-O91 -> 76 | Q91: =F91*G91 -> 846.64 | R91: =F91*H91 -> 0 | S91: =F91*I91 -> 0 | T91: =F91*J91 -> 0 | U91: =TRUNC(F91*K91,2) -> 0 | V91: =TRUNC(F91*L91,2) -> 0 | Y91: =R91+S91+T91+U91+V91+W91 -> 0 | Z91: =Q91-Y91 -> 846.64
B92: 1.10.3 | C92: 91924 | D92: CABO DE COBRE FLEXÍVEL ISOLADO, 1,5 MM², ANTI-CHAMA 450/750 V, PARA CIRCUITOS TERMINAIS - FORNECIMENTO E INSTALAÇÃO. AF_03/2023 | E92: M | F92: 2.7 | G92: 1253.8 | O92: =H92+I92+J92+K92+L92+M92+N92 -> 0 | P92: =G92-O92 -> 1253.8 | Q92: =F92*G92 -> 3385.26 | R92: =F92*H92 -> 0 | S92: =F92*I92 -> 0 | T92: =F92*J92 -> 0 | U92: =TRUNC(F92*K92,2) -> 0 | V92: =TRUNC(F92*L92,2) -> 0 | Y92: =R92+S92+T92+U92+V92+W92 -> 0 | Z92: =Q92-Y92 -> 3385.26
B93: 1.10.4 | C93: 91926 | D93: CABO DE COBRE FLEXÍVEL ISOLADO, 2,5 MM², ANTI-CHAMA 450/750 V, PARA CIRCUITOS TERMINAIS - FORNECIMENTO E INSTALAÇÃO. AF_03/2023 | E93: M | F93: 3.98 | G93: 1496.3 | O93: =H93+I93+J93+K93+L93+M93+N93 -> 0 | P93: =G93-O93 -> 1496.3 | Q93: =F93*G93 -> 5955.274 | R93: =F93*H93 -> 0 | S93: =F93*I93 -> 0 | T93: =F93*J93 -> 0 | U93: =TRUNC(F93*K93,2) -> 0 | V93: =TRUNC(F93*L93,2) -> 0 | Y93: =R93+S93+T93+U93+V93+W93 -> 0 | Z93: =Q93-Y93 -> 5955.274
B94: 1.10.5 | C94: 91928 | D94: CABO DE COBRE FLEXÍVEL ISOLADO, 4 MM², ANTI-CHAMA 450/750 V, PARA CIRCUITOS TERMINAIS - FORNECIMENTO E INSTALAÇÃO. AF_03/2023 | E94: M | F94: 6.23 | G94: 284.6 | O94: =H94+I94+J94+K94+L94+M94+N94 -> 0 | P94: =G94-O94 -> 284.6 | Q94: =F94*G94 -> 1773.058 | R94: =F94*H94 -> 0 | S94: =F94*I94 -> 0 | T94: =F94*J94 -> 0 | U94: =TRUNC(F94*K94,2) -> 0 | V94: =TRUNC(F94*L94,2) -> 0 | Y94: =R94+S94+T94+U94+V94+W94 -> 0 | Z94: =Q94-Y94 -> 1773.058
B95: 1.10.6 | C95: 91931 | D95: CABO DE COBRE FLEXÍVEL ISOLADO, 6 MM², ANTI-CHAMA 0,6/1,0 KV, PARA CIRCUITOS TERMINAIS - FORNECIMENTO E INSTALAÇÃO. AF_03/2023 | E95: M | F95: 9.51 | G95: 224 | O95: =H95+I95+J95+K95+L95+M95+N95 -> 0 | P95: =G95-O95 -> 224 | Q95: =F95*G95 -> 2130.24 | R95: =F95*H95 -> 0 | S95: =F95*I95 -> 0 | T95: =F95*J95 -> 0 | U95: =TRUNC(F95*K95,2) -> 0 | V95: =TRUNC(F95*L95,2) -> 0 | Y95: =R95+S95+T95+U95+V95+W95 -> 0 | Z95: =Q95-Y95 -> 2130.24
B96: 1.10.7 | C96: 39773 | D96: CAIXA DE PASSAGEM METALICA DE SOBREPOR COM TAMPA PARAFUSADA, DIMENSOES 40 X 40 X 15 CM | E96: UN | F96: 101.17 | G96: 2 | O96: =H96+I96+J96+K96+L96+M96+N96 -> 0 | P96: =G96-O96 -> 2 | Q96: =F96*G96 -> 202.34 | R96: =F96*H96 -> 0 | S96: =F96*I96 -> 0 | T96: =F96*J96 -> 0 | U96: =TRUNC(F96*K96,2) -> 0 | V96: =TRUNC(F96*L96,2) -> 0 | Y96: =R96+S96+T96+U96+V96+W96 -> 0 | Z96: =Q96-Y96 -> 202.34
B97: 1.10.8 | C97: 101890 | D97: DISJUNTOR MONOPOLAR TIPO NEMA, CORRENTE NOMINAL DE 10 ATÉ 30A - FORNECIMENTO E INSTALAÇÃO. AF_10/2020 | E97: UN | F97: 15.35 | G97: 19 | O97: =H97+I97+J97+K97+L97+M97+N97 -> 0 | P97: =G97-O97 -> 19 | Q97: =F97*G97 -> 291.65 | R97: =F97*H97 -> 0 | S97: =F97*I97 -> 0 | T97: =F97*J97 -> 0 | U97: =TRUNC(F97*K97,2) -> 0 | V97: =TRUNC(F97*L97,2) -> 0 | Y97: =R97+S97+T97+U97+V97+W97 -> 0 | Z97: =Q97-Y97 -> 291.65
B98: 1.10.9 | C98: 93670 | D98: DISJUNTOR TRIPOLAR TIPO DIN, CORRENTE NOMINAL DE 25A - FORNECIMENTO E INSTALAÇÃO. AF_10/2020 | E98: UN | F98: 73.97 | G98: 1 | O98: =H98+I98+J98+K98+L98+M98+N98 -> 0 | P98: =G98-O98 -> 1 | Q98: =F98*G98 -> 73.97 | R98: =F98*H98 -> 0 | S98: =F98*I98 -> 0 | T98: =F98*J98 -> 0 | U98: =TRUNC(F98*K98,2) -> 0 | V98: =TRUNC(F98*L98,2) -> 0 | Y98: =R98+S98+T98+U98+V98+W98 -> 0 | Z98: =Q98-Y98 -> 73.97
B99: 1.10.10 | C99: 93671 | D99: DISJUNTOR TRIPOLAR TIPO DIN, CORRENTE NOMINAL DE 32A - FORNECIMENTO E INSTALAÇÃO. AF_10/2020 | E99: UN | F99: 77.57 | G99: 1 | O99: =H99+I99+J99+K99+L99+M99+N99 -> 0 | P99: =G99-O99 -> 1 | Q99: =F99*G99 -> 77.57 | R99: =F99*H99 -> 0 | S99: =F99*I99 -> 0 | T99: =F99*J99 -> 0 | U99: =TRUNC(F99*K99,2) -> 0 | V99: =TRUNC(F99*L99,2) -> 0 | Y99: =R99+S99+T99+U99+V99+W99 -> 0 | Z99: =Q99-Y99 -> 77.57
B100: 1.10.11 | C100: 39466 | D100: DISPOSITIVO DPS CLASSE II, 1 POLO, TENSAO MAXIMA DE 175 V, CORRENTE MAXIMA DE *30* KA (TIPO AC) | E100: UN | F100: 74.81 | G100: 6 | O100: =H100+I100+J100+K100+L100+M100+N100 -> 0 | P100: =G100-O100 -> 6 | Q100: =F100*G100 -> 448.86 | R100: =F100*H100 -> 0 | S100: =F100*I100 -> 0 | T100: =F100*J100 -> 0 | U100: =TRUNC(F100*K100,2) -> 0 | V100: =TRUNC(F100*L100,2) -> 0 | Y100: =R100+S100+T100+U100+V100+W100 -> 0 | Z100: =Q100-Y100 -> 448.86
B101: 1.10.12 | C101: 39445 | D101: DISPOSITIVO DR, 2 POLOS, SENSIBILIDADE DE 30 MA, CORRENTE DE 25 A, TIPO AC | E101: UN | F101: 136.8 | G101: 1 | O101: =H101+I101+J101+K101+L101+M101+N101 -> 0 | P101: =G101-O101 -> 1 | Q101: =F101*G101 -> 136.8 | R101: =F101*H101 -> 0 | S101: =F101*I101 -> 0 | T101: =F101*J101 -> 0 | U101: =TRUNC(F101*K101,2) -> 0 | V101: =TRUNC(F101*L101,2) -> 0 | Y101: =R101+S101+T101+U101+V101+W101 -> 0 | Z101: =Q101-Y101 -> 136.8
... B117: 1.10.28 | C117: 92023 | D117: INTERRUPTOR SIMPLES (1 MÓDULO) COM 1 TOMADA DE EMBUTIR 2P+T 10 A, INCLUINDO SUPORTE E PLACA - FORNECIMENTO E INSTALAÇÃO. AF_03/2023 | E117: UN | F117: 43.88 | G117: 5 | O117: =H117+I117+J117+K117+L117+M117+N117 -> 0 | P117: =G117-O117 -> 5 | Q117: =F117*G117 -> 219.4 | R117: =F117*H117 -> 0 | S117: =F117*I117 -> 0 | T117: =F117*J117 -> 0 | U117: =TRUNC(F117*K117,2) -> 0 | V117: =TRUNC(F117*L117,2) -> 0 | Y117: =R117+S117+T117+U117+V117+W117 -> 0 | Z117: =Q117-Y117 -> 219.4
...

Sheet MEMORIAL DE CALCULO 05
B2: BOLETIM DE MEDIÇÃO 05 - MEMORIAL DE CÁLCULO
B3: OBJETO: | I3: CONTRATO: | J3: VALOR CONTRATADO:
B4: CONSTRUÇÃO DA CASA DE ACOLHIMENTO PARA CRIANÇAS E ADOCESLENTES, "CASA LAR", NO MUNICÍPIO DE SOUSA/PB. | I4: 682/2023 | J4: 1240378.4
B5: EMPRESA CONTRATADA: | E5: CNPJ: | I5: CONTRATANTE:
B6: ALX CONSTRUÇÕES E LOCAÇÕES | E6: 17.490.708/0001-70 | I6: PREFEITURA MUNICIPAL DE SOUSA
B7: DATA | D7: PERÍODO DA MEDIÇÃO | E7: VALOR DA MEDIÇÃO: | H7: VALOR ACUMULADO ANTERIOR: | J7: MEDIÇÃO:
B8: 45422 | D8: 04/04/2024 a 10/05/2024 | E8: ='BOLETIM DE MEDIÇÃO 05'!E8 -> 103177.49 | H8: ='BOLETIM DE MEDIÇÃO 05'!H8 -> 274592.68 | J8: 05
B10: ITEM | C10: CÓDIGO | D10: DESCRIÇÃO | E10: UND | F10: VEZ | G10: DADOS | J10: RESULTADO
G11: L | H11: C | I11: H | J11: ACUMULADO ANTERIOR | K11: PARCIAL | L11: TOTAL | M11: CONTRATADO | N11: SALDO
B12: 1 | C12: CONSTRUÇÃO DA CASA DE ACOLHIMENTO PARA CRIANÇAS E ADOLESCENTES - CASA LAR, NO MUNICÍPIO DE SOUSA - PB
B13: 1.1 | C13: SERVIÇOS PRELIMINARES
B14: 1.1.1 | C14: composição 1 | D14: PLACA DE OBRA EM CHAPA DE ACO GALVANIZADO [ADAPTADO SINAPI 74209/01] | E14: M2 | F14: 1 | G14: 2 | I14: 3 | J14: ='BOLETIM DE MEDIÇÃO 05'!O14-'MEMORIAL DE CALCULO 05'!K14 -> 0 | K14: =G14*I14*F14 -> 6 | L14: =J14+K14 -> 6 | M14: ='BOLETIM DE MEDIÇÃO 05'!G14 -> 6 | N14: =M14-L14 -> 0
B15: 1.1.2 | C15: 93209 | D15: EXECUÇÃO DE ALMOXARIFADO EM CANTEIRO DE OBRA EM ALVENARIA, INCLUSO PRATELEIRAS. AF_02/2016 | E15: M2 | F15: 1 | G15: 1 | H15: 2.75 | J15: ='BOLETIM DE MEDIÇÃO 05'!O15-'MEMORIAL DE CALCULO 05'!K15 -> 2.25 | K15: =F15*G15*H15 -> 2.75 | L15: =J15+K15 -> 5 | M15: ='BOLETIM DE MEDIÇÃO 05'!G15 -> 5 | N15: =M15-L15 -> 0
B16: 1.1.3 | C16: 93206 | D16: EXECUÇÃO DE ESCRITÓRIO EM CANTEIRO DE OBRA EM ALVENARIA, NÃO INCLUSO MOBILIÁRIO E EQUIPAMENTOS. AF_02/2016 | E16: M2 | F16: 1 | G16: 1 | H16: 2.75 | J16: ='BOLETIM DE MEDIÇÃO 05'!O16-'MEMORIAL DE CALCULO 05'!K16 -> 2.25 | K16: =F16*G16*H16 -> 2.75 | L16: =J16+K16 -> 5 | M16: ='BOLETIM DE MEDIÇÃO 05'!G16 -> 5 | N16: =M16-L16 -> 0
B17: 1.1.4 | C17: composição 11 | D17: Tapume em chapa compensada esp = 10mm (1 uso). [ADAPTADO ORSE 53] | E17: M2 | J17: ='BOLETIM DE MEDIÇÃO 05'!O17-'MEMORIAL DE CALCULO 05'!K17 -> 258.4 | K17: =K18 -> 19 | L17: =J17+K17 -> 277.4 | M17: ='BOLETIM DE MEDIÇÃO 05'!G17 -> 277.4 | N17: =M17-L17 -> 0
D18: PERÍMETRO DA INTERVENÇÃO | F18: 1 | G18: 9.5 | I18: 2 | K18: =F18*(G18*I18) -> 19
B19: 1.1.5 | C19: 98524 | D19: LIMPEZA MANUAL DE VEGETAÇÃO EM TERRENO COM ENXADA.AF_05/2018 | E19: M2 | J19: ='BOLETIM DE MEDIÇÃO 05'!O18-'MEMORIAL DE CALCULO 05'!K19 -> 0 | K19: =K20 -> 0 | L19: =J19+K19 -> 0 | M19: ='BOLETIM DE MEDIÇÃO 05'!G18 -> 1430.2 | N19: =M19-L19 -> 1430.2
D20: ÁREA DA INTERVENÇÃO | F20: 0 | G20: 1430.2 | K20: =F20*G20 -> 0
B21: 1.1.6 | C21: 100575 | D21: REGULARIZAÇÃO DE SUPERFÍCIES COM MOTONIVELADORA. AF_11/2019 | E21: M2 | J21: ='BOLETIM DE MEDIÇÃO 05'!O19-'MEMORIAL DE CALCULO 05'!K21 -> 0 | K21: =K22 -> 0 | L21: =J21+K21 -> 0 | M21: ='BOLETIM DE MEDIÇÃO 05'!G19 -> 1430.2 | N21: =M21-L21 -> 1430.2
D22: ÁREA DA INTERVENÇÃO | F22: 0 | G22: 1430.2 | K22: =F22*G22 -> 0
B23: 1.2 | C23: MOVIMENTO DE TERRA
B24: 1.2.1 | C24: 99059 | D24: LOCACAO CONVENCIONAL DE OBRA, UTILIZANDO GABARITO DE TÁBUAS CORRIDAS PONTALETADAS A CADA 2,00M - 2 UTILIZAÇÕES. AF_10/2018 | E24: M | F24: 1 | G24: 137.5 | J24: ='BOLETIM DE MEDIÇÃO 05'!O21-'MEMORIAL DE CALCULO 05'!K24 -> 0 | K24: =F24*G24 -> 137.5 | L24: =J24+K24 -> 137.5 | M24: ='BOLETIM DE MEDIÇÃO 05'!G21 -> 137.5 | N24: =M24-L24 -> 0
B25: 1.2.2 | C25: 93358 | D25: ESCAVAÇÃO MANUAL DE VALA COM PROFUNDIDADE MENOR OU IGUAL A 1,30 M. AF_02/2021 | E25: M3 | J25: ='BOLETIM DE MEDIÇÃO 05'!O22-'MEMORIAL DE CALCULO 05'!K25 -> 71.14462 | K25: =F34*(G34*H34*I34) -> 14.04 | L25: =J25+K25 -> 85.18462 | M25: ='BOLETIM DE MEDIÇÃO 05'!G22 -> 89.01 | N25: =M25-L25 -> 3.82538
D26: SAPATAS
D27: S46=S52=S53=S54=S55=S56=S57=S58=S59=S60=S61=S62=S63=S64=S65=S66=S68=S69=S70=S71=S72=S74=S76=S77=S78=S79=S80=S84=S85=S86=S87=S88 | F27: 0 | G27: 0.6 | H27: 0.7 | I27: 1.85 | K27: =F27*(G27*H27*I27) -> 0
D28: S1=S2=S3=S4=S6=S8=S9=S10=S11=S12=S13=S14=S15=S16=S17=S21=S22=S23=S24=S25=S26=S27=S28=S29=S30=S31=S32=S36=S37=S38=S39=S40=S41=S42=S43=S44=S47=S48=S49=S50=S51 | F28: 0 | G28: 0.6 | H28: 0.7 | I28: 1.85 | K28: =F28*(G28*H28*I28) -> 0
D29: S33 | F29: 0 | G29: 0.6 | H29: 0.8 | I29: 1.85 | K29: =F29*(G29*H29*I29) -> 0
D30: S7=S83 | F30: 0 | G30: 0.9 | H30: 0.9 | I30: 1.85 | K30: =F30*(G30*H30*I30) -> 0
D31: S5=S18=S19=S20=S35=S45=S75 | F31: 0 | G31: 0.65 | H31: 0.65 | I31: 1.85 | K31: =F31*(G31*H31*I31) -> 0
D32: S34=S67=S73 | F32: 0 | G32: 0.65 | H32: 0.75 | I32: 1.85 | K32: =F32*(G32*H32*I32) -> 0
D33: S81=S82 | F33: 0 | G33: 0.55 | H33: 0.95 | I33: 1.85 | K33: =F33*(G33*H33*I33) -> 0
D34: VIGAS BALDRAME | F34: 1 | G34: 312 | H34: 0.15 | I34: 0.3 | K34: =F34*(G34*H34*I34) -> 14.04
D35: V22 | F35: 1 | G35: 4.758 | H35: 0.15 | I35: 0.3 | K35: =F35*G35*H35*I35 -> 0.21411
D36: V51 | F36: 1 | G36: 3.097 | H36: 0.15 | I36: 0.3 | K36: =F36*G36*H36*I36 -> 0.139365
D37: V46 | F37: 1 | G37: 3.047 | H37: 0.15 | I37: 0.3 | K37: =F37*G37*H37*I37 -> 0.137115
D38: V55 | F38: 1 | G38: 5.109 | H38: 0.15 | I38: 0.3 | K38: =F38*G38*H38*I38 -> 0.229905
D39: V20 | F39: 1 | G39: 2.564 | H39: 0.15 | I39: 0.3 | K39: =F39*G39*H39*I39 -> 0.11538
D40: V21 | F40: 1 | G40: 1.678 | H40: 0.15 | I40: 0.3 | K40: =F40*G40*H40*I40 -> 0.07551
D41: V19 | F41: 1 | G41: 6.533 | H41: 0.15 | I41: 0.3 | K41: =F41*G41*H41*I41 -> 0.293985
D42: V17 | F42: 1 | G42: 15.175 | H42: 0.15 | I42: 0.3 | K42: =F42*G42*H42*I42 -> 0.682875
D43: V52 | F43: 1 | G43: 11 | H43: 0.15 | I43: 0.3 | K43: =F43*G43*H43*I43 -> 0.495
D44: V50 | F44: 1 | G44: 1.9 | H44: 0.15 | I44: 0.3 | K44: =F44*G44*H44*I44 -> 0.0855
D45: V16 | F45: 1 | G45: 6.38 | H45: 0.15 | I45: 0.3 | K45: =F45*G45*H45*I45 -> 0.2871
D46: V42 | F46: 1 | G46: 8.31 | H46: 0.15 | I46: 0.3 | K46: =F46*G46*H46*I46 -> 0.37395
... D67: V45 | F67: 1 | G67: 2.69 | H67: 0.15 | I67: 0.3 | K67: =F67*G67*H67*I67 -> 0.12105
B68: 1.2.3 | C68: 96995 | D68: REATERRO MANUAL APILOADO COM SOQUETE. AF_10/2017 | E68: M3 | J68: ='BOLETIM DE MEDIÇÃO 05'!I22 -> 1.20537 | K68: =G70*F70 -> 43.05 | L68: =J68+K68 -> 44.25537 | M68: ='BOLETIM DE MEDIÇÃO 05'!G23 -> 44.26 | N68: =M68-L68 -> 0.00463
D69: VOLUME DE ESCAVAÇÃO - VOLUME DE CONCRETO DA FUNDAÇÃO
D70: VOLUME DE ESCAVAÇÃO (SAPATAS + BALDRAME) | F70: 1 | G70: =43.05 -> 43.05
D71: VOLUME DE CONTRETO (SAPATAS + BALDRAME) | L71: =J71+K71 -> 0
B72: 1.2.4 | C72: 94319 | D72: ATERRO MANUAL DE VALAS COM SOLO ARGILO-ARENOSO E COMPACTAÇÃO MECANIZADA. AF_05/2016 | E72: M3 | G72: CÁLCULO DO VOLUME DE ATERRO COMPACTADO (ÁREA INTERNA E EXTERNA DA OBRA ESPECIFICADAS) | J72: =0 -> 0 | K72: =SUM(K75:K106) -> 599.17246 | L72: =J72+K72 -> 599.17246 | M72: ='BOLETIM DE MEDIÇÃO 05'!G24 -> 93.63 | N72: =M72-L72 -> -505.54246
D73: ATERRO (PARTE INTERNA) CAIXÃO REFERENTE AOS AMBIENTES | G73: ÁREA (M²) | I73: SOMATÓRIA E MÉDIA DAS ALTURAS ENCONTRADAS DO EMBASAMENTO + ALTURA DA VIGA BALDRAME (M) EM CADA AMBIENTE (PARTE INTERNA DA OBRA)
D74: GUARITA | G74: 9 | I74: =((0.49+0.35) + (0.35+0.25) + (0.62+0.35) + (0.49+0.35))/4 -> 0.8125 | K74: =G74*I74 -> 7.3125
D75: HALL | G75: 5 | I75: =((0.62+0.35) + (0.62+0.25) + (0.62+0.35) + (0.62+0.35))/4 -> 0.945 | K75: =G75*I75 -> 4.725
D76: ENTRADA (ENTRE A SALA DE ESTAR E A ÁREA EXTERNA - ÁREA ONDE ESTÁ A LAJE) | G76: =(13.03 * 2.7) -> 35.181 | I76: =((0.41+0.25) + (0.58+0.25) + (0.64+0.25) + (0.42+0.25)+ (0.35+0.25)+ (0.25+0.25))/6 -> 0.69166667 | K76: =G76*I76 -> 24.333525
D77: WC (AO LADO DO DEPÓSITO E COORDENAÇÃO) | G77: 3 | I77: =((0.2+0.25) + (0.2+0.25) + (0.2+0.25) + (0.2+0.25))/4 -> 0.45 | K77: =G77*I77 -> 1.35
D78: DEPÓSITO | G78: 7 | I78: =((0.25+0.25) + (0.25+0.25) + (0.2+0.25) + (0.3+0.25))/4 -> 0.5 | K78: =G78*I78 -> 3.5
D79: COORDENAÇÃO | G79: 21 | I79: =((0.25+0.25) + (0.31+0.25) + (0.27+0.25) + (0.2+0.25))/4 -> 0.5075 | K79: =G79*I79 -> 10.6575
D80: QUARTO FEMININO ADOLESCENTE | G80: 27 | I80: =((0.5+0.25) + (0.46+0.3) + (0.41+0.3) + (0.45+0.3))/4 -> 0.7425 | K80: =G80*I80 -> 20.0475
D81: QUARTO MASCULINO ADOLESCENTE | G81: 26 | I81: =((0.25+0.3) + (0.3+0.3) + (0.27+0.3) + (0.22+0.25))/4 -> 0.5475 | K81: =G81*I81 -> 14.235
D82: WC (QUARTO FEMININO ADOLESCENTE) | G82: 1.6 | I82: =((0.3+0.3) + (0.32+0.3) + (0.33+0.3) + (0.3+0.25))/4 -> 0.6 | K82: =G82*I82 -> 0.96
D83: WC (QUARTO MASCULINO ADOLESCENTE) | G83: 1.6 | I83: =((0.35+0.3) + (0.38+0.25) + (0.33+0.3) + (0.32+0.25))/4 -> 0.62 | K83: =G83*I83 -> 0.992
D84: SALA DE ESTAR | G84: 45 | I84: =((0.42+0.25) + (0.55+0.25) + (0.48+0.25) + (0.31+0.25))/4 -> 0.69 | K84: =G84*I84 -> 31.05
D85: SALA DE REUNIÃO | G85: 19 | I85: =((0.64+0.25) + (0.64+0.25) + (0.64+0.25) + (0.63+0.25))/4 -> 0.8875 | K85: =G85*I85 -> 16.8625
D86: PSICÓLOGO | G86: 19 | I86: =((0.61+0.25) + (0.59+0.25) + (0.62+0.25) + (0.64+0.25))/4 -> 0.865 | K86: =G86*I86 -> 16.435
D87: WC SOCIAL | G87: 5 | I87: =((0.61+0.25) + (0.6+0.25) + (0.55+0.25) + (0.55+0.25))/4 -> 0.8275 | K87: =G87*I87 -> 4.1375
D88: CIRCULAÇÃO 01 | G88: 14 | I88: =((0.55+0.25) + (0.53+0.25) + (0.6+0.25) + (0.63+0.25))/4 -> 0.8275 | K88: =G88*I88 -> 11.585
D89: CIRCULAÇÃO 02 | G89: 36 | I89: =((0.64+0.25) + (0.55+0.25) + (0.57+0.25) + (0.53+0.25) + (0.5+0.25) + (0.44+0.25) + (0.4+0.3) + (0.42+0.25) + (0.4+0.25) + (0.41+0.25) + (0.38+0.25) + (0.36+0.25) + (0.34+0.25))/12 -> 0.77 | K89: =G89*I89 -> 27.72
D90: SALA DE ESTUDOS | G90: 46 | I90: =((0.58+0.25) + (0.56+0.25) + (0.51+0.25) + (0.53+0.25))/4 -> 0.795 | K90: =G90*I90 -> 36.57
D91: REFEITÓRIO | G91: 41 | I91: =((0.5+0.25) + (0.5+0.25) + (0.48+0.25) + (0.5+0.3))/4 -> 0.7575 | K91: =G91*I91 -> 31.0575
D92: BRINQUEDOTECA | G92: 27 | I92: =((0.38+0.25) + (0.45+0.3) + (0.41+0.3) + (0.34+0.25))/4 -> 0.67 | K92: =G92*I92 -> 18.09
D93: CIRCULAÇÃO 03 | G93: 53 | I93: =((0.41+0.3) + (0.48+0.25) + (0.53+0.3) + (0.5+0.25)+ (0.37+0.25)+ (0.38+0.25))/6 -> 0.71166667 | K93: =G93*I93 -> 37.718333
D94: CLARABOIA (ENTRE A BRINQUEDOTECA E OS QUARTOS INFANTIS) | G94: =(2.65*1.8) -> 4.77 | I94: =((0.33+0.25) + (0.38+0.3) + (0.36+0.3) + (0.31+0.25))/4 -> 0.62 | K94: =G94*I94 -> 2.9574
D95: QUARTO INFANTIL FEMININO | G95: 30 | I95: =((0.49+0.25) + (0.45+0.25) + (0.42+0.25) + (0.5+0.25))/4 -> 0.715 | K95: =G95*I95 -> 21.45
D96: QUARTO INFANTIL MASCULINO | G96: 30 | I96: =((0.4+0.25) + (0.42+0.25) + (0.46+0.25) + (0.43+0.25))/4 -> 0.6775 | K96: =G96*I96 -> 20.325
D97: WC (AO LADO DOS QUARTOS INFANTIS) | G97: 14 | I97: =((0.29+0.3) + (0.36+0.25) + (0.34+0.25) + (0.28+0.25))/4 -> 0.58 | K97: =G97*I97 -> 8.12
D98: WC (AO LADO DOS QUARTOS INFANTIS) | G98: 14 | I98: =((0.34+0.25) + (0.39+0.25) + (0.39+0.25) + (0.35+0.25))/4 -> 0.6175 | K98: =G98*I98 -> 8.645
D99: COZINHA | G99: 20 | I99: =((0.34+0.25) + (0.39+0.25) + (0.39+0.25) + (0.35+0.25))/4 -> 0.6175 | K99: =G99*I99 -> 12.35
D100: DESPENSA | G100: 3 | I100: =((0.5+0.25) + (0.58+0.25) + (0.55+0.25) + (0.49+0.25))/4 -> 0.78 | K100: =G100*I100 -> 2.34
D101: WC (QUATO FUNC.) | G101: 4 | I101: =((0.55+0.25) + (0.6+0.25) + (0.6+0.25) + (0.5+0.25))/4 -> 0.8125 | K101: =G101*I101 -> 3.25
D102: QUARTO FUNC. | G102: 12 | I102: =((0.51+0.25) + (0.49+0.25) + (0.58+0.25) + (0.48+0.25))/4 -> 0.765 | K102: =G102*I102 -> 9.18
D103: ÁREA DE SERVIÇO | G103: 20 | I103: =((0.54+0.25) + (0.59+0.25) + (0.62+0.25) + (0.63+0.25) + (0.61+0.25))/5 -> 0.848 | K103: =G103*I103 -> 16.96
D104: DML | G104: 4 | I104: =((0.55+0.25) + (0.61+0.25) + (0.56+0.25) + (0.5+0.25))/4 -> 0.805 | K104: =G104*I104 -> 3.22
D105: WC PCD | G105: 5 | I105: =((0.53+0.25) + (0.5+0.25) + (0.47+0.25) + (0.48+0.25))/4 -> 0.745 | K105: =G105*I105 -> 3.725
D106: ÁREA EXTERNA (RETIRADO DO PROJETO EM DWG) (ÁREA INTERNA AO MURO - VALOR DE ÁREA INTERNA CONSIDERADA) | G106: =1184.23-SUM(G74:H105) -> 582.079 | I106: 0.3 | K106: =G106*I106 -> 174.6237
B107: 1.3 | C107: FUNDAÇÃO
B108: 1.3.1 | C108: composição 12 | D108: ALVENARIA DE EMBASAMENTO COM BLOCO CERÂMICO DE 9X14X19CM E ARGAMASSA DE ASSENTAMENTO COM PREPARO EM BETONEIRA. AF_05/2020. [ADAPTADO SINAPI 101166] | E108: M3 | G108: ALVENARIA DE EMBASAMENTO (CÁLCULO CONSIDERANDO O VOLUME PRISMÁTICO DE CADA SEÇÃO) | J108: 7.34 | K108: =SUM(K110:K153) -> 25.772845 | L108: =J108+K108 -> 33.112845 | M108: ='BOLETIM DE MEDIÇÃO 05'!G26 -> 13.99 | N108: =M108-L108 -> -19.122845
D109: BALDRAMES (ALVENARIA ABAIXO DAS VIGAS) | G109: COMPRIMENTO DA SEÇÃO (M) | H109: LARGURA (M) | I109: (ALTURAS DAS EXTREMIDADES DAS SEÇÕES) (M)
D110: V17 (P73 ATÉ P77) | G110: 15.175 | H110: 0.2 | I110: 0.53; 0.20 | K110: =(((0.53+0.2)/2)*G110)*H110 -> 1.107775
D111: V52 (P77 ATÉ P50) | G111: 11 | H111: 0.2 | I111: 0.20; 0.20 | K111: =(0.2*G111)*H111 -> 0.44
D112: V50 (P76 ATÉ P69) | G112: 1.9 | H112: 0.2 | I112: 0.20; 0.20 | K112: =(0.2*G112)*H112 -> 0.076
D113: V16 (P68 ATÉ P70) | G113: 6.38 | H113: 0.2 | I113: 0.29; 0.20 | K113: =(((0.29+0.2)/2)*G113)*H113 -> 0.31262
D114: V42 (P75 ATÉ V13) | G114: 8.31 | H114: 0.2 | I114: 0.30; 0.33 | K114: =(((0.3+0.33)/2)*G114)*H114 -> 0.52353
D115: V14 (P64 ATÉ P57) | G115: 24.075 | H115: 0.2 | I115: 0.20; 0.60 | K115: =(((0.2+0.6)/2)*G115)*H115 -> 1.926
D116: V53 (P07 ATÉ V04) | G116: 5.31 | H116: 0.2 | I116: 0.48; 0.30 | K116: =(((0.48+0.3)/2)*G116)*H116 -> 0.41418
D117: V54 (P21 ATÉ P38) | G117: 5.47 | H117: 0.2 | I117: 0.38; 0.24 | K117: =(((0.38+0.24)/2)*G117)*H117 -> 0.33914
D118: V04 (P21 ATÉ P16) | G118: 13.42 | H118: 0.2 | I118: 0.38; 0.60 | K118: =(((0.38+0.6)/2)*G118)*H118 -> 1.31516
D119: V44 (P06 ATÉ V04) | G119: 5.31 | H119: 0.2 | I119: 0.43; 0.35 | K119: =(((0.43+0.35)/2)*G119)*H119 -> 0.41418
D120: V37 (P04 ATÉ P16) | G120: 5.31 | H120: 0.2 | I120: 0.47; 0.60 | K120: =(((0.47+0.6)/2)*G120)*H120 -> 0.56817
D121: V01 (P02 ATÉ P07) | G121: 19.97 | H121: 0.2 | I121: 0.62; 0.50 | K121: =(((0.62+0.5)/2)*G121)*H121 -> 2.23664
D122: V02 (P9 ATÉ P12) | G122: 7.83 | H122: 0.2 | I122: 0.63; 0.49 | K122: =(((0.63+0.49)/2)*G122)*H122 -> 0.87696
...

Sheet MEMORIAL FOTOGRÁFICO 04
B2: BOLETIM 04 - MEMORIAL FOTOGRÁFICO
B3: OBJETO: | O3: CONTRATO: | P3: LICITAÇÃO Nº: | Q3: VALOR CONTRATADO:
B4: CONSTRUÇÃO DA CASA DE ACOLHIMENTO PARA CRIANÇAS E ADOCESLENTES, "CASA LAR", NO MUNICÍPIO DE SOUSA/PB. | O4: 682/2023 | P4: 03/2023 | Q4: 1240378.4
B5: EMPRESA CONTRATADA: | E5: CNPJ: | O5: CONTRATANTE:
B6: ALX CONSTRUÇÕES E LOCAÇÕES | E6: 17.490.708/0001-70 | O6: PREFEITURA MUNICIPAL DE SOUSA
B7: DATA | D7: PERÍODO DA MEDIÇÃO | E7: VALOR DA MEDIÇÃO: | H7: VALOR ACUMULADO ANTERIOR: | J7: VALOR ACUMULADO ANTERIOR: | Q7: MEDIÇÃO:
B8: 45386 | D8: 02/03/2024 a 04/04/2024 | E8: ='BOLETIM DE MEDIÇÃO 05'!E8 -> 103177.49 | H8: ='BOLETIM DE MEDIÇÃO 05'!H8 -> 274592.68 | Q8: 04
B10: FOTOGRAFIAS

Sheet MEMORIAL FOTOGRÁFICO 05
B2: BOLETIM 05 - MEMORIAL FOTOGRÁFICO
B3: OBJETO: | O3: CONTRATO: | P3: LICITAÇÃO Nº: | Q3: VALOR CONTRATADO:
B4: CONSTRUÇÃO DA CASA DE ACOLHIMENTO PARA CRIANÇAS E ADOCESLENTES, "CASA LAR", NO MUNICÍPIO DE SOUSA/PB. | O4: 682/2023 | P4: 03/2023 | Q4: 1240378.4
B5: EMPRESA CONTRATADA: | E5: CNPJ: | O5: CONTRATANTE:
B6: ALX CONSTRUÇÕES E LOCAÇÕES | E6: 17.490.708/0001-70 | O6: PREFEITURA MUNICIPAL DE SOUSA
B7: DATA | D7: PERÍODO DA MEDIÇÃO | E7: VALOR DA MEDIÇÃO: | H7: VALOR ACUMULADO ANTERIOR: | J7: VALOR ACUMULADO ANTERIOR: | Q7: MEDIÇÃO:
B8: 45386 | D8: 04/04/2024 a 10/05/2024 | E8: ='BOLETIM DE MEDIÇÃO 05'!E8 -> 103177.49 | H8: ='BOLETIM DE MEDIÇÃO 05'!H8 -> 274592.68 | Q8: 05
B10: FOTOGRAFIAS

Sheet BOLETIM DE MEDIÇÃO 07
B2: BOLETIM DE MEDIÇÃO 07
B3: OBJETO: | O3: CONTRATO: | P3: LICITAÇÃO Nº: | Q3: VALOR CONTRATADO:
B4: CONSTRUÇÃO DA CASA DE ACOLHIMENTO PARA CRIANÇAS E ADOCESLENTES, "CASA LAR", NO MUNICÍPIO DE SOUSA/PB. | O4: 682/2023 | P4: 03/2023 | Q4: 1240378.4
B5: EMPRESA CONTRATADA: | E5: CNPJ: | O5: CONTRATANTE:
B6: ALX CONSTRUÇÕES E LOCAÇÕES | E6: 17.490.708/0001-70 | O6: PREFEITURA MUNICIPAL DE SOUSA
B7: DATA | D7: PERÍODO DA MEDIÇÃO | E7: VALOR DA MEDIÇÃO: | H7: VALOR ACUMULADO ANTERIOR: | J7: VALOR ACUMULADO ANTERIOR: | K7: VALOR ACUMULADO ANTERIOR: | L7: VALOR ACUMULADO ANTERIOR: | Q7: MEDIÇÃO:
B8: 45520 | D8: 10/05/2024 a 16/08/2024 | E8: =X196 -> 40632.783 | H8: =Y196-E8 -> 448117.19 | J8: =Y196-E8 -> 448117.19 | Q8: 07
B10: ITEM | C10: CÓDIGO | D10: DESCRIÇÃO | E10: UND | F10: CUSTO UNITÁRIO (C/ BDI) | G10: QUANTIDADE | Q10: FINANCEIRO
G11: PREVISTA | H11: MEDIDA NO PERÍODO 1 | I11: MEDIDA NO PERÍODO 2 | J11: MEDIDA NO PERÍODO 3 | K11: MEDIDA NO PERÍODO 4 | L11: MEDIDA NO PERÍODO 5 | M11: MEDIDA NO PERÍODO 6 | N11: MEDIDA NO PERÍODO 7 | O11: ACUMULADA (INCLUSIVE ESTA) | P11: SALDO | Q11: PREVISTA | R11: MEDIDA NO PERÍODO 01 | S11: MEDIDA NO PERÍODO 2 | T11: MEDIDA NO PERÍODO 3 | U11: MEDIDA NO PERÍODO 4 | V11: MEDIDA NO PERÍODO 5 | W11: MEDIDA NO PERÍODO 6 | X11: MEDIDA NO PERÍODO 7 | Y11: ACUMULADA (INCLUSIVE ESTA) | Z11: SALDO | AA11: %
B12: 1 | C12: CONSTRUÇÃO DA CASA DE ACOLHIMENTO PARA CRIANÇAS E ADOLESCENTES - CASA LAR, NO MUNICÍPIO DE SOUSA - PB
B13: 1.1 | C13: SERVIÇOS PRELIMINARES
B14: 1.1.1 | C14: composição 1 | D14: PLACA DE OBRA EM CHAPA DE ACO GALVANIZADO [ADAPTADO SINAPI 74209/01] | E14: M2 | F14: 414.1 | G14: 6 | H14: ='MEMORIAL DE CALCULO 01'!K14 -> 6 | O14: =H14+I14+J14+K14+L14+M14+N14 -> 6 | P14: =G14-O14 -> 0 | Q14: =F14*G14 -> 2484.6 | R14: =F14*H14 -> 2484.6 | S14: =F14*I14 -> 0 | T14: =TRUNC(F14*J14,2) -> 0 | U14: =TRUNC(F14*K14,2) -> 0 | V14: =TRUNC(F14*L14,2) -> 0 | W14: =M14*F14 -> 0 | X14: =F14*N14 -> 0 | Y14: =R14+S14+T14+U14+V14+W14+X14 -> 2484.6 | Z14: =Q14-Y14 -> 0 | AA14: =Y14/Q14 -> 1
B15: 1.1.2 | C15: 93209 | D15: EXECUÇÃO DE ALMOXARIFADO EM CANTEIRO DE OBRA EM ALVENARIA, INCLUSO PRATELEIRAS. AF_02/2016 | E15: M2 | F15: 947.21 | G15: 5 | H15: 2.25 | I15: ='MEMORIAL DE CALCULO 02'!K15 -> 2.75 | O15: =H15+I15+J15+K15+L15+M15+N15 -> 5 | P15: =G15-O15 -> 0 | Q15: =F15*G15 -> 4736.05 | R15: =F15*H15 -> 2131.2225 | S15: =F15*I15 -> 2604.8275 | T15: =F15*J15 -> 0 | U15: =TRUNC(F15*K15,2) -> 0 | V15: =TRUNC(F15*L15,2) -> 0 | W15: =M15*F15 -> 0 | X15: =F15*N15 -> 0 | Y15: =R15+S15+T15+U15+V15+W15+X15 -> 4736.05 | Z15: =Q15-Y15 -> 0 | AA15: =Y15/Q15 -> 1
B16: 1.1.3 | C16: 93206 | D16: EXECUÇÃO DE ESCRITÓRIO EM CANTEIRO DE OBRA EM ALVENARIA, NÃO INCLUSO MOBILIÁRIO E EQUIPAMENTOS. AF_02/2016 | E16: M2 | F16: 1086.7 | G16: 5 | H16: 2.25 | I16: ='MEMORIAL DE CALCULO 02'!K16 -> 2.75 | O16: =H16+I16+J16+K16+L16+M16+N16 -> 5 | P16: =G16-O16 -> 0 | Q16: =F16*G16 -> 5433.5 | R16: =F16*H16 -> 2445.075 | S16: =F16*I16 -> 2988.425 | T16: =F16*J16 -> 0 | U16: =TRUNC(F16*K16,2) -> 0 | V16: =TRUNC(F16*L16,2) -> 0 | W16: =M16*F16 -> 0 | X16: =F16*N16 -> 0 | Y16: =R16+S16+T16+U16+V16+W16+X16 -> 5433.5 | Z16: =Q16-Y16 -> 0 | AA16: =Y16/Q16 -> 1
B17: 1.1.4 | C17: composição 11 | D17: Tapume em chapa compensada esp = 10mm (1 uso). [ADAPTADO ORSE 53] | E17: M2 | F17: 102.24 | G17: 277.4 | H17: 258.4 | I17: ='MEMORIAL DE CALCULO 02'!K17 -> 19 | O17: =H17+I17+J17+K17+L17+M17+N17 -> 277.4 | P17: =G17-O17 -> 0 | Q17: =F17*G17 -> 28361.376 | R17: =F17*H17 -> 26418.816 | S17: =F17*I17 -> 1942.56 | T17: =F17*J17 -> 0 | U17: =TRUNC(F17*K17,2) -> 0 | V17: =TRUNC(F17*L17,2) -> 0 | W17: =M17*F17 -> 0 | X17: =F17*N17 -> 0 | Y17: =R17+S17+T17+U17+V17+W17+X17 -> 28361.376 | Z17: =Q17-Y17 -> 0 | AA17: =Y17/Q17 -> 1
B18: 1.1.5 | C18: 98524 | D18: LIMPEZA MANUAL DE VEGETAÇÃO EM TERRENO COM ENXADA.AF_05/2018 | E18: M2 | F18: 2.29 | G18: 1430.2 | O18: =H18+I18+J18+K18+L18+M18+N18 -> 0 | P18: =G18-O18 -> 1430.2 | Q18: =F18*G18 -> 3275.158 | R18: =F18*H18 -> 0 | S18: =F18*I18 -> 0 | T18: =F18*J18 -> 0 | U18: =TRUNC(F18*K18,2) -> 0 | V18: =TRUNC(F18*L18,2) -> 0 | W18: =M18*F18 -> 0 | X18: =F18*N18 -> 0 | Y18: =R18+S18+T18+U18+V18+W18+X18 -> 0 | Z18: =Q18-Y18 -> 3275.158 | AA18: =Y18/Q18 -> 0
B19: 1.1.6 | C19: 100575 | D19: REGULARIZAÇÃO DE SUPERFÍCIES COM MOTONIVELADORA. AF_11/2019 | E19: M2 | F19: 0.12 | G19: 1430.2 | O19: =H19+I19+J19+K19+L19+M19+N19 -> 0 | P19: =G19-O19 -> 1430.2 | Q19: =F19*G19 -> 171.624 | R19: =F19*H19 -> 0 | S19: =F19*I19 -> 0 | T19: =F19*J19 -> 0 | U19: =TRUNC(F19*K19,2) -> 0 | V19: =TRUNC(F19*L19,2) -> 0 | W19: =M19*F19 -> 0 | X19: =F19*N19 -> 0 | Y19: =R19+S19+T19+U19+V19+W19+X19 -> 0 | Z19: =Q19-Y19 -> 171.624 | AA19: =Y19/Q19 -> 0
B20: 1.2 | C20: MOVIMENTO DE TERRA | R20: =F20*H20 -> 0 | S20: =F20*I20 -> 0 | T20: =F20*J20 -> 0 | U20: =TRUNC(F20*K20,2) -> 0 | V20: =TRUNC(F20*L20,2) -> 0 | W20: =M20*F20 -> 0 | X20: =F20*N20 -> 0 | Y20: =R20+S20+T20+U20+V20+W20+X20 -> 0 | Z20: =Q20-Y20 -> 0
B21: 1.2.1 | C21: 99059 | D21: LOCACAO CONVENCIONAL DE OBRA, UTILIZANDO GABARITO DE TÁBUAS CORRIDAS PONTALETADAS A CADA 2,00M - 2 UTILIZAÇÕES. AF_10/2018 | E21: M | F21: 52.4 | G21: 137.5 | H21: ='MEMORIAL DE CALCULO 01'!K22 -> 137.5 | O21: =H21+I21+J21+K21+L21+M21+N21 -> 137.5 | P21: =G21-O21 -> 0 | Q21: =F21*G21 -> 7205 | R21: =F21*H21 -> 7205 | S21: =F21*I21 -> 0 | T21: =F21*J21 -> 0 | U21: =TRUNC(F21*K21,2) -> 0 | V21: =TRUNC(F21*L21,2) -> 0 | W21: =M21*F21 -> 0 | X21: =F21*N21 -> 0 | Y21: =R21+S21+T21+U21+V21+W21+X21 -> 7205 | Z21: =Q21-Y21 -> 0 | AA21: =Y21/Q21 -> 1
B22: 1.2.2 | C22: 93358 | D22: ESCAVAÇÃO MANUAL DE VALA COM PROFUNDIDADE MENOR OU IGUAL A 1,30 M. AF_02/2021 | E22: M3 | F22: 64.95 | G22: 89.01 | H22: ='MEMORIAL DE CALCULO 01'!K23 -> 69.93925 | I22: ='MEMORIAL DE CALCULO 02'!K25 -> 1.20537 | J22: ='MEMORIAL DE CALCULO 03'!K25 -> 14.04 | O22: =H22+I22+J22+K22+L22+M22+N22 -> 85.18462 | P22: =G22-O22 -> 3.82538 | Q22: =F22*G22 -> 5781.1995 | R22: =F22*H22 -> 4542.5543 | S22: =F22*I22 -> 78.288781 | T22: =F22*J22 -> 911.898 | U22: =TRUNC(F22*K22,2) -> 0 | V22: =TRUNC(F22*L22,2) -> 0 | W22: =M22*F22 -> 0 | X22: =F22*N22 -> 0 | Y22: =R22+S22+T22+U22+V22+W22+X22 -> 5532.7411 | Z22: =Q22-Y22 -> 248.45843 | AA22: =Y22/Q22 -> 0.95702303
B23: 1.2.3 | C23: 96995 | D23: REATERRO MANUAL APILOADO COM SOQUETE. AF_10/2017 | E23: M3 | F23: 39.37 | G23: 44.26 | J23: ='MEMORIAL DE CALCULO 03'!K68 -> 43.05 | O23: =H23+I23+J23+K23+L23+M23+N23 -> 43.05 | P23: =G23-O23 -> 1.21 | Q23: =F23*G23 -> 1742.5162 | R23: =F23*H23 -> 0 | S23: =F23*I23 -> 0 | T23: =F23*J23 -> 1694.8785 | U23: =TRUNC(F23*K23,2) -> 0 | V23: =TRUNC(F23*L23,2) -> 0 | W23: =M23*F23 -> 0 | X23: =F23*N23 -> 0 | Y23: =R23+S23+T23+U23+V23+W23+X23 -> 1694.8785 | Z23: =Q23-Y23 -> 47.6377 | AA23: =Y23/Q23 -> 0.97266155
B24: 1.2.4 | C24: 94319 | D24: ATERRO MANUAL DE VALAS COM SOLO ARGILO-ARENOSO E COMPACTAÇÃO MECANIZADA. AF_05/2016 | E24: M3 | F24: 74.51 | G24: 93.63 | K24: 0 | O24: =H24+I24+J24+K24+L24+M24+N24 -> 0 | P24: =G24-O24 -> 93.63 | Q24: =F24*G24 -> 6976.3713 | R24: =F24*H24 -> 0 | S24: =F24*I24 -> 0 | T24: =F24*J24 -> 0 | U24: =TRUNC(F24*K24,2) -> 0 | V24: =TRUNC(F24*L24,2) -> 0 | W24: =M24*F24 -> 0 | X24: =F24*N24 -> 0 | Y24: =R24+S24+T24+U24+V24+W24+X24 -> 0 | Z24: =Q24-Y24 -> 6976.3713 | AA24: =Y24/Q24 -> 0
B25: 1.3 | C25: FUNDAÇÃO | R25: =F25*H25 -> 0 | S25: =F25*I25 -> 0 | T25: =F25*J25 -> 0 | U25: =TRUNC(F25*K25,2) -> 0 | V25: =TRUNC(F25*L25,2) -> 0 | W25: =M25*F25 -> 0 | X25: =F25*N25 -> 0 | Y25: =R25+S25+T25+U25+V25+W25+X25 -> 0 | Z25: =Q25-Y25 -> 0
B26: 1.3.1 | C26: composição 12 | D26: ALVENARIA DE EMBASAMENTO COM BLOCO CERÂMICO DE 9X14X19CM E ARGAMASSA DE ASSENTAMENTO COM PREPARO EM BETONEIRA. AF_05/2020. [ADAPTADO SINAPI 101166] | E26: M3 | F26: 411.48 | G26: 13.99 | I26: ='MEMORIAL DE CALCULO 02'!K54 -> 7.34341 | J26: 6.642 | O26: =H26+I26+J26+K26+L26+M26+N26 -> 13.98541 | P26: =G26-O26 -> 0.00459 | Q26: =F26*G26 -> 5756.6052 | R26: =F26*H26 -> 0 | S26: =F26*I26 -> 3021.6663 | T26: =TRUNC(F26*J26,2) -> 2733.05 | U26: =TRUNC(F26*K26,2) -> 0 | V26: =TRUNC(F26*L26,2) -> 0 | W26: =M26*F26 -> 0 | X26: =F26*N26 -> 0 | Y26: =R26+S26+T26+U26+V26+W26+X26 -> 5754.7163 | Z26: =Q26-Y26 -> 1.8888532 | AA26: =Y26/Q26 -> 0.99967188
B27: 1.3.2 | C27: 101616 | D27: PREPARO DE FUNDO DE VALA COM LARGURA MENOR QUE 1,5 M (ACERTO DO SOLO NATURAL). AF_08/2020 | E27: M2 | F27: 4.91 | G27: 37.81 | I27: 37.81 | O27: =H27+I27+J27+K27+L27+M27+N27 -> 37.81 | P27: =G27-O27 -> 0 | Q27: =F27*G27 -> 185.6471 | R27: =F27*H27 -> 0 | S27: =F27*I27 -> 185.6471 | T27: =F27*J27 -> 0 | U27: =TRUNC(F27*K27,2) -> 0 | V27: =TRUNC(F27*L27,2) -> 0 | W27: =M27*F27 -> 0 | X27: =F27*N27 -> 0 | Y27: =R27+S27+T27+U27+V27+W27+X27 -> 185.6471 | Z27: =Q27-Y27 -> 0 | AA27: =Y27/Q27 -> 1
B28: 1.3.3 | C28: 96619 | D28: LASTRO DE CONCRETO MAGRO, APLICADO EM BLOCOS DE COROAMENTO OU SAPATAS, ESPESSURA DE 5 CM. AF_08/2017 | E28: M2 | F28: 30.67 | G28: 77.41 | I28: 37.81 | O28: =H28+I28+J28+K28+L28+M28+N28 -> 37.81 | P28: =G28-O28 -> 39.6 | Q28: =F28*G28 -> 2374.1647 | R28: =F28*H28 -> 0 | S28: =F28*I28 -> 1159.6327 | T28: =F28*J28 -> 0 | U28: =TRUNC(F28*K28,2) -> 0 | V28: =TRUNC(F28*L28,2) -> 0 | W28: =M28*F28 -> 0 | X28: =F28*N28 -> 0 | Y28: =R28+S28+T28+U28+V28+W28+X28 -> 1159.6327 | Z28: =Q28-Y28 -> 1214.532 | AA28: =Y28/Q28 -> 0.48843819
B29: 1.3.4 | C29: 96545 | D29: ARMAÇÃO DE BLOCO, VIGA BALDRAME OU SAPATA UTILIZANDO AÇO CA-50 DE 8 MM - MONTAGEM. AF_06/2017 | E29: KG | F29: 15.99 | G29: 537.3 | I29: ='MEMORIAL DE CALCULO 02'!K90 -> 44.52045 | J29: 492.7794 | O29: =H29+I29+J29+K29+L29+M29+N29 -> 537.29985 | P29: =G29-O29 -> 0.00015 | Q29: =F29*G29 -> 8591.427 | R29: =F29*H29 -> 0 | S29: =F29*I29 -> 711.882 | T29: =F29*J29 -> 7879.5426 | U29: =TRUNC(F29*K29,2) -> 0 | V29: =TRUNC(F29*L29,2) -> 0 | W29: =M29*F29 -> 0 | X29: =F29*N29 -> 0 | Y29: =R29+S29+T29+U29+V29+W29+X29 -> 8591.4246 | Z29: =Q29-Y29 -> 0.0023985 | AA29: =Y29/Q29 -> 0.99999972
B30: 1.3.5 | C30: 94966 | D30: CONCRETO FCK = 30MPA, TRAÇO 1:2,1:2,5 (EM MASSA SECA DE CIMENTO/ AREIA MÉDIA/ BRITA 1) - PREPARO MECÂNICO COM BETONEIRA 400 L. AF_05/2021 | E30: M3 | F30: 530.88 | G30: 21.16 | I30: ='MEMORIAL DE CALCULO 02'!K99 -> 8.413055 | J30: 12.74692 | O30: =H30+I30+J30+K30+L30+M30+N30 -> 21.159975 | P30: =G30-O30 -> 2.5e-05 | Q30: =F30*G30 -> 11233.421 | R30: =F30*H30 -> 0 | S30: =F30*I30 -> 4466.3226 | T30: =F30*J30 -> 6767.0849 | U30: =TRUNC(F30*K30,2) -> 0 | V30: =TRUNC(F30*L30,2) -> 0 | W30: =M30*F30 -> 0 | X30: =F30*N30 -> 0 | Y30: =R30+S30+T30+U30+V30+W30+X30 -> 11233.408 | Z30: =Q30-Y30 -> 0.013272 | AA30: =Y30/Q30 -> 0.99999882
B31: 1.3.6 | C31: 94964 | D31: CONCRETO FCK = 20MPA, TRAÇO 1:2,7:3 (EM MASSA SECA DE CIMENTO/ AREIA MÉDIA/ BRITA 1) - PREPARO MECÂNICO COM BETONEIRA 400 L. AF_05/2021 | E31: M3 | F31: 488.69 | G31: 9.6 | J31: 9.6 | O31: =H31+I31+J31+K31+L31+M31+N31 -> 9.6 | P31: =G31-O31 -> 0 | Q31: =F31*G31 -> 4691.424 | R31: =F31*H31 -> 0 | S31: =F31*I31 -> 0 | T31: =F31*J31 -> 4691.424 | U31: =TRUNC(F31*K31,2) -> 0 | V31: =TRUNC(F31*L31,2) -> 0 | W31: =M31*F31 -> 0 | X31: =F31*N31 -> 0 | Y31: =R31+S31+T31+U31+V31+W31+X31 -> 4691.424 | Z31: =Q31-Y31 -> 0 | AA31: =Y31/Q31 -> 1
B32: 1.3.7 | C32: 103670 | D32: LANÇAMENTO COM USO DE BALDES, ADENSAMENTO E ACABAMENTO DE CONCRETO EM ESTRUTURAS. AF_02/2022 | E32: M3 | F32: 230.55 | G32: 30.76 | I32: ='MEMORIAL DE CALCULO 02'!K151 -> 18.013055 | J32: 12.74697 | O32: =H32+I32+J32+K32+L32+M32+N32 -> 30.760025 | P32: =G32-O32 -> -2.5e-05 | Q32: =F32*G32 -> 7091.718 | R32: =F32*H32 -> 0 | S32: =F32*I32 -> 4152.9098 | T32: =F32*J32 -> 2938.8139 | U32: =TRUNC(F32*K32,2) -> 0 | V32: =TRUNC(F32*L32,2) -> 0 | W32: =M32*F32 -> 0 | X32: =F32*N32 -> 0 | Y32: =R32+S32+T32+U32+V32+W32+X32 -> 7091.7238 | Z32: =Q32-Y32 -> -0.00576375 | AA32: =Y32/Q32 -> 1.0000008
B33: 1.3.8 | C33: 96543 | D33: ARMAÇÃO DE BLOCO, VIGA BALDRAME E SAPATA UTILIZANDO AÇO CA-60 DE 5 MM - MONTAGEM. AF_06/2017 | E33: KG | F33: 17.5 | G33: 404.4 | I33: ='MEMORIAL DE CALCULO 02'!K153 -> 194.26804 | J33: ='MEMORIAL DE CALCULO 03'!K262 -> 210.13 | O33: =H33+I33+J33+K33+L33+M33+N33 -> 404.39804 | P33: =G33-O33 -> 0.0019568 | Q33: =F33*G33 -> 7077 | R33: =F33*H33 -> 0 | S33: =F33*I33 -> 3399.6908 | T33: =F33*J33 -> 3677.275 | U33: =TRUNC(F33*K33,2) -> 0 | V33: =TRUNC(F33*L33,2) -> 0 | W33: =M33*F33 -> 0 | X33: =F33*N33 -> 0 | Y33: =R33+S33+T33+U33+V33+W33+X33 -> 7076.9658 | Z33: =Q33-Y33 -> 0.034244 | AA33: =Y33/Q33 -> 0.99999516
B34: 1.3.9 | C34: 96544 | D34: ARMAÇÃO DE BLOCO, VIGA BALDRAME OU SAPATA UTILIZANDO AÇO CA-50 DE 6,3 MM - MONTAGEM. AF_06/2017 | E34: KG | F34: 16.59 | G34: 295 | I34: ='MEMORIAL DE CALCULO 02'!K193 -> 295 | O34: =H34+I34+J34+K34+L34+M34+N34 -> 295 | P34: =G34-O34 -> 0 | Q34: =F34*G34 -> 4894.05 | R34: =F34*H34 -> 0 | S34: =F34*I34 -> 4894.05 | T34: =F34*J34 -> 0 | U34: =TRUNC(F34*K34,2) -> 0 | V34: =TRUNC(F34*L34,2) -> 0 | W34: =M34*F34 -> 0 | X34: =F34*N34 -> 0 | Y34: =R34+S34+T34+U34+V34+W34+X34 -> 4894.05 | Z34: =Q34-Y34 -> 0 | AA34: =Y34/Q34 -> 1
B35: 1.3.10 | C35: 96546 | D35: ARMAÇÃO DE BLOCO, VIGA BALDRAME OU SAPATA UTILIZANDO AÇO CA-50 DE 10 MM - MONTAGEM. AF_06/2017 | E35: KG | F35: 14.35 | G35: 534.1 | I35: 534.1 | O35: =H35+I35+J35+K35+L35+M35+N35 -> 534.1 | P35: =G35-O35 -> 0 | Q35: =F35*G35 -> 7664.335 | R35: =F35*H35 -> 0 | S35: =F35*I35 -> 7664.335 | T35: =F35*J35 -> 0 | U35: =TRUNC(F35*K35,2) -> 0 | V35: =TRUNC(F35*L35,2) -> 0 | W35: =M35*F35 -> 0 | X35: =F35*N35 -> 0 | Y35: =R35+S35+T35+U35+V35+W35+X35 -> 7664.335 | Z35: =Q35-Y35 -> 0 | AA35: =Y35/Q35 -> 1
B36: 1.3.11 | C36: 96547 | D36: ARMAÇÃO DE BLOCO, VIGA BALDRAME OU SAPATA UTILIZANDO AÇO CA-50 DE 12,5 MM - MONTAGEM. AF_06/2017 | E36: KG | F36: 11.9 | G36: 152.9 | I36: ='MEMORIAL DE CALCULO 02'!K221 -> 100.55646 | J36: ='MEMORIAL DE CALCULO 03'!K330 -> 52.34 | O36: =H36+I36+J36+K36+L36+M36+N36 -> 152.89646 | P36: =G36-O36 -> 0.00354 | Q36: =F36*G36 -> 1819.51 | R36: =F36*H36 -> 0 | S36: =F36*I36 -> 1196.6219 | T36: =F36*J36 -> 622.846 | U36: =TRUNC(F36*K36,2) -> 0 | V36: =TRUNC(F36*L36,2) -> 0 | W36: =M36*F36 -> 0 | X36: =F36*N36 -> 0 | Y36: =R36+S36+T36+U36+V36+W36+X36 -> 1819.4679 | Z36: =Q36-Y36 -> 0.042126 | AA36: =Y36/Q36 -> 0.99997685
B37: 1.3.12 | C37: 96536 | D37: FABRICAÇÃO, MONTAGEM E DESMONTAGEM DE FÔRMA PARA VIGA BALDRAME, EM MADEIRA SERRADA, E=25 MM, 4 UTILIZAÇÕES. AF_06/2017 | E37: M2 | F37: 69.64 | G37: 429.83 | I37: ='MEMORIAL DE CALCULO 02'!K238 -> 206.337 | J37: ='MEMORIAL DE CALCULO 03'!K340 -> 223.49 | O37: =H37+I37+J37+K37+L37+M37+N37 -> 429.827 | P37: =G37-O37 -> 0.003 | Q37: =F37*G37 -> 29933.361 | R37: =F37*H37 -> 0 | S37: =F37*I37 -> 14369.309 | T37: =F37*J37 -> 15563.844 | U37: =TRUNC(F37*K37,2) -> 0 | V37: =TRUNC(F37*L37,2) -> 0 | W37: =M37*F37 -> 0 | X37: =F37*N37 -> 0 | Y37: =R37+S37+T37+U37+V37+W37+X37 -> 29933.152 | Z37: =Q37-Y37 -> 0.20892 | AA37: =Y37/Q37 -> 0.99999302
B38: 1.3.13 | C38: 98557 | D38: IMPERMEABILIZAÇÃO DE SUPERFÍCIE COM EMULSÃO ASFÁLTICA, 2 DEMÃOS AF_06/2018 | E38: M2 | F38: 48.22 | G38: 253.95 | K38: ='MEMORIAL DE CALCULO 04'!K381 -> 253.95 | O38: =H38+I38+J38+K38+L38+M38+N38 -> 253.95 | P38: =G38-O38 -> 0 | Q38: =F38*G38 -> 12245.469 | R38: =F38*H38 -> 0 | S38: =F38*I38 -> 0 | T38: =F38*J38 -> 0 | U38: =TRUNC(F38*K38,2) -> 12245.46 | V38: =TRUNC(F38*L38,2) -> 0 | W38: =M38*F38 -> 0 | X38: =F38*N38 -> 0 | Y38: =R38+S38+T38+U38+V38+W38+X38 -> 12245.46 | Z38: =Q38-Y38 -> 0.009 | AA38: =Y38/Q38 -> 0.99999927
B39: 1.4 | C39: ESTRUTURA | R39: =F39*H39 -> 0 | S39: =F39*I39 -> 0 | T39: =F39*J39 -> 0 | U39: =TRUNC(F39*K39,2) -> 0 | V39: =TRUNC(F39*L39,2) -> 0 | W39: =M39*F39 -> 0 | X39: =F39*N39 -> 0 | Y39: =R39+S39+T39+U39+V39+W39+X39 -> 0 | Z39: =Q39-Y39 -> 0
B40: 1.4.1 | C40: 92443 | D40: MONTAGEM E DESMONTAGEM DE FÔRMA DE PILARES RETANGULARES E ESTRUTURAS SIMILARES, PÉ-DIREITO SIMPLES, EM CHAPA DE MADEIRA COMPENSADA PLASTIFICADA, 18 UTILIZAÇÕES. AF_09/2020 | E40: M2 | F40: 40.35 | G40: 408.7 | K40: ='MEMORIAL DE CALCULO 04'!K384 -> 190.617 | L40: ='MEMORIAL DE CALCULO 05'!K384 -> 209.243 | O40: =H40+I40+J40+K40+L40+M40+N40 -> 399.86 | P40: =G40-O40 -> 8.84 | Q40: =F40*G40 -> 16491.045 | R40: =F40*H40 -> 0 | S40: =F40*I40 -> 0 | T40: =F40*J40 -> 0 | U40: =TRUNC(F40*K40,2) -> 7691.39 | V40: =TRUNC(F40*L40,2) -> 8442.95 | W40: =M40*F40 -> 0 | X40: =F40*N40 -> 0 | Y40: =R40+S40+T40+U40+V40+W40+X40 -> 16134.34 | Z40: =Q40-Y40 -> 356.705 | AA40: =Y40/Q40 -> 0.97836978
B41: 1.4.2 | C41: 92480 | D41: MONTAGEM E DESMONTAGEM DE FÔRMA DE VIGA, ESCORAMENTO METÁLICO, PÉ-DIREITO SIMPLES, EM CHAPA DE MADEIRA PLASTIFICADA, 18 UTILIZAÇÕES. AF_09/2020 | E41: M2 | F41: 62.17 | G41: 435.33 | M41: ='MEMORIAL DE CALCULO 06'!K384 -> 261.944 | N41: ='MEMORIAL DE CALCULO 07'!K384 -> 32.747 | O41: =H41+I41+J41+K41+L41+M41+N41 -> 294.691 | P41: =G41-O41 -> 140.639 | Q41: =F41*G41 -> 27064.466 | R41: =F41*H41 -> 0 | S41: =F41*I41 -> 0 | T41: =F41*J41 -> 0 | U41: =TRUNC(F41*K41,2) -> 0 | V41: =TRUNC(F41*L41,2) -> 0 | W41: =M41*F41 -> 16285.058 | X41: =F41*N41 -> 2035.881 | Y41: =R41+S41+T41+U41+V41+W41+X41 -> 18320.939 | Z41: =Q41-Y41 -> 8743.5266 | AA41: =Y41/Q41 -> 0.67693704
B42: 1.4.3 | C42: 92267 | D42: FABRICAÇÃO DE FÔRMA PARA LAJES, EM CHAPA DE MADEIRA COMPENSADA RESINADA, E = 17 MM. AF_09/2020 | E42: M2 | F42: 30.99 | G42: 111.15 | O42: =H42+I42+J42+K42+L42+M42+N42 -> 0 | P42: =G42-O42 -> 111.15 | Q42: =F42*G42 -> 3444.5385 | R42: =F42*H42 -> 0 | S42: =F42*I42 -> 0 | T42: =F42*J42 -> 0 | U42: =TRUNC(F42*K42,2) -> 0 | V42: =TRUNC(F42*L42,2) -> 0 | W42: =M42*F42 -> 0 | X42: =F42*N42 -> 0 | Y42: =R42+S42+T42+U42+V42+W42+X42 -> 0 | Z42: =Q42-Y42 -> 3444.5385 | AA42: =Y42/Q42 -> 0
B43: 1.4.4 | C43: 92759 | D43: ARMAÇÃO DE PILAR OU VIGA DE ESTRUTURA CONVENCIONAL DE CONCRETO ARMADO UTILIZANDO AÇO CA-60 DE 5,0 MM - MONTAGEM. AF_06/2022 | E43: KG | F43: 14.67 | G43: 1027.8 | K43: ='MEMORIAL DE CALCULO 04'!K389 -> 222.1 | L43: ='MEMORIAL DE CALCULO 05'!K389 -> 460.6 | M43: ='MEMORIAL DE CALCULO 06'!K386 -> 214.5 | O43: =H43+I43+J43+K43+L43+M43+N43 -> 897.2 | P43: =G43-O43 -> 130.6 | Q43: =F43*G43 -> 15077.826 | R43: =F43*H43 -> 0 | S43: =F43*I43 -> 0 | T43: =F43*J43 -> 0 | U43: =TRUNC(F43*K43,2) -> 3258.2 | V43: =TRUNC(F43*L43,2) -> 6757 | W43: =M43*F43 -> 3146.715 | X43: =F43*N43 -> 0 | Y43: =R43+S43+T43+U43+V43+W43+X43 -> 13161.915 | Z43: =Q43-Y43 -> 1915.911 | AA43: =Y43/Q43 -> 0.87293188
B44: 1.4.5 | C44: 92760 | D44: ARMAÇÃO DE PILAR OU VIGA DE ESTRUTURA CONVENCIONAL DE CONCRETO ARMADO UTILIZANDO AÇO CA-50 DE 6,3 MM - MONTAGEM. AF_06/2022 | E44: KG | F44: 14.4 | G44: 39.1 | L44: ='MEMORIAL DE CALCULO 05'!K393 -> 23.46 | M44: ='MEMORIAL DE CALCULO 06'!K388 -> 15.64 | O44: =H44+I44+J44+K44+L44+M44+N44 -> 39.1 | P44: =G44-O44 -> 0 | Q44: =F44*G44 -> 563.04 | R44: =F44*H44 -> 0 | S44: =F44*I44 -> 0 | T44: =F44*J44 -> 0 | U44: =TRUNC(F44*K44,2) -> 0 | V44: =TRUNC(F44*L44,2) -> 337.82 | W44: =M44*F44 -> 225.216 | X44: =F44*N44 -> 0 | Y44: =R44+S44+T44+U44+V44+W44+X44 -> 563.036 | Z44: =Q44-Y44 -> 0.004 | AA44: =Y44/Q44 -> 0.9999929
B45: 1.4.6 | C45: 92761 | D45: ARMAÇÃO DE PILAR OU VIGA DE ESTRUTURA CONVENCIONAL DE CONCRETO ARMADO UTILIZANDO AÇO CA-50 DE 8,0 MM - MONTAGEM. AF_06/2022 | E45: KG | F45: 14.25 | G45: 1000 | L45: ='MEMORIAL DE CALCULO 05'!K395 -> 415.68 | M45: ='MEMORIAL DE CALCULO 06'!K390 -> 415.68 | O45: =H45+I45+J45+K45+L45+M45+N45 -> 831.36 | P45: =G45-O45 -> 168.64 | Q45: =F45*G45 -> 14250 | R45: =F45*H45 -> 0 | S45: =F45*I45 -> 0 | T45: =F45*J45 -> 0 | U45: =TRUNC(F45*K45,2) -> 0 | V45: =TRUNC(F45*L45,2) -> 5923.44 | W45: =M45*F45 -> 5923.44 | X45: =F45*N45 -> 0 | Y45: =R45+S45+T45+U45+V45+W45+X45 -> 11846.88 | Z45: =Q45-Y45 -> 2403.12 | AA45: =Y45/Q45 -> 0.83136
B46: 1.4.7 | C46: 92762 | D46: ARMAÇÃO DE PILAR OU VIGA DE ESTRUTURA CONVENCIONAL DE CONCRETO ARMADO UTILIZANDO AÇO CA-50 DE 10,0 MM - MONTAGEM. AF_06/2022 | E46: KG | F46: 12.94 | G46: 1306.1 | K46: ='MEMORIAL DE CALCULO 04'!K393 -> 601.83 | L46: ='MEMORIAL DE CALCULO 05'!K397 -> 635.57 | M46: ='MEMORIAL DE CALCULO 06'!K392 -> 57 | O46: =H46+I46+J46+K46+L46+M46+N46 -> 1294.4 | P46: =G46-O46 -> 11.7 | Q46: =F46*G46 -> 16900.934 | R46: =F46*H46 -> 0 | S46: =F46*I46 -> 0 | T46: =F46*J46 -> 0 | U46: =TRUNC(F46*K46,2) -> 7787.68 | V46: =TRUNC(F46*L46,2) -> 8224.27 | W46: =M46*F46 -> 737.58 | X46: =F46*N46 -> 0 | Y46: =R46+S46+T46+U46+V46+W46+X46 -> 16749.53 | Z46: =Q46-Y46 -> 151.404 | AA46: =Y46/Q46 -> 0.99104168
B47: 1.4.8 | C47: 92763 | D47: ARMAÇÃO DE PILAR OU VIGA DE ESTRUTURA CONVENCIONAL DE CONCRETO ARMADO UTILIZANDO AÇO CA-50 DE 12,5 MM - MONTAGEM. AF_06/2022 | E47: KG | F47: 10.71 | G47: 168.2 | K47: ='MEMORIAL DE CALCULO 04'!K396 -> 100.42 | L47: ='MEMORIAL DE CALCULO 05'!K401 -> 61.18 | O47: =H47+I47+J47+K47+L47+M47+N47 -> 161.6 | P47: =G47-O47 -> 6.6 | Q47: =F47*G47 -> 1801.422 | R47: =F47*H47 -> 0 | S47: =F47*I47 -> 0 | T47: =F47*J47 -> 0 | U47: =TRUNC(F47*K47,2) -> 1075.49 | V47: =TRUNC(F47*L47,2) -> 655.23 | W47: =M47*F47 -> 0 | X47: =F47*N47 -> 0 | Y47: =R47+S47+T47+U47+V47+W47+X47 -> 1730.72 | Z47: =Q47-Y47 -> 70.702 | AA47: =Y47/Q47 -> 0.96075212
B48: 1.4.9 | C48: 92768 | D48: ARMAÇÃO DE LAJE DE ESTRUTURA CONVENCIONAL DE CONCRETO ARMADO UTILIZANDO AÇO CA-60 DE 5,0 MM - MONTAGEM. AF_06/2022 | E48: KG | F48: 14.31 | G48: 158.7 | M48: ='MEMORIAL DE CALCULO 06'!K394 -> 130.5 | O48: =H48+I48+J48+K48+L48+M48+N48 -> 130.5 | P48: =G48-O48 -> 28.2 | Q48: =F48*G48 -> 2270.997 | R48: =F48*H48 -> 0 | S48: =F48*I48 -> 0 | T48: =F48*J48 -> 0 | U48: =TRUNC(F48*K48,2) -> 0 | V48: =TRUNC(F48*L48,2) -> 0 | W48: =M48*F48 -> 1867.455 | X48: =F48*N48 -> 0 | Y48: =R48+S48+T48+U48+V48+W48+X48 -> 1867.455 | Z48: =Q48-Y48 -> 403.542 | AA48: =Y48/Q48 -> 0.82230624
B49: 1.4.10 | C49: 92769 | D49: ARMAÇÃO DE LAJE DE ESTRUTURA CONVENCIONAL DE CONCRETO ARMADO UTILIZANDO AÇO CA-50 DE 6,3 MM - MONTAGEM. AF_06/2022 | E49: KG | F49: 14.01 | G49: 170.5 | M49: ='MEMORIAL DE CALCULO 06'!K396 -> 157.6 | O49: =H49+I49+J49+K49+L49+M49+N49 -> 157.6 | P49: =G49-O49 -> 12.9 | Q49: =F49*G49 -> 2388.705 | R49: =F49*H49 -> 0 | S49: =F49*I49 -> 0 | T49: =F49*J49 -> 0 | U49: =TRUNC(F49*K49,2) -> 0 | V49: =TRUNC(F49*L49,2) -> 0 | W49: =M49*F49 -> 2207.976 | X49: =F49*N49 -> 0 | Y49: =R49+S49+T49+U49+V49+W49+X49 -> 2207.976 | Z49: =Q49-Y49 -> 180.729 | AA49: =Y49/Q49 -> 0.92434018
B50: 1.4.11 | C50: 92770 | D50: ARMAÇÃO DE LAJE DE ESTRUTURA CONVENCIONAL DE CONCRETO ARMADO UTILIZANDO AÇO CA-50 DE 8,0 MM - MONTAGEM. AF_06/2022 | E50: KG | F50: 13.86 | G50: 279.1 | M50: ='MEMORIAL DE CALCULO 06'!K398 -> 259 | O50: =H50+I50+J50+K50+L50+M50+N50 -> 259 | P50: =G50-O50 -> 20.1 | Q50: =F50*G50 -> 3868.326 | R50: =F50*H50 -> 0 | S50: =F50*I50 -> 0 | T50: =F50*J50 -> 0 | U50: =TRUNC(F50*K50,2) -> 0 | V50: =TRUNC(F50*L50,2) -> 0 | W50: =M50*F50 -> 3589.74 | X50: =F50*N50 -> 0 | Y50: =R50+S50+T50+U50+V50+W50+X50 -> 3589.74 | Z50: =Q50-Y50 -> 278.586 | AA50: =Y50/Q50 -> 0.9279828
B51: 1.4.12 | C51: 94966 | D51: CONCRETO FCK = 30MPA, TRAÇO 1:2,1:2,5 (EM MASSA SECA DE CIMENTO/ AREIA MÉDIA/ BRITA 1) - PREPARO MECÂNICO COM BETONEIRA 400 L. AF_05/2021 | E51: M3 | F51: 530.88 | G51: 61.56 | K51: ='MEMORIAL DE CALCULO 04'!K402 -> 10.246 | L51: ='MEMORIAL DE CALCULO 05'!K406 -> 9.184 | M51: ='MEMORIAL DE CALCULO 06'!K400 -> 19.4 | N51: ='MEMORIAL DE CALCULO 07'!K403 -> 4.84 | O51: =H51+I51+J51+K51+L51+M51+N51 -> 43.67 | P51: =G51-O51 -> 17.89 | Q51: =F51*G51 -> 32680.973 | R51: =F51*H51 -> 0 | S51: =F51*I51 -> 0 | T51: =F51*J51 -> 0 | U51: =TRUNC(F51*K51,2) -> 5439.39 | V51: =TRUNC(F51*L51,2) -> 4875.6 | W51: =M51*F51 -> 10299.072 | X51: =F51*N51 -> 2569.4592 | Y51: =R51+S51+T51+U51+V51+W51+X51 -> 23183.521 | Z51: =Q51-Y51 -> 9497.4516 | AA51: =Y51/Q51 -> 0.70938896
B52: 1.4.13 | C52: 103670 | D52: LANÇAMENTO COM USO DE BALDES, ADENSAMENTO E ACABAMENTO DE CONCRETO EM ESTRUTURAS. AF_02/2022 | E52: M3 | F52: 230.55 | G52: 61.56 | K52: ='MEMORIAL DE CALCULO 04'!K405 -> 10.246 | L52: ='MEMORIAL DE CALCULO 05'!K406 -> 9.184 | M52: ='MEMORIAL DE CALCULO 06'!K403 -> 19.4 | N52: ='MEMORIAL DE CALCULO 07'!K407 -> 4.84 | O52: =H52+I52+J52+K52+L52+M52+N52 -> 43.67 | P52: =G52-O52 -> 17.89 | Q52: =F52*G52 -> 14192.658 | R52: =F52*H52 -> 0 | S52: =F52*I52 -> 0 | T52: =F52*J52 -> 0 | U52: =TRUNC(F52*K52,2) -> 2362.21 | V52: =TRUNC(F52*L52,2) -> 2117.37 | W52: =M52*F52 -> 4472.67 | X52: =F52*N52 -> 1115.862 | Y52: =R52+S52+T52+U52+V52+W52+X52 -> 10068.112 | Z52: =Q52-Y52 -> 4124.546 | AA52: =Y52/Q52 -> 0.70938876
B53: 1.4.14 | C53: 92771 | D53: ARMAÇÃO DE LAJE DE ESTRUTURA CONVENCIONAL DE CONCRETO ARMADO UTILIZANDO AÇO CA-50 DE 10,0 MM - MONTAGEM. AF_06/2022 | E53: KG | F53: 12.55 | G53: 312.3 | M53: ='MEMORIAL DE CALCULO 06'!K405 -> 217.7 | O53: =H53+I53+J53+K53+L53+M53+N53 -> 217.7 | P53: =G53-O53 -> 94.6 | Q53: =F53*G53 -> 3919.365 | R53: =F53*H53 -> 0 | S53: =F53*I53 -> 0 | T53: =F53*J53 -> 0 | U53: =TRUNC(F53*K53,2) -> 0 | V53: =TRUNC(F53*L53,2) -> 0 | W53: =M53*F53 -> 2732.135 | X53: =F53*N53 -> 0 | Y53: =R53+S53+T53+U53+V53+W53+X53 -> 2732.135 | Z53: =Q53-Y53 -> 1187.23 | AA53: =Y53/Q53 -> 0.69708614
B54: 1.4.15 | C54: 92772 | D54: ARMAÇÃO DE LAJE DE ESTRUTURA CONVENCIONAL DE CONCRETO ARMADO UTILIZANDO AÇO CA-50 DE 12,5 MM - MONTAGEM. AF_06/2022 | E54: KG | F54: 10.39 | G54: 154.8 | M54: ='MEMORIAL DE CALCULO 06'!K407 -> 154.8 | O54: =H54+I54+J54+K54+L54+M54+N54 -> 154.8 | P54: =G54-O54 -> 0 | Q54: =F54*G54 -> 1608.372 | R54: =F54*H54 -> 0 | S54: =F54*I54 -> 0 | T54: =F54*J54 -> 0 | U54: =TRUNC(F54*K54,2) -> 0 | V54: =TRUNC(F54*L54,2) -> 0 | W54: =M54*F54 -> 1608.372 | X54: =F54*N54 -> 0 | Y54: =R54+S54+T54+U54+V54+W54+X54 -> 1608.372 | Z54: =Q54-Y54 -> 0 | AA54: =Y54/Q54 -> 1
B55: 1.5 | C55: PAREDES | R55: =F55*H55 -> 0 | S55: =F55*I55 -> 0 | T55: =F55*J55 -> 0 | U55: =TRUNC(F55*K55,2) -> 0 | V55: =TRUNC(F55*L55,2) -> 0 | W55: =M55*F55 -> 0 | X55: =F55*N55 -> 0 | Y55: =R55+S55+T55+U55+V55+W55+X55 -> 0 | Z55: =Q55-Y55 -> 0
B56: 1.5.1 | C56: 103356 | D56: ALVENARIA DE VEDAÇÃO DE BLOCOS CERÂMICOS FURADOS NA HORIZONTAL DE 9X19X29 CM (ESPESSURA 9 CM) E ARGAMASSA DE ASSENTAMENTO COM PREPARO EM BETONEIRA. AF_12/2021 | E56: M2 | F56: 46.86 | G56: 1131.99 | K56: ='MEMORIAL DE CALCULO 04'!K410 -> 354.685 | L56: ='MEMORIAL DE CALCULO 05'!K413 -> 492.16 | O56: =H56+I56+J56+K56+L56+M56+N56 -> 846.845 | P56: =G56-O56 -> 285.145 | Q56: =F56*G56 -> 53045.051 | R56: =F56*H56 -> 0 | S56: =F56*I56 -> 0 | T56: =F56*J56 -> 0 | U56: =TRUNC(F56*K56,2) -> 16620.53 | V56: =TRUNC(F56*L56,2) -> 23062.61 | W56: =M56*F56 -> 0 | X56: =F56*N56 -> 0 | Y56: =R56+S56+T56+U56+V56+W56+X56 -> 39683.14 | Z56: =Q56-Y56 -> 13361.911 | AA56: =Y56/Q56 -> 0.74810258
B57: 1.5.2 | C57: 93189 | D57: VERGA MOLDADA IN LOCO EM CONCRETO PARA PORTAS COM MAIS DE 1,5 M DE VÃO. AF_03/2016 | E57: M | F57: 99.36 | G57: 64.1 | K57: ='MEMORIAL DE CALCULO 04'!K484 -> 10.2 | L57: ='MEMORIAL DE CALCULO 05'!K479 -> 53.9 | O57: =H57+I57+J57+K57+L57+M57+N57 -> 64.1 | P57: =G57-O57 -> 0 | Q57: =F57*G57 -> 6368.976 | R57: =F57*H57 -> 0 | S57: =F57*I57 -> 0 | T57: =F57*J57 -> 0 | U57: =TRUNC(F57*K57,2) -> 1013.47 | V57: =TRUNC(F57*L57,2) -> 5355.5 | W57: =M57*F57 -> 0 | X57: =F57*N57 -> 0 | Y57: =R57+S57+T57+U57+V57+W57+X57 -> 6368.97 | Z57: =Q57-Y57 -> 0.006 | AA57: =Y57/Q57 -> 0.99999906
B58: 1.5.3 | C58: 93191 | D58: VERGA MOLDADA IN LOCO COM UTILIZAÇÃO DE BLOCOS CANALETA PARA JANELAS COM MAIS DE 1,5 M DE VÃO. AF_03/2016 | E58: M | F58: 50.71 | G58: 72.2 | K58: ='MEMORIAL DE CALCULO 04'!K488 -> 11.6 | L58: ='MEMORIAL DE CALCULO 05'!K486 -> 60.6 | O58: =H58+I58+J58+K58+L58+M58+N58 -> 72.2 | P58: =G58-O58 -> 0 | Q58: =F58*G58 -> 3661.262 | R58: =F58*H58 -> 0 | S58: =F58*I58 -> 0 | T58: =F58*J58 -> 0 | U58: =TRUNC(F58*K58,2) -> 588.23 | V58: =TRUNC(F58*L58,2) -> 3073.02 | W58: =M58*F58 -> 0 | X58: =F58*N58 -> 0 | Y58: =R58+S58+T58+U58+V58+W58+X58 -> 3661.25 | Z58: =Q58-Y58 -> 0.012 | AA58: =Y58/Q58 -> 0.99999672
B59: 1.5.4 | C59: 93197 | D59: CONTRAVERGA MOLDADA IN LOCO EM CONCRETO PARA VÃOS DE MAIS DE 1,5 M DE COMPRIMENTO. AF_03/2016 | E59: M | F59: 90.23 | G59: 72.2 | K59: ='MEMORIAL DE CALCULO 04'!K492 -> 11.6 | L59: ='MEMORIAL DE CALCULO 05'!K493 -> 60.6 | O59: =H59+I59+J59+K59+L59+M59+N59 -> 72.2 | P59: =G59-O59 -> 0 | Q59: =F59*G59 -> 6514.606 | R59: =F59*H59 -> 0 | S59: =F59*I59 -> 0 | T59: =F59*J59 -> 0 | U59: =TRUNC(F59*K59,2) -> 1046.66 | V59: =TRUNC(F59*L59,2) -> 5467.93 | W59: =M59*F59 -> 0 | X59: =F59*N59 -> 0 | Y59: =R59+S59+T59+U59+V59+W59+X59 -> 6514.59 | Z59: =Q59-Y59 -> 0.016 | AA59: =Y59/Q59 -> 0.99999754
B60: 1.6 | C60: REVESTIMENTOS INTERNOS | R60: =F60*H60 -> 0 | S60: =F60*I60 -> 0 | T60: =F60*J60 -> 0 | U60: =TRUNC(F60*K60,2) -> 0 | V60: =TRUNC(F60*L60,2) -> 0 | X60: =F60*N60 -> 0 | Y60: =R60+S60+T60+U60+V60+W60+X60 -> 0
B61: 1.6.1 | C61: 87893 | D61: CHAPISCO APLICADO EM ALVENARIA (SEM PRESENÇA DE VÃOS) E ESTRUTURAS DE CONCRETO DE FACHADA, COM COLHER DE PEDREIRO. ARGAMASSA TRAÇO 1:3 COM PREPARO MANUAL. AF_10/2022 | E61: M2 | F61: 6.08 | G61: 1348.98 | L61: 1348.98 | O61: =H61+I61+J61+K61+L61+M61+N61 -> 1348.98 | P61: =G61-O61 -> 0 | Q61: =F61*G61 -> 8201.7984 | R61: =F61*H61 -> 0 | S61: =F61*I61 -> 0 | T61: =F61*J61 -> 0 | U61: =TRUNC(F61*K61,2) -> 0 | V61: =TRUNC(F61*L61,2) -> 8201.79 | W61: =M61*F61 -> 0 | X61: =F61*N61 -> 0 | Y61: =R61+S61+T61+U61+V61+W61+X61 -> 8201.79 | Z61: =Q61-Y61 -> 0.0084 | AA61: =Y61/Q61 -> 0.99999898
B62: 1.6.2 | C62: 87548 | D62: MASSA ÚNICA, PARA RECEBIMENTO DE PINTURA, EM ARGAMASSA TRAÇO 1:2:8, PREPARO MANUAL, APLICADA MANUALMENTE EM FACES INTERNAS DE PAREDES, ESPESSURA DE 10MM, COM EXECUÇÃO DE TALISCAS. AF_06/2014 | E62: M2 | F62: 22.4 | G62: 997.11 | M62: ='MEMORIAL DE CALCULO 06'!K410 -> 299.133 | N62: 697.97679 | O62: =H62+I62+J62+K62+L62+M62+N62 -> 997.10979 | P62: =G62-O62 -> 0.000214 | Q62: =F62*G62 -> 22335.264 | R62: =F62*H62 -> 0 | S62: =F62*I62 -> 0 | T62: =F62*J62 -> 0 | U62: =TRUNC(F62*K62,2) -> 0 | V62: =TRUNC(F62*L62,2) -> 0 | W62: =M62*F62 -> 6700.5792 | X62: =F62*N62 -> 15634.68 | Y62: =R62+S62+T62+U62+V62+W62+X62 -> 22335.259 | Z62: =Q62-Y62 -> 0.0047936 | AA62: =Y62/Q62 -> 0.99999979
B63: 1.6.3 | C63: 87536 | D63: EMBOÇO, PARA RECEBIMENTO DE CERÂMICA, EM ARGAMASSA TRAÇO 1:2:8, PREPARO MANUAL, APLICADO MANUALMENTE EM FACES INTERNAS DE PAREDES, PARA AMBIENTE COM ÁREA MAIOR QUE 10M2, ESPESSURA DE 20MM, COM EXECUÇÃO DE TALISCAS. AF_06/2014 | E63: M2 | F63: 31.26 | G63: 351.87 | N63: ='MEMORIAL DE CALCULO 07'!K417 -> 351.87 | O63: =H63+I63+J63+K63+L63+M63+N63 -> 351.87 | P63: =G63-O63 -> 0 | Q63: =F63*G63 -> 10999.456 | R63: =F63*H63 -> 0 | S63: =F63*I63 -> 0 | T63: =F63*J63 -> 0 | U63: =TRUNC(F63*K63,2) -> 0 | V63: =TRUNC(F63*L63,2) -> 0 | W63: =M63*F63 -> 0 | X63: =F63*N63 -> 10999.456 | Y63: =R63+S63+T63+U63+V63+W63+X63 -> 10999.456 | Z63: =Q63-Y63 -> 0 | AA63: =Y63/Q63 -> 1
B64: 1.6.4 | C64: 87275 | D64: REVESTIMENTO CERÂMICO PARA PAREDES INTERNAS COM PLACAS TIPO ESMALTADA EXTRA DE DIMENSÕES 33X45 CM APLICADAS A MEIA ALTURA DAS PAREDES. AF_02/2023_PE | E64: M2 | F64: 75.14 | G64: 351.87 | O64: =H64+I64+J64+K64+L64+M64+N64 -> 0 | P64: =G64-O64 -> 351.87 | Q64: =F64*G64 -> 26439.512 | R64: =F64*H64 -> 0 | S64: =F64*I64 -> 0 | T64: =F64*J64 -> 0 | U64: =TRUNC(F64*K64,2) -> 0 | V64: =TRUNC(F64*L64,2) -> 0 | W64: =M64*F64 -> 0 | X64: =F64*N64 -> 0 | Y64: =R64+S64+T64+U64+V64+W64+X64 -> 0 | Z64: =Q64-Y64 -> 26439.512 | AA64: =Y64/Q64 -> 0
B65: 1.7 | C65: ESQUADRIAS | R65: =F65*H65 -> 0 | S65: =F65*I65 -> 0 | T65: =F65*J65 -> 0 | U65: =TRUNC(F65*K65,2) -> 0 | V65: =TRUNC(F65*L65,2) -> 0 | X65: =F65*N65 -> 0 | Y65: =R65+S65+T65+U65+V65+W65+X65 -> 0
B66: 1.7.1 | C66: 91315 | D66: KIT DE PORTA DE MADEIRA PARA PINTURA, SEMI-OCA (LEVE OU MÉDIA), PADRÃO POPULAR, 90X210CM, ESPESSURA DE 3,5CM, ITENS INCLUSOS: DOBRADIÇAS, MONTAGEM E INSTALAÇÃO DO BATENTE, FECHADURA COM EXECUÇÃO DO FURO - FORNECIMENTO E INSTALAÇÃO. AF_12/2019 | E66: UN | F66: 919.01 | G66: 18 | O66: =H66+I66+J66+K66+L66+M66+N66 -> 0 | P66: =G66-O66 -> 18 | Q66: =F66*G66 -> 16542.18 | R66: =F66*H66 -> 0 | S66: =F66*I66 -> 0 | T66: =F66*J66 -> 0 | U66: =TRUNC(F66*K66,2) -> 0 | V66: =TRUNC(F66*L66,2) -> 0 | W66: =M66*F66 -> 0 | X66: =F66*N66 -> 0 | Y66: =R66+S66+T66+U66+V66+W66+X66 -> 0 | Z66: =Q66-Y66 -> 16542.18 | AA66: =Y66/Q66 -> 0
B67: 1.7.2 | C67: 94570 | D67: JANELA DE ALUMÍNIO DE CORRER COM 2 FOLHAS PARA VIDROS, COM VIDROS, BATENTE, ACABAMENTO COM ACETATO OU BRILHANTE E FERRAGENS. EXCLUSIVE ALIZAR E CONTRAMARCO. FORNECIMENTO E INSTALAÇÃO. AF_12/2019 | E67: M2 | F67: 960.32 | G67: 49.7 | O67: =H67+I67+J67+K67+L67+M67+N67 -> 0 | P67: =G67-O67 -> 49.7 | Q67: =F67*G67 -> 47727.904 | R67: =F67*H67 -> 0 | S67: =F67*I67 -> 0 | T67: =F67*J67 -> 0 | U67: =TRUNC(F67*K67,2) -> 0 | V67: =TRUNC(F67*L67,2) -> 0 | W67: =M67*F67 -> 0 | X67: =F67*N67 -> 0 | Y67: =R67+S67+T67+U67+V67+W67+X67 -> 0 | Z67: =Q67-Y67 -> 47727.904 | AA67: =Y67/Q67 -> 0
B68: 1.7.3 | C68: 100689 | D68: KIT DE PORTA DE MADEIRA FRISADA, SEMI-OCA (LEVE OU MÉDIA), PADRÃO MÉDIO, 80X210CM, ESPESSURA DE 3,5CM, ITENS INCLUSOS: DOBRADIÇAS, MONTAGEM E INSTALAÇÃO DE BATENTE, FECHADURA COM EXECUÇÃO DO FURO - FORNECIMENTO E INSTALAÇÃO. AF_12/2019 | E68: UN | F68: 1069.74 | G68: 5 | O68: =H68+I68+J68+K68+L68+M68+N68 -> 0 | P68: =G68-O68 -> 5 | Q68: =F68*G68 -> 5348.7 | R68: =F68*H68 -> 0 | S68: =F68*I68 -> 0 | T68: =F68*J68 -> 0 | U68: =TRUNC(F68*K68,2) -> 0 | V68: =TRUNC(F68*L68,2) -> 0 | W68: =M68*F68 -> 0 | X68: =F68*N68 -> 0 | Y68: =R68+S68+T68+U68+V68+W68+X68 -> 0 | Z68: =Q68-Y68 -> 5348.7 | AA68: =Y68/Q68 -> 0
B69: 1.7.4 | C69: composição 3 | D69: PORTA EM MADEIRA , LISA, SEMI-ÔCA, 1.46 X 2.10 M, COM DUAS FOLHAS, INCLUSIVE BATENTES E FERRAGENS - REV 02[ADAPTADO DE ORSE 7149] | E69: UND | F69: 2030.34 | G69: 1 | O69: =H69+I69+J69+K69+L69+M69+N69 -> 0 | P69: =G69-O69 -> 1 | Q69: =F69*G69 -> 2030.34 | R69: =F69*H69 -> 0 | S69: =F69*I69 -> 0 | T69: =F69*J69 -> 0 | U69: =TRUNC(F69*K69,2) -> 0 | V69: =TRUNC(F69*L69,2) -> 0 | W69: =M69*F69 -> 0 | X69: =F69*N69 -> 0 | Y69: =R69+S69+T69+U69+V69+W69+X69 -> 0 | Z69: =Q69-Y69 -> 2030.34 | AA69: =Y69/Q69 -> 0
B70: 1.7.5 | C70: composição 4 | D70: PORTÃO EM ALUMÍNIO, COR N/B/P, EM PERFÍS BÚZIO QUADRADO OU LAMBRIL, COMPLETO INCLUSIVE RODÍZIOS, PERFÍS E FECHADURA- ORSE - ORSE 11955 | E70: UND | F70: 4697.45 | G70: 3 | O70: =H70+I70+J70+K70+L70+M70+N70 -> 0 | P70: =G70-O70 -> 3 | Q70: =F70*G70 -> 14092.35 | R70: =F70*H70 -> 0 | S70: =F70*I70 -> 0 | T70: =F70*J70 -> 0 | U70: =TRUNC(F70*K70,2) -> 0 | V70: =TRUNC(F70*L70,2) -> 0 | W70: =M70*F70 -> 0 | X70: =F70*N70 -> 0 | Y70: =R70+S70+T70+U70+V70+W70+X70 -> 0 | Z70: =Q70-Y70 -> 14092.35 | AA70: =Y70/Q70 -> 0
B71: 1.7.6 | C71: 91341 | D71: PORTA EM ALUMÍNIO DE ABRIR TIPO VENEZIANA COM GUARNIÇÃO, FIXAÇÃO COM PARAFUSOS - FORNECIMENTO E INSTALAÇÃO. AF_12/2019 | E71: M2 | F71: 976.37 | G71: 12.96 | O71: =H71+I71+J71+K71+L71+M71+N71 -> 0 | P71: =G71-O71 -> 12.96 | Q71: =F71*G71 -> 12653.755 | R71: =F71*H71 -> 0 | S71: =F71*I71 -> 0 | T71: =F71*J71 -> 0 | U71: =TRUNC(F71*K71,2) -> 0 | V71: =TRUNC(F71*L71,2) -> 0 | W71: =M71*F71 -> 0 | X71: =F71*N71 -> 0 | Y71: =R71+S71+T71+U71+V71+W71+X71 -> 0 | Z71: =Q71-Y71 -> 12653.755 | AA71: =Y71/Q71 -> 0
B72: 1.7.7 | C72: 100702 | D72: PORTA DE CORRER DE ALUMÍNIO, COM DUAS FOLHAS PARA VIDRO, INCLUSO VIDRO LISO INCOLOR, FECHADURA E PUXADOR, SEM ALIZAR. AF_12/2019 | E72: M2 | F72: 579.9 | G72: 19.96 | O72: =H72+I72+J72+K72+L72+M72+N72 -> 0 | P72: =G72-O72 -> 19.96 | Q72: =F72*G72 -> 11574.804 | R72: =F72*H72 -> 0 | S72: =F72*I72 -> 0 | T72: =F72*J72 -> 0 | U72: =TRUNC(F72*K72,2) -> 0 | V72: =TRUNC(F72*L72,2) -> 0 | W72: =M72*F72 -> 0 | X72: =F72*N72 -> 0 | Y72: =R72+S72+T72+U72+V72+W72+X72 -> 0 | Z72: =Q72-Y72 -> 11574.804 | AA72: =Y72/Q72 -> 0
B73: 1.7.8 | C73: 90831 | D73: FECHADURA DE EMBUTIR PARA PORTA DE BANHEIRO, COMPLETA, ACABAMENTO PADRÃO MÉDIO, INCLUSO EXECUÇÃO DE FURO - FORNECIMENTO E INSTALAÇÃO. AF_12/2019 | E73: UN | F73: 137.3 | G73: 8 | O73: =H73+I73+J73+K73+L73+M73+N73 -> 0 | P73: =G73-O73 -> 8 | Q73: =F73*G73 -> 1098.4 | R73: =F73*H73 -> 0 | S73: =F73*I73 -> 0 | T73: =F73*J73 -> 0 | U73: =TRUNC(F73*K73,2) -> 0 | V73: =TRUNC(F73*L73,2) -> 0 | W73: =M73*F73 -> 0 | X73: =F73*N73 -> 0 | Y73: =R73+S73+T73+U73+V73+W73+X73 -> 0 | Z73: =Q73-Y73 -> 1098.4 | AA73: =Y73/Q73 -> 0
B74: 1.8 | C74: PINTURA | R74: =F74*H74 -> 0 | S74: =F74*I74 -> 0 | T74: =F74*J74 -> 0 | U74: =TRUNC(F74*K74,2) -> 0 | V74: =TRUNC(F74*L74,2) -> 0 | W74: =M74*F74 -> 0 | X74: =F74*N74 -> 0 | Y74: =R74+S74+T74+U74+V74+W74+X74 -> 0 | Z74: =Q74-Y74 -> 0
B75: 1.8.1 | C75: 88485 | D75: APLICAÇÃO DE FUNDO SELADOR ACRÍLICO EM PAREDES, UMA DEMÃO. AF_06/2014 | E75: M2 | F75: 2.74 | G75: 997.11 | O75: =H75+I75+J75+K75+L75+M75+N75 -> 0 | P75: =G75-O75 -> 997.11 | Q75: =F75*G75 -> 2732.0814 | R75: =F75*H75 -> 0 | S75: =F75*I75 -> 0 | T75: =F75*J75 -> 0 | U75: =TRUNC(F75*K75,2) -> 0 | V75: =TRUNC(F75*L75,2) -> 0 | W75: =M75*F75 -> 0 | X75: =F75*N75 -> 0 | Y75: =R75+S75+T75+U75+V75+W75+X75 -> 0 | Z75: =Q75-Y75 -> 2732.0814 | AA75: =Y75/Q75 -> 0
B76: 1.8.2 | C76: 88495 | D76: APLICAÇÃO E LIXAMENTO DE MASSA LÁTEX EM PAREDES, UMA DEMÃO. AF_06/2014 | E76: M2 | F76: 9.86 | G76: 997.11 | O76: =H76+I76+J76+K76+L76+M76+N76 -> 0 | P76: =G76-O76 -> 997.11 | Q76: =F76*G76 -> 9831.5046 | R76: =F76*H76 -> 0 | S76: =F76*I76 -> 0 | T76: =F76*J76 -> 0 | U76: =TRUNC(F76*K76,2) -> 0 | V76: =TRUNC(F76*L76,2) -> 0 | W76: =M76*F76 -> 0 | X76: =F76*N76 -> 0 | Y76: =R76+S76+T76+U76+V76+W76+X76 -> 0 | Z76: =Q76-Y76 -> 9831.5046 | AA76: =Y76/Q76 -> 0
B77: 1.8.3 | C77: 88489 | D77: APLICAÇÃO MANUAL DE PINTURA COM TINTA LÁTEX ACRÍLICA EM PAREDES, DUAS DEMÃOS. AF_06/2014 | E77: M2 | F77: 12.16 | G77: 997.11 | O77: =H77+I77+J77+K77+L77+M77+N77 -> 0 | P77: =G77-O77 -> 997.11 | Q77: =F77*G77 -> 12124.858 | R77: =F77*H77 -> 0 | S77: =F77*I77 -> 0 | T77: =F77*J77 -> 0 | U77: =TRUNC(F77*K77,2) -> 0 | V77: =TRUNC(F77*L77,2) -> 0 | W77: =M77*F77 -> 0 | X77: =F77*N77 -> 0 | Y77: =R77+S77+T77+U77+V77+W77+X77 -> 0 | Z77: =Q77-Y77 -> 12124.858 | AA77: =Y77/Q77 -> 0
B78: 1.8.4 | C78: 88484 | D78: APLICAÇÃO DE FUNDO SELADOR ACRÍLICO EM TETO, UMA DEMÃO. AF_06/2014 | E78: M2 | F78: 3.1 | G78: 634.5 | O78: =H78+I78+J78+K78+L78+M78+N78 -> 0 | P78: =G78-O78 -> 634.5 | Q78: =F78*G78 -> 1966.95 | R78: =F78*H78 -> 0 | S78: =F78*I78 -> 0 | T78: =F78*J78 -> 0 | U78: =TRUNC(F78*K78,2) -> 0 | V78: =TRUNC(F78*L78,2) -> 0 | W78: =M78*F78 -> 0 | X78: =F78*N78 -> 0 | Y78: =R78+S78+T78+U78+V78+W78+X78 -> 0 | Z78: =Q78-Y78 -> 1966.95 | AA78: =Y78/Q78 -> 0
B79: 1.8.5 | C79: 88494 | D79: APLICAÇÃO E LIXAMENTO DE MASSA LÁTEX EM TETO, UMA DEMÃO. AF_06/2014 | E79: M2 | F79: 17.43 | G79: 634.5 | O79: =H79+I79+J79+K79+L79+M79+N79 -> 0 | P79: =G79-O79 -> 634.5 | Q79: =F79*G79 -> 11059.335 | R79: =F79*H79 -> 0 | S79: =F79*I79 -> 0 | T79: =F79*J79 -> 0 | U79: =TRUNC(F79*K79,2) -> 0 | V79: =TRUNC(F79*L79,2) -> 0 | W79: =M79*F79 -> 0 | X79: =F79*N79 -> 0 | Y79: =R79+S79+T79+U79+V79+W79+X79 -> 0 | Z79: =Q79-Y79 -> 11059.335 | AA79: =Y79/Q79 -> 0
B80: 1.8.6 | C80: 88488 | D80: APLICAÇÃO MANUAL DE PINTURA COM TINTA LÁTEX ACRÍLICA EM TETO, DUAS DEMÃOS. AF_06/2014 | E80: M2 | F80: 13.74 | G80: 634.5 | O80: =H80+I80+J80+K80+L80+M80+N80 -> 0 | P80: =G80-O80 -> 634.5 | Q80: =F80*G80 -> 8718.03 | R80: =F80*H80 -> 0 | S80: =F80*I80 -> 0 | T80: =F80*J80 -> 0 | U80: =TRUNC(F80*K80,2) -> 0 | V80: =TRUNC(F80*L80,2) -> 0 | W80: =M80*F80 -> 0 | X80: =F80*N80 -> 0 | Y80: =R80+S80+T80+U80+V80+W80+X80 -> 0 | Z80: =Q80-Y80 -> 8718.03 | AA80: =Y80/Q80 -> 0
B81: 1.9 | C81: REVESTIMENTOS EXTERNOS | R81: =F81*H81 -> 0 | S81: =F81*I81 -> 0 | T81: =F81*J81 -> 0 | U81: =TRUNC(F81*K81,2) -> 0 | V81: =TRUNC(F81*L81,2) -> 0 | W81: =M81*F81 -> 0 | X81: =F81*N81 -> 0 | Y81: =R81+S81+T81+U81+V81+W81+X81 -> 0 | Z81: =Q81-Y81 -> 0
B82: 1.9.1 | C82: 87894 | D82: CHAPISCO APLICADO EM ALVENARIA (SEM PRESENÇA DE VÃOS) E ESTRUTURAS DE CONCRETO DE FACHADA, COM COLHER DE PEDREIRO. ARGAMASSA TRAÇO 1:3 COM PREPARO EM BETONEIRA 400L. AF_10/2022 | E82: M2 | F82: 5.72 | G82: 466.37 | N82: ='MEMORIAL DE CALCULO 07'!K421 -> 320.44 | O82: =H82+I82+J82+K82+L82+M82+N82 -> 320.44 | P82: =G82-O82 -> 145.93 | Q82: =F82*G82 -> 2667.6364 | R82: =F82*H82 -> 0 | S82: =F82*I82 -> 0 | T82: =F82*J82 -> 0 | U82: =TRUNC(F82*K82,2) -> 0 | V82: =TRUNC(F82*L82,2) -> 0 | W82: =M82*F82 -> 0 | X82: =F82*N82 -> 1832.9168 | Y82: =R82+S82+T82+U82+V82+W82+X82 -> 1832.9168 | Z82: =Q82-Y82 -> 834.7196 | AA82: =Y82/Q82 -> 0.68709394
B83: 1.9.2 | C83: 104233 | D83: EMBOÇO OU MASSA ÚNICA EM ARGAMASSA TRAÇO 1:2:8, PREPARO MECÂNICA COM BETONEIRA 400 L, APLICADA MANUALMENTE EM PANOS DE FACHADA SEM PRESENÇA DE VÃOS, ESPESSURA DE 25 MM, ACESSO POR ANDAIME. AF_08/2022 | E83: M2 | F83: 31.53 | G83: 466.37 | O83: =H83+I83+J83+K83+L83+M83+N83 -> 0 | P83: =G83-O83 -> 466.37 | Q83: =F83*G83 -> 14704.646 | R83: =F83*H83 -> 0 | S83: =F83*I83 -> 0 | T83: =F83*J83 -> 0 | U83: =TRUNC(F83*K83,2) -> 0 | V83: =TRUNC(F83*L83,2) -> 0 | W83: =M83*F83 -> 0 | X83: =F83*N83 -> 0 | Y83: =R83+S83+T83+U83+V83+W83+X83 -> 0 | Z83: =Q83-Y83 -> 14704.646 | AA83: =Y83/Q83 -> 0
B84: 1.9.3 | C84: composição 6 | D84: REVESTIMENTO PORCELANATO MADEIRADO PARA PAREDES COM PLACAS TIPO ESMALTADA EXTRA DE DIMENSÕES 20X120 CM [ADAPTADO SINAPI 87244] | E84: M2 | F84: 154.75 | G84: 32.5 | O84: =H84+I84+J84+K84+L84+M84+N84 -> 0 | P84: =G84-O84 -> 32.5 | Q84: =F84*G84 -> 5029.375 | R84: =F84*H84 -> 0 | S84: =F84*I84 -> 0 | T84: =F84*J84 -> 0 | U84: =TRUNC(F84*K84,2) -> 0 | V84: =TRUNC(F84*L84,2) -> 0 | W84: =M84*F84 -> 0 | X84: =F84*N84 -> 0 | Y84: =R84+S84+T84+U84+V84+W84+X84 -> 0 | Z84: =Q84-Y84 -> 5029.375 | AA84: =Y84/Q84 -> 0
B85: 1.9.4 | C85: composição 7 | D85: REVESTIMENTO PORCELANATO MARMORIZADO PARA PAREDES E PISO COM PLACAS TIPO ESMALTADA EXTRA DE DIMENSÕES 80X80 CM [ADAPTADO SINAPI 87244] | E85: M² | F85: 228.6 | G85: 29.5 | O85: =H85+I85+J85+K85+L85+M85+N85 -> 0 | P85: =G85-O85 -> 29.5 | Q85: =F85*G85 -> 6743.7 | R85: =F85*H85 -> 0 | S85: =F85*I85 -> 0 | T85: =F85*J85 -> 0 | U85: =TRUNC(F85*K85,2) -> 0 | V85: =TRUNC(F85*L85,2) -> 0 | W85: =M85*F85 -> 0 | X85: =F85*N85 -> 0 | Y85: =R85+S85+T85+U85+V85+W85+X85 -> 0 | Z85: =Q85-Y85 -> 6743.7 | AA85: =Y85/Q85 -> 0
B86: 1.9.5 | C86: 88485 | D86: APLICAÇÃO DE FUNDO SELADOR ACRÍLICO EM PAREDES, UMA DEMÃO. AF_06/2014 | E86: M2 | F86: 2.74 | G86: 404.37 | O86: =H86+I86+J86+K86+L86+M86+N86 -> 0 | P86: =G86-O86 -> 404.37 | Q86: =F86*G86 -> 1107.9738 | R86: =F86*H86 -> 0 | S86: =F86*I86 -> 0 | T86: =F86*J86 -> 0 | U86: =TRUNC(F86*K86,2) -> 0 | V86: =TRUNC(F86*L86,2) -> 0 | W86: =M86*F86 -> 0 | X86: =F86*N86 -> 0 | Y86: =R86+S86+T86+U86+V86+W86+X86 -> 0 | Z86: =Q86-Y86 -> 1107.9738 | AA86: =Y86/Q86 -> 0
B87: 1.9.6 | C87: 96130 | D87: APLICAÇÃO MANUAL DE MASSA ACRÍLICA EM PAREDES EXTERNAS DE CASAS, UMA DEMÃO. AF_05/2017 | E87: M2 | F87: 17.11 | G87: 404.37 | O87: =H87+I87+J87+K87+L87+M87+N87 -> 0 | P87: =G87-O87 -> 404.37 | Q87: =F87*G87 -> 6918.7707 | R87: =F87*H87 -> 0 | S87: =F87*I87 -> 0 | T87: =F87*J87 -> 0 | U87: =TRUNC(F87*K87,2) -> 0 | V87: =TRUNC(F87*L87,2) -> 0 | W87: =M87*F87 -> 0 | X87: =F87*N87 -> 0 | Y87: =R87+S87+T87+U87+V87+W87+X87 -> 0 | Z87: =Q87-Y87 -> 6918.7707 | AA87: =Y87/Q87 -> 0
B88: 1.9.7 | C88: 88489 | D88: APLICAÇÃO MANUAL DE PINTURA COM TINTA LÁTEX ACRÍLICA EM PAREDES, DUAS DEMÃOS. AF_06/2014 | E88: M2 | F88: 12.16 | G88: 404.37 | O88: =H88+I88+J88+K88+L88+M88+N88 -> 0 | P88: =G88-O88 -> 404.37 | Q88: =F88*G88 -> 4917.1392 | R88: =F88*H88 -> 0 | S88: =F88*I88 -> 0 | T88: =F88*J88 -> 0 | U88: =TRUNC(F88*K88,2) -> 0 | V88: =TRUNC(F88*L88,2) -> 0 | W88: =M88*F88 -> 0 | X88: =F88*N88 -> 0 | Y88: =R88+S88+T88+U88+V88+W88+X88 -> 0 | Z88: =Q88-Y88 -> 4917.1392 | AA88: =Y88/Q88 -> 0
B89: 1.1 | C89: INSTALAÇÃO ELÉTRICA | R89: =F89*H89 -> 0 | S89: =F89*I89 -> 0 | T89: =F89*J89 -> 0 | U89: =TRUNC(F89*K89,2) -> 0 | V89: =TRUNC(F89*L89,2) -> 0 | W89: =M89*F89 -> 0 | X89: =F89*N89 -> 0 | Y89: =R89+S89+T89+U89+V89+W89+X89 -> 0 | Z89: =Q89-Y89 -> 0
B90: 1.10.1 | C90: 92868 | D90: CAIXA RETANGULAR 4" X 2" MÉDIA (1,30 M DO PISO), METÁLICA, INSTALADA EM PAREDE - FORNECIMENTO E INSTALAÇÃO. AF_03/2023 | E90: UN | F90: 13.45 | G90: 117 | O90: =H90+I90+J90+K90+L90+M90+N90 -> 0 | P90: =G90-O90 -> 117 | Q90: =F90*G90 -> 1573.65 | R90: =F90*H90 -> 0 | S90: =F90*I90 -> 0 | T90: =F90*J90 -> 0 | U90: =TRUNC(F90*K90,2) -> 0 | V90: =TRUNC(F90*L90,2) -> 0 | W90: =M90*F90 -> 0 | X90: =F90*N90 -> 0 | Y90: =R90+S90+T90+U90+V90+W90+X90 -> 0 | Z90: =Q90-Y90 -> 1573.65 | AA90: =Y90/Q90 -> 0
B91: 1.10.2 | C91: 91937 | D91: CAIXA OCTOGONAL 3" X 3", PVC, INSTALADA EM LAJE - FORNECIMENTO E INSTALAÇÃO. AF_03/2023 | E91: UN | F91: 11.14 | G91: 76 | O91: =H91+I91+J91+K91+L91+M91+N91 -> 0 | P91: =G91-O91 -> 76 | Q91: =F91*G91 -> 846.64 | R91: =F91*H91 -> 0 | S91: =F91*I91 -> 0 | T91: =F91*J91 -> 0 | U91: =TRUNC(F91*K91,2) -> 0 | V91: =TRUNC(F91*L91,2) -> 0 | W91: =M91*F91 -> 0 | X91: =F91*N91 -> 0 | Y91: =R91+S91+T91+U91+V91+W91+X91 -> 0 | Z91: =Q91-Y91 -> 846.64 | AA91: =Y91/Q91 -> 0
B92: 1.10.3 | C92: 91924 | D92: CABO DE COBRE FLEXÍVEL ISOLADO, 1,5 MM², ANTI-CHAMA 450/750 V, PARA CIRCUITOS TERMINAIS - FORNECIMENTO E INSTALAÇÃO. AF_03/2023 | E92: M | F92: 2.7 | G92: 1253.8 | O92: =H92+I92+J92+K92+L92+M92+N92 -> 0 | P92: =G92-O92 -> 1253.8 | Q92: =F92*G92 -> 3385.26 | R92: =F92*H92 -> 0 | S92: =F92*I92 -> 0 | T92: =F92*J92 -> 0 | U92: =TRUNC(F92*K92,2) -> 0 | V92: =TRUNC(F92*L92,2) -> 0 | W92: =M92*F92 -> 0 | X92: =F92*N92 -> 0 | Y92: =R92+S92+T92+U92+V92+W92+X92 -> 0 | Z92: =Q92-Y92 -> 3385.26 | AA92: =Y92/Q92 -> 0
B93: 1.10.4 | C93: 91926 | D93: CABO DE COBRE FLEXÍVEL ISOLADO, 2,5 MM², ANTI-CHAMA 450/750 V, PARA CIRCUITOS TERMINAIS - FORNECIMENTO E INSTALAÇÃO. AF_03/2023 | E93: M | F93: 3.98 | G93: 1496.3 | O93: =H93+I93+J93+K93+L93+M93+N93 -> 0 | P93: =G93-O93 -> 1496.3 | Q93: =F93*G93 -> 5955.274 | R93: =F93*H93 -> 0 | S93: =F93*I93 -> 0 | T93: =F93*J93 -> 0 | U93: =TRUNC(F93*K93,2) -> 0 | V93: =TRUNC(F93*L93,2) -> 0 | W93: =M93*F93 -> 0 | X93: =F93*N93 -> 0 | Y93: =R93+S93+T93+U93+V93+W93+X93 -> 0 | Z93: =Q93-Y93 -> 5955.274 | AA93: =Y93/Q93 -> 0
B94: 1.10.5 | C94: 91928 | D94: CABO DE COBRE FLEXÍVEL ISOLADO, 4 MM², ANTI-CHAMA 450/750 V, PARA CIRCUITOS TERMINAIS - FORNECIMENTO E INSTALAÇÃO. AF_03/2023 | E94: M | F94: 6.23 | G94: 284.6 | O94: =H94+I94+J94+K94+L94+M94+N94 -> 0 | P94: =G94-O94 -> 284.6 | Q94: =F94*G94 -> 1773.058 | R94: =F94*H94 -> 0 | S94: =F94*I94 -> 0 | T94: =F94*J94 -> 0 | U94: =TRUNC(F94*K94,2) -> 0 | V94: =TRUNC(F94*L94,2) -> 0 | W94: =M94*F94 -> 0 | X94: =F94*N94 -> 0 | Y94: =R94+S94+T94+U94+V94+W94+X94 -> 0 | Z94: =Q94-Y94 -> 1773.058 | AA94: =Y94/Q94 -> 0
B95: 1.10.6 | C95: 91931 | D95: CABO DE COBRE FLEXÍVEL ISOLADO, 6 MM², ANTI-CHAMA 0,6/1,0 KV, PARA CIRCUITOS TERMINAIS - FORNECIMENTO E INSTALAÇÃO. AF_03/2023 | E95: M | F95: 9.51 | G95: 224 | O95: =H95+I95+J95+K95+L95+M95+N95 -> 0 | P95: =G95-O95 -> 224 | Q95: =F95*G95 -> 2130.24 | R95: =F95*H95 -> 0 | S95: =F95*I95 -> 0 | T95: =F95*J95 -> 0 | U95: =TRUNC(F95*K95,2) -> 0 | V95: =TRUNC(F95*L95,2) -> 0 | W95: =M95*F95 -> 0 | X95: =F95*N95 -> 0 | Y95: =R95+S95+T95+U95+V95+W95+X95 -> 0 | Z95: =Q95-Y95 -> 2130.24 | AA95: =Y95/Q95 -> 0
B96: 1.10.7 | C96: 39773 | D96: CAIXA DE PASSAGEM METALICA DE SOBREPOR COM TAMPA PARAFUSADA, DIMENSOES 40 X 40 X 15 CM | E96: UN | F96: 101.17 | G96: 2 | O96: =H96+I96+J96+K96+L96+M96+N96 -> 0 | P96: =G96-O96 -> 2 | Q96: =F96*G96 -> 202.34 | R96: =F96*H96 -> 0 | S96: =F96*I96 -> 0 | T96: =F96*J96 -> 0 | U96: =TRUNC(F96*K96,2) -> 0 | V96: =TRUNC(F96*L96,2) -> 0 | W96: =M96*F96 -> 0 | X96: =F96*N96 -> 0 | Y96: =R96+S96+T96+U96+V96+W96+X96 -> 0 | Z96: =Q96-Y96 -> 202.34 | AA96: =Y96/Q96 -> 0
B97: 1.10.8 | C97: 101890 | D97: DISJUNTOR MONOPOLAR TIPO NEMA, CORRENTE NOMINAL DE 10 ATÉ 30A - FORNECIMENTO E INSTALAÇÃO. AF_10/2020 | E97: UN | F97: 15.35 | G97: 19 | O97: =H97+I97+J97+K97+L97+M97+N97 -> 0 | P97: =G97-O97 -> 19 | Q97: =F97*G97 -> 291.65 | R97: =F97*H97 -> 0 | S97: =F97*I97 -> 0 | T97: =F97*J97 -> 0 | U97: =TRUNC(F97*K97,2) -> 0 | V97: =TRUNC(F97*L97,2) -> 0 | W97: =M97*F97 -> 0 | X97: =F97*N97 -> 0 | Y97: =R97+S97+T97+U97+V97+W97+X97 -> 0 | Z97: =Q97-Y97 -> 291.65 | AA97: =Y97/Q97 -> 0
B98: 1.10.9 | C98: 93670 | D98: DISJUNTOR TRIPOLAR TIPO DIN, CORRENTE NOMINAL DE 25A - FORNECIMENTO E INSTALAÇÃO. AF_10/2020 | E98: UN | F98: 73.97 | G98: 1 | O98: =H98+I98+J98+K98+L98+M98+N98 -> 0 | P98: =G98-O98 -> 1 | Q98: =F98*G98 -> 73.97 | R98: =F98*H98 -> 0 | S98: =F98*I98 -> 0 | T98: =F98*J98 -> 0 | U98: =TRUNC(F98*K98,2) -> 0 | V98: =TRUNC(F98*L98,2) -> 0 | W98: =M98*F98 -> 0 | X98: =F98*N98 -> 0 | Y98: =R98+S98+T98+U98+V98+W98+X98 -> 0 | Z98: =Q98-Y98 -> 73.97 | AA98: =Y98/Q98 -> 0
B99: 1.10.10 | C99: 93671 | D99: DISJUNTOR TRIPOLAR TIPO DIN, CORRENTE NOMINAL DE 32A - FORNECIMENTO E INSTALAÇÃO. AF_10/2020 | E99: UN | F99: 77.57 | G99: 1 | O99: =H99+I99+J99+K99+L99+M99+N99 -> 0 | P99: =G99-O99 -> 1 | Q99: =F99*G99 -> 77.57 | R99: =F99*H99 -> 0 | S99: =F99*I99 -> 0 | T99: =F99*J99 -> 0 | U99: =TRUNC(F99*K99,2) -> 0 | V99: =TRUNC(F99*L99,2) -> 0 | W99: =M99*F99 -> 0 | X99: =F99*N99 -> 0 | Y99: =R99+S99+T99+U99+V99+W99+X99 -> 0 | Z99: =Q99-Y99 -> 77.57 | AA99: =Y99/Q99 -> 0
B100: 1.10.11 | C100: 39466 | D100: DISPOSITIVO DPS CLASSE II, 1 POLO, TENSAO MAXIMA DE 175 V, CORRENTE MAXIMA DE *30* KA (TIPO AC) | E100: UN | F100: 74.81 | G100: 6 | O100: =H100+I100+J100+K100+L100+M100+N100 -> 0 | P100: =G100-O100 -> 6 | Q100: =F100*G100 -> 448.86 | R100: =F100*H100 -> 0 | S100: =F100*I100 -> 0 | T100: =F100*J100 -> 0 | U100: =TRUNC(F100*K100,2) -> 0 | V100: =TRUNC(F100*L100,2) -> 0 | W100: =M100*F100 -> 0 | X100: =F100*N100 -> 0 | Y100: =R100+S100+T100+U100+V100+W100+X100 -> 0 | Z100: =Q100-Y100 -> 448.86 | AA100: =Y100/Q100 -> 0
B101: 1.10.12 | C101: 39445 | D101: DISPOSITIVO DR, 2 POLOS, SENSIBILIDADE DE 30 MA, CORRENTE DE 25 A, TIPO AC | E101: UN | F101: 136.8 | G101: 1 | O101: =H101+I101+J101+K101+L101+M101+N101 -> 0 | P101: =G101-O101 -> 1 | Q101: =F101*G101 -> 136.8 | R101: =F101*H101 -> 0 | S101: =F101*I101 -> 0 | T101: =F101*J101 -> 0 | U101: =TRUNC(F101*K101,2) -> 0 | V101: =TRUNC(F101*L101,2) -> 0 | W101: =M101*F101 -> 0 | X101: =F101*N101 -> 0 | Y101: =R101+S101+T101+U101+V101+W101+X101 -> 0 | Z101: =Q101-Y101 -> 136.8 | AA101: =Y101/Q101 -> 0
... B107: 1.10.18 | C107: 91959 | D107: INTERRUPTOR SIMPLES (2 MÓDULOS), 10A/250V, INCLUINDO SUPORTE E PLACA - FORNECIMENTO E INSTALAÇÃO. AF_03/2023 | E107: UN | F107: 39.62 | G107: 2 | O107: =H107+I107+J107+K107+L107+M107+N107 -> 0 | P107: =G107-O107 -> 2 | Q107: =F107*G107 -> 79.24 | R107: =F107*H107 -> 0 | S107: =F107*I107 -> 0 | T107: =F107*J107 -> 0 | U107: =TRUNC(F107*K107,2) -> 0 | V107: =TRUNC(F107*L107,2) -> 0 | W107: =M107*F107 -> 0 | X107: =F107*N107 -> 0 | Y107: =R107+S107+T107+U107+V107+W107+X107 -> 0 | Z107: =Q107-Y107 -> 79.24 | AA107: =Y107/Q107 -> 0
...

Sheet MEMORIAL DE CALCULO 07
B2: BOLETIM DE MEDIÇÃO 07 - MEMORIAL DE CÁLCULO
B3: OBJETO: | I3: CONTRATO: | J3: VALOR CONTRATADO:
B4: CONSTRUÇÃO DA CASA DE ACOLHIMENTO PARA CRIANÇAS E ADOCESLENTES, "CASA LAR", NO MUNICÍPIO DE SOUSA/PB. | I4: 682/2023 | J4: 1240378.4
B5: EMPRESA CONTRATADA: | E5: CNPJ: | I5: CONTRATANTE:
B6: ALX CONSTRUÇÕES E LOCAÇÕES | E6: 17.490.708/0001-70 | I6: PREFEITURA MUNICIPAL DE SOUSA
B7: DATA | D7: PERÍODO DA MEDIÇÃO | E7: VALOR DA MEDIÇÃO: | H7: VALOR ACUMULADO ANTERIOR: | J7: MEDIÇÃO:
B8: ='BOLETIM DE MEDIÇÃO 07'!B8:C8 -> 45520 | D8: ='BOLETIM DE MEDIÇÃO 07'!D8 -> 10/05/2024 a 16/08/2024 | E8: ='BOLETIM DE MEDIÇÃO 07'!E8 -> 40632.783 | H8: ='BOLETIM DE MEDIÇÃO 05'!H8 -> 274592.68 | J8: 07
B10: ITEM | C10: CÓDIGO | D10: DESCRIÇÃO | E10: UND | F10: VEZ | G10: DADOS | J10: RESULTADO
G11: L | H11: C | I11: H | J11: ACUMULADO ANTERIOR | K11: PARCIAL | L11: TOTAL | M11: CONTRATADO | N11: SALDO
B12: 1 | C12: CONSTRUÇÃO DA CASA DE ACOLHIMENTO PARA CRIANÇAS E ADOLESCENTES - CASA LAR, NO MUNICÍPIO DE SOUSA - PB
B13: 1.1 | C13: SERVIÇOS PRELIMINARES
B14: 1.1.1 | C14: composição 1 | D14: PLACA DE OBRA EM CHAPA DE ACO GALVANIZADO [ADAPTADO SINAPI 74209/01] | E14: M2 | F14: 1 | G14: 2 | I14: 3 | J14: ='BOLETIM DE MEDIÇÃO 05'!O14-'MEMORIAL DE CALCULO 07'!K14 -> 0 | K14: =G14*I14*F14 -> 6 | L14: =J14+K14 -> 6 | M14: ='BOLETIM DE MEDIÇÃO 05'!G14 -> 6 | N14: =M14-L14 -> 0
B15: 1.1.2 | C15: 93209 | D15: EXECUÇÃO DE ALMOXARIFADO EM CANTEIRO DE OBRA EM ALVENARIA, INCLUSO PRATELEIRAS. AF_02/2016 | E15: M2 | F15: 1 | G15: 1 | H15: 2.75 | J15: ='BOLETIM DE MEDIÇÃO 05'!O15-'MEMORIAL DE CALCULO 07'!K15 -> 2.25 | K15: =F15*G15*H15 -> 2.75 | L15: =J15+K15 -> 5 | M15: ='BOLETIM DE MEDIÇÃO 05'!G15 -> 5 | N15: =M15-L15 -> 0
B16: 1.1.3 | C16: 93206 | D16: EXECUÇÃO DE ESCRITÓRIO EM CANTEIRO DE OBRA EM ALVENARIA, NÃO INCLUSO MOBILIÁRIO E EQUIPAMENTOS. AF_02/2016 | E16: M2 | F16: 1 | G16: 1 | H16: 2.75 | J16: ='BOLETIM DE MEDIÇÃO 05'!O16-'MEMORIAL DE CALCULO 07'!K16 -> 2.25 | K16: =F16*G16*H16 -> 2.75 | L16: =J16+K16 -> 5 | M16: ='BOLETIM DE MEDIÇÃO 05'!G16 -> 5 | N16: =M16-L16 -> 0
B17: 1.1.4 | C17: composição 11 | D17: Tapume em chapa compensada esp = 10mm (1 uso). [ADAPTADO ORSE 53] | E17: M2 | J17: ='BOLETIM DE MEDIÇÃO 05'!O17-'MEMORIAL DE CALCULO 07'!K17 -> 258.4 | K17: =K18 -> 19 | L17: =J17+K17 -> 277.4 | M17: ='BOLETIM DE MEDIÇÃO 05'!G17 -> 277.4 | N17: =M17-L17 -> 0
D18: PERÍMETRO DA INTERVENÇÃO | F18: 1 | G18: 9.5 | I18: 2 | K18: =F18*(G18*I18) -> 19
B19: 1.1.5 | C19: 98524 | D19: LIMPEZA MANUAL DE VEGETAÇÃO EM TERRENO COM ENXADA.AF_05/2018 | E19: M2 | J19: ='BOLETIM DE MEDIÇÃO 05'!O18-'MEMORIAL DE CALCULO 07'!K19 -> 0 | K19: =K20 -> 0 | L19: =J19+K19 -> 0 | M19: ='BOLETIM DE MEDIÇÃO 05'!G18 -> 1430.2 | N19: =M19-L19 -> 1430.2
D20: ÁREA DA INTERVENÇÃO | F20: 0 | G20: 1430.2 | K20: =F20*G20 -> 0
B21: 1.1.6 | C21: 100575 | D21: REGULARIZAÇÃO DE SUPERFÍCIES COM MOTONIVELADORA. AF_11/2019 | E21: M2 | J21: ='BOLETIM DE MEDIÇÃO 05'!O19-'MEMORIAL DE CALCULO 07'!K21 -> 0 | K21: =K22 -> 0 | L21: =J21+K21 -> 0 | M21: ='BOLETIM DE MEDIÇÃO 05'!G19 -> 1430.2 | N21: =M21-L21 -> 1430.2
D22: ÁREA DA INTERVENÇÃO | F22: 0 | G22: 1430.2 | K22: =F22*G22 -> 0
B23: 1.2 | C23: MOVIMENTO DE TERRA
B24: 1.2.1 | C24: 99059 | D24: LOCACAO CONVENCIONAL DE OBRA, UTILIZANDO GABARITO DE TÁBUAS CORRIDAS PONTALETADAS A CADA 2,00M - 2 UTILIZAÇÕES. AF_10/2018 | E24: M | F24: 1 | G24: 137.5 | J24: ='BOLETIM DE MEDIÇÃO 05'!O21-'MEMORIAL DE CALCULO 07'!K24 -> 0 | K24: =F24*G24 -> 137.5 | L24: =J24+K24 -> 137.5 | M24: ='BOLETIM DE MEDIÇÃO 05'!G21 -> 137.5 | N24: =M24-L24 -> 0
B25: 1.2.2 | C25: 93358 | D25: ESCAVAÇÃO MANUAL DE VALA COM PROFUNDIDADE MENOR OU IGUAL A 1,30 M. AF_02/2021 | E25: M3 | J25: ='BOLETIM DE MEDIÇÃO 05'!O22-'MEMORIAL DE CALCULO 07'!K25 -> 71.14462 | K25: =F34*(G34*H34*I34) -> 14.04 | L25: =J25+K25 -> 85.18462 | M25: ='BOLETIM DE MEDIÇÃO 05'!G22 -> 89.01 | N25: =M25-L25 -> 3.82538
D26: SAPATAS
D27: S46=S52=S53=S54=S55=S56=S57=S58=S59=S60=S61=S62=S63=S64=S65=S66=S68=S69=S70=S71=S72=S74=S76=S77=S78=S79=S80=S84=S85=S86=S87=S88 | F27: 0 | G27: 0.6 | H27: 0.7 | I27: 1.85 | K27: =F27*(G27*H27*I27) -> 0
D28: S1=S2=S3=S4=S6=S8=S9=S10=S11=S12=S13=S14=S15=S16=S17=S21=S22=S23=S24=S25=S26=S27=S28=S29=S30=S31=S32=S36=S37=S38=S39=S40=S41=S42=S43=S44=S47=S48=S49=S50=S51 | F28: 0 | G28: 0.6 | H28: 0.7 | I28: 1.85 | K28: =F28*(G28*H28*I28) -> 0
D29: S33 | F29: 0 | G29: 0.6 | H29: 0.8 | I29: 1.85 | K29: =F29*(G29*H29*I29) -> 0
D30: S7=S83 | F30: 0 | G30: 0.9 | H30: 0.9 | I30: 1.85 | K30: =F30*(G30*H30*I30) -> 0
D31: S5=S18=S19=S20=S35=S45=S75 | F31: 0 | G31: 0.65 | H31: 0.65 | I31: 1.85 | K31: =F31*(G31*H31*I31) -> 0
D32: S34=S67=S73 | F32: 0 | G32: 0.65 | H32: 0.75 | I32: 1.85 | K32: =F32*(G32*H32*I32) -> 0
D33: S81=S82 | F33: 0 | G33: 0.55 | H33: 0.95 | I33: 1.85 | K33: =F33*(G33*H33*I33) -> 0
D34: VIGAS BALDRAME | F34: 1 | G34: 312 | H34: 0.15 | I34: 0.3 | K34: =F34*(G34*H34*I34) -> 14.04
D35: V22 | F35: 1 | G35: 4.758 | H35: 0.15 | I35: 0.3 | K35: =F35*G35*H35*I35 -> 0.21411
D36: V51 | F36: 1 | G36: 3.097 | H36: 0.15 | I36: 0.3 | K36: =F36*G36*H36*I36 -> 0.139365
D37: V46 | F37: 1 | G37: 3.047 | H37: 0.15 | I37: 0.3 | K37: =F37*G37*H37*I37 -> 0.137115
D38: V55 | F38: 1 | G38: 5.109 | H38: 0.15 | I38: 0.3 | K38: =F38*G38*H38*I38 -> 0.229905
D39: V20 | F39: 1 | G39: 2.564 | H39: 0.15 | I39: 0.3 | K39: =F39*G39*H39*I39 -> 0.11538
D40: V21 | F40: 1 | G40: 1.678 | H40: 0.15 | I40: 0.3 | K40: =F40*G40*H40*I40 -> 0.07551
D41: V19 | F41: 1 | G41: 6.533 | H41: 0.15 | I41: 0.3 | K41: =F41*G41*H41*I41 -> 0.293985
D42: V17 | F42: 1 | G42: 15.175 | H42: 0.15 | I42: 0.3 | K42: =F42*G42*H42*I42 -> 0.682875
D43: V52 | F43: 1 | G43: 11 | H43: 0.15 | I43: 0.3 | K43: =F43*G43*H43*I43 -> 0.495
D44: V50 | F44: 1 | G44: 1.9 | H44: 0.15 | I44: 0.3 | K44: =F44*G44*H44*I44 -> 0.0855
D45: V16 | F45: 1 | G45: 6.38 | H45: 0.15 | I45: 0.3 | K45: =F45*G45*H45*I45 -> 0.2871
D46: V42 | F46: 1 | G46: 8.31 | H46: 0.15 | I46: 0.3 | K46: =F46*G46*H46*I46 -> 0.37395
... D67: V45 | F67: 1 | G67: 2.69 | H67: 0.15 | I67: 0.3 | K67: =F67*G67*H67*I67 -> 0.12105
B68: 1.2.3 | C68: 96995 | D68: REATERRO MANUAL APILOADO COM SOQUETE. AF_10/2017 | E68: M3 | J68: ='BOLETIM DE MEDIÇÃO 05'!I22 -> 1.20537 | K68: =G70*F70 -> 43.05 | L68: =J68+K68 -> 44.25537 | M68: ='BOLETIM DE MEDIÇÃO 05'!G23 -> 44.26 | N68: =M68-L68 -> 0.00463
D69: VOLUME DE ESCAVAÇÃO - VOLUME DE CONCRETO DA FUNDAÇÃO
D70: VOLUME DE ESCAVAÇÃO (SAPATAS + BALDRAME) | F70: 1 | G70: =43.05 -> 43.05
D71: VOLUME DE CONTRETO (SAPATAS + BALDRAME) | L71: =J71+K71 -> 0
B72: 1.2.4 | C72: 94319 | D72: ATERRO MANUAL DE VALAS COM SOLO ARGILO-ARENOSO E COMPACTAÇÃO MECANIZADA. AF_05/2016 | E72: M3 | G72: CÁLCULO DO VOLUME DE ATERRO COMPACTADO (ÁREA INTERNA E EXTERNA DA OBRA ESPECIFICADAS) | J72: =0 -> 0 | K72: =SUM(K75:K106) -> 599.17246 | L72: =J72+K72 -> 599.17246 | M72: ='BOLETIM DE MEDIÇÃO 05'!G24 -> 93.63 | N72: =M72-L72 -> -505.54246
D73: ATERRO (PARTE INTERNA) CAIXÃO REFERENTE AOS AMBIENTES | G73: ÁREA (M²) | I73: SOMATÓRIA E MÉDIA DAS ALTURAS ENCONTRADAS DO EMBASAMENTO + ALTURA DA VIGA BALDRAME (M) EM CADA AMBIENTE (PARTE INTERNA DA OBRA)
D74: GUARITA | G74: 9 | I74: =((0.49+0.35) + (0.35+0.25) + (0.62+0.35) + (0.49+0.35))/4 -> 0.8125 | K74: =G74*I74 -> 7.3125
D75: HALL | G75: 5 | I75: =((0.62+0.35) + (0.62+0.25) + (0.62+0.35) + (0.62+0.35))/4 -> 0.945 | K75: =G75*I75 -> 4.725
D76: ENTRADA (ENTRE A SALA DE ESTAR E A ÁREA EXTERNA - ÁREA ONDE ESTÁ A LAJE) | G76: =(13.03 * 2.7) -> 35.181 | I76: =((0.41+0.25) + (0.58+0.25) + (0.64+0.25) + (0.42+0.25)+ (0.35+0.25)+ (0.25+0.25))/6 -> 0.69166667 | K76: =G76*I76 -> 24.333525
D77: WC (AO LADO DO DEPÓSITO E COORDENAÇÃO) | G77: 3 | I77: =((0.2+0.25) + (0.2+0.25) + (0.2+0.25) + (0.2+0.25))/4 -> 0.45 | K77: =G77*I77 -> 1.35
D78: DEPÓSITO | G78: 7 | I78: =((0.25+0.25) + (0.25+0.25) + (0.2+0.25) + (0.3+0.25))/4 -> 0.5 | K78: =G78*I78 -> 3.5
D79: COORDENAÇÃO | G79: 21 | I79: =((0.25+0.25) + (0.31+0.25) + (0.27+0.25) + (0.2+0.25))/4 -> 0.5075 | K79: =G79*I79 -> 10.6575
D80: QUARTO FEMININO ADOLESCENTE | G80: 27 | I80: =((0.5+0.25) + (0.46+0.3) + (0.41+0.3) + (0.45+0.3))/4 -> 0.7425 | K80: =G80*I80 -> 20.0475
D81: QUARTO MASCULINO ADOLESCENTE | G81: 26 | I81: =((0.25+0.3) + (0.3+0.3) + (0.27+0.3) + (0.22+0.25))/4 -> 0.5475 | K81: =G81*I81 -> 14.235
D82: WC (QUARTO FEMININO ADOLESCENTE) | G82: 1.6 | I82: =((0.3+0.3) + (0.32+0.3) + (0.33+0.3) + (0.3+0.25))/4 -> 0.6 | K82: =G82*I82 -> 0.96
D83: WC (QUARTO MASCULINO ADOLESCENTE) | G83: 1.6 | I83: =((0.35+0.3) + (0.38+0.25) + (0.33+0.3) + (0.32+0.25))/4 -> 0.62 | K83: =G83*I83 -> 0.992
D84: SALA DE ESTAR | G84: 45 | I84: =((0.42+0.25) + (0.55+0.25) + (0.48+0.25) + (0.31+0.25))/4 -> 0.69 | K84: =G84*I84 -> 31.05
D85: SALA DE REUNIÃO | G85: 19 | I85: =((0.64+0.25) + (0.64+0.25) + (0.64+0.25) + (0.63+0.25))/4 -> 0.8875 | K85: =G85*I85 -> 16.8625
D86: PSICÓLOGO | G86: 19 | I86: =((0.61+0.25) + (0.59+0.25) + (0.62+0.25) + (0.64+0.25))/4 -> 0.865 | K86: =G86*I86 -> 16.435
D87: WC SOCIAL | G87: 5 | I87: =((0.61+0.25) + (0.6+0.25) + (0.55+0.25) + (0.55+0.25))/4 -> 0.8275 | K87: =G87*I87 -> 4.1375
D88: CIRCULAÇÃO 01 | G88: 14 | I88: =((0.55+0.25) + (0.53+0.25) + (0.6+0.25) + (0.63+0.25))/4 -> 0.8275 | K88: =G88*I88 -> 11.585
D89: CIRCULAÇÃO 02 | G89: 36 | I89: =((0.64+0.25) + (0.55+0.25) + (0.57+0.25) + (0.53+0.25) + (0.5+0.25) + (0.44+0.25) + (0.4+0.3) + (0.42+0.25) + (0.4+0.25) + (0.41+0.25) + (0.38+0.25) + (0.36+0.25) + (0.34+0.25))/12 -> 0.77 | K89: =G89*I89 -> 27.72
D90: SALA DE ESTUDOS | G90: 46 | I90: =((0.58+0.25) + (0.56+0.25) + (0.51+0.25) + (0.53+0.25))/4 -> 0.795 | K90: =G90*I90 -> 36.57
D91: REFEITÓRIO | G91: 41 | I91: =((0.5+0.25) + (0.5+0.25) + (0.48+0.25) + (0.5+0.3))/4 -> 0.7575 | K91: =G91*I91 -> 31.0575
D92: BRINQUEDOTECA | G92: 27 | I92: =((0.38+0.25) + (0.45+0.3) + (0.41+0.3) + (0.34+0.25))/4 -> 0.67 | K92: =G92*I92 -> 18.09
D93: CIRCULAÇÃO 03 | G93: 53 | I93: =((0.41+0.3) + (0.48+0.25) + (0.53+0.3) + (0.5+0.25)+ (0.37+0.25)+ (0.38+0.25))/6 -> 0.71166667 | K93: =G93*I93 -> 37.718333
D94: CLARABOIA (ENTRE A BRINQUEDOTECA E OS QUARTOS INFANTIS) | G94: =(2.65*1.8) -> 4.77 | I94: =((0.33+0.25) + (0.38+0.3) + (0.36+0.3) + (0.31+0.25))/4 -> 0.62 | K94: =G94*I94 -> 2.9574
D95: QUARTO INFANTIL FEMININO | G95: 30 | I95: =((0.49+0.25) + (0.45+0.25) + (0.42+0.25) + (0.5+0.25))/4 -> 0.715 | K95: =G95*I95 -> 21.45
D96: QUARTO INFANTIL MASCULINO | G96: 30 | I96: =((0.4+0.25) + (0.42+0.25) + (0.46+0.25) + (0.43+0.25))/4 -> 0.6775 | K96: =G96*I96 -> 20.325
D97: WC (AO LADO DOS QUARTOS INFANTIS) | G97: 14 | I97: =((0.29+0.3) + (0.36+0.25) + (0.34+0.25) + (0.28+0.25))/4 -> 0.58 | K97: =G97*I97 -> 8.12
D98: WC (AO LADO DOS QUARTOS INFANTIS) | G98: 14 | I98: =((0.34+0.25) + (0.39+0.25) + (0.39+0.25) + (0.35+0.25))/4 -> 0.6175 | K98: =G98*I98 -> 8.645
D99: COZINHA | G99: 20 | I99: =((0.34+0.25) + (0.39+0.25) + (0.39+0.25) + (0.35+0.25))/4 -> 0.6175 | K99: =G99*I99 -> 12.35
D100: DESPENSA | G100: 3 | I100: =((0.5+0.25) + (0.58+0.25) + (0.55+0.25) + (0.49+0.25))/4 -> 0.78 | K100: =G100*I100 -> 2.34
D101: WC (QUATO FUNC.) | G101: 4 | I101: =((0.55+0.25) + (0.6+0.25) + (0.6+0.25) + (0.5+0.25))/4 -> 0.8125 | K101: =G101*I101 -> 3.25
D102: QUARTO FUNC. | G102: 12 | I102: =((0.51+0.25) + (0.49+0.25) + (0.58+0.25) + (0.48+0.25))/4 -> 0.765 | K102: =G102*I102 -> 9.18
D103: ÁREA DE SERVIÇO | G103: 20 | I103: =((0.54+0.25) + (0.59+0.25) + (0.62+0.25) + (0.63+0.25) + (0.61+0.25))/5 -> 0.848 | K103: =G103*I103 -> 16.96
D104: DML | G104: 4 | I104: =((0.55+0.25) + (0.61+0.25) + (0.56+0.25) + (0.5+0.25))/4 -> 0.805 | K104: =G104*I104 -> 3.22
D105: WC PCD | G105: 5 | I105: =((0.53+0.25) + (0.5+0.25) + (0.47+0.25) + (0.48+0.25))/4 -> 0.745 | K105: =G105*I105 -> 3.725
D106: ÁREA EXTERNA (RETIRADO DO PROJETO EM DWG) (ÁREA INTERNA AO MURO - VALOR DE ÁREA INTERNA CONSIDERADA) | G106: =1184.23-SUM(G74:H105) -> 582.079 | I106: 0.3 | K106: =G106*I106 -> 174.6237
B107: 1.3 | C107: FUNDAÇÃO
B108: 1.3.1 | C108: composição 12 | D108: ALVENARIA DE EMBASAMENTO COM BLOCO CERÂMICO DE 9X14X19CM E ARGAMASSA DE ASSENTAMENTO COM PREPARO EM BETONEIRA. AF_05/2020. [ADAPTADO SINAPI 101166] | E108: M3 | G108: ALVENARIA DE EMBASAMENTO (CÁLCULO CONSIDERANDO O VOLUME PRISMÁTICO DE CADA SEÇÃO) | J108: 7.34 | K108: =SUM(K110:K153) -> 25.772845 | L108: =J108+K108 -> 33.112845 | M108: ='BOLETIM DE MEDIÇÃO 05'!G26 -> 13.99 | N108: =M108-L108 -> -19.122845
D109: BALDRAMES (ALVENARIA ABAIXO DAS VIGAS) | G109: COMPRIMENTO DA SEÇÃO (M) | H109: LARGURA (M) | I109: (ALTURAS DAS EXTREMIDADES DAS SEÇÕES) (M)
D110: V17 (P73 ATÉ P77) | G110: 15.175 | H110: 0.2 | I110: 0.53; 0.20 | K110: =(((0.53+0.2)/2)*G110)*H110 -> 1.107775
D111: V52 (P77 ATÉ P50) | G111: 11 | H111: 0.2 | I111: 0.20; 0.20 | K111: =(0.2*G111)*H111 -> 0.44
D112: V50 (P76 ATÉ P69) | G112: 1.9 | H112: 0.2 | I112: 0.20; 0.20 | K112: =(0.2*G112)*H112 -> 0.076
D113: V16 (P68 ATÉ P70) | G113: 6.38 | H113: 0.2 | I113: 0.29; 0.20 | K113: =(((0.29+0.2)/2)*G113)*H113 -> 0.31262
D114: V42 (P75 ATÉ V13) | G114: 8.31 | H114: 0.2 | I114: 0.30; 0.33 | K114: =(((0.3+0.33)/2)*G114)*H114 -> 0.52353
D115: V14 (P64 ATÉ P57) | G115: 24.075 | H115: 0.2 | I115: 0.20; 0.60 | K115: =(((0.2+0.6)/2)*G115)*H115 -> 1.926
D116: V53 (P07 ATÉ V04) | G116: 5.31 | H116: 0.2 | I116: 0.48; 0.30 | K116: =(((0.48+0.3)/2)*G116)*H116 -> 0.41418
D117: V54 (P21 ATÉ P38) | G117: 5.47 | H117: 0.2 | I117: 0.38; 0.24 | K117: =(((0.38+0.24)/2)*G117)*H117 -> 0.33914
D118: V04 (P21 ATÉ P16) | G118: 13.42 | H118: 0.2 | I118: 0.38; 0.60 | K118: =(((0.38+0.6)/2)*G118)*H118 -> 1.31516
D119: V44 (P06 ATÉ V04) | G119: 5.31 | H119: 0.2 | I119: 0.43; 0.35 | K119: =(((0.43+0.35)/2)*G119)*H119 -> 0.41418
D120: V37 (P04 ATÉ P16) | G120: 5.31 | H120: 0.2 | I120: 0.47; 0.60 | K120: =(((0.47+0.6)/2)*G120)*H120 -> 0.56817
D121: V01 (P02 ATÉ P07) | G121: 19.97 | H121: 0.2 | I121: 0.62; 0.50 | K121: =(((0.62+0.5)/2)*G121)*H121 -> 2.23664
D122: V02 (P9 ATÉ P12) | G122: 7.83 | H122: 0.2 | I122: 0.63; 0.49 | K122: =(((0.63+0.49)/2)*G122)*H122 -> 0.87696
...

Sheet MEMORIAL DE CALCULO 06
B2: BOLETIM DE MEDIÇÃO 06 - MEMORIAL DE CÁLCULO
B3: OBJETO: | I3: CONTRATO: | J3: VALOR CONTRATADO:
B4: CONSTRUÇÃO DA CASA DE ACOLHIMENTO PARA CRIANÇAS E ADOCESLENTES, "CASA LAR", NO MUNICÍPIO DE SOUSA/PB. | I4: 682/2023 | J4: 1240378.4
B5: EMPRESA CONTRATADA: | E5: CNPJ: | I5: CONTRATANTE:
B6: ALX CONSTRUÇÕES E LOCAÇÕES | E6: 17.490.708/0001-70 | I6: PREFEITURA MUNICIPAL DE SOUSA
B7: DATA | D7: PERÍODO DA MEDIÇÃO | E7: VALOR DA MEDIÇÃO: | H7: VALOR ACUMULADO ANTERIOR: | J7: MEDIÇÃO:
B8: 45453 | D8: 11/05/2024 a 10/06/2024 | E8: ='BOLETIM DE MEDIÇÃO 07'!W196 -> 70347.038 | H8: ='BOLETIM DE MEDIÇÃO 05'!H8 -> 274592.68 | J8: 06
B10: ITEM | C10: CÓDIGO | D10: DESCRIÇÃO | E10: UND | F10: VEZ | G10: DADOS | J10: RESULTADO
G11: L | H11: C | I11: H | J11: ACUMULADO ANTERIOR | K11: PARCIAL | L11: TOTAL | M11: CONTRATADO | N11: SALDO
B12: 1 | C12: CONSTRUÇÃO DA CASA DE ACOLHIMENTO PARA CRIANÇAS E ADOLESCENTES - CASA LAR, NO MUNICÍPIO DE SOUSA - PB
B13: 1.1 | C13: SERVIÇOS PRELIMINARES
B14: 1.1.1 | C14: composição 1 | D14: PLACA DE OBRA EM CHAPA DE ACO GALVANIZADO [ADAPTADO SINAPI 74209/01] | E14: M2 | F14: 1 | G14: 2 | I14: 3 | J14: ='BOLETIM DE MEDIÇÃO 05'!O14-'MEMORIAL DE CALCULO 06'!K14 -> 0 | K14: =G14*I14*F14 -> 6 | L14: =J14+K14 -> 6 | M14: ='BOLETIM DE MEDIÇÃO 05'!G14 -> 6 | N14: =M14-L14 -> 0
B15: 1.1.2 | C15: 93209 | D15: EXECUÇÃO DE ALMOXARIFADO EM CANTEIRO DE OBRA EM ALVENARIA, INCLUSO PRATELEIRAS. AF_02/2016 | E15: M2 | F15: 1 | G15: 1 | H15: 2.75 | J15: ='BOLETIM DE MEDIÇÃO 05'!O15-'MEMORIAL DE CALCULO 06'!K15 -> 2.25 | K15: =F15*G15*H15 -> 2.75 | L15: =J15+K15 -> 5 | M15: ='BOLETIM DE MEDIÇÃO 05'!G15 -> 5 | N15: =M15-L15 -> 0
B16: 1.1.3 | C16: 93206 | D16: EXECUÇÃO DE ESCRITÓRIO EM CANTEIRO DE OBRA EM ALVENARIA, NÃO INCLUSO MOBILIÁRIO E EQUIPAMENTOS. AF_02/2016 | E16: M2 | F16: 1 | G16: 1 | H16: 2.75 | J16: ='BOLETIM DE MEDIÇÃO 05'!O16-'MEMORIAL DE CALCULO 06'!K16 -> 2.25 | K16: =F16*G16*H16 -> 2.75 | L16: =J16+K16 -> 5 | M16: ='BOLETIM DE MEDIÇÃO 05'!G16 -> 5 | N16: =M16-L16 -> 0
B17: 1.1.4 | C17: composição 11 | D17: Tapume em chapa compensada esp = 10mm (1 uso). [ADAPTADO ORSE 53] | E17: M2 | J17: ='BOLETIM DE MEDIÇÃO 05'!O17-'MEMORIAL DE CALCULO 06'!K17 -> 258.4 | K17: =K18 -> 19 | L17: =J17+K17 -> 277.4 | M17: ='BOLETIM DE MEDIÇÃO 05'!G17 -> 277.4 | N17: =M17-L17 -> 0
D18: PERÍMETRO DA INTERVENÇÃO | F18: 1 | G18: 9.5 | I18: 2 | K18: =F18*(G18*I18) -> 19
B19: 1.1.5 | C19: 98524 | D19: LIMPEZA MANUAL DE VEGETAÇÃO EM TERRENO COM ENXADA.AF_05/2018 | E19: M2 | J19: ='BOLETIM DE MEDIÇÃO 05'!O18-'MEMORIAL DE CALCULO 06'!K19 -> 0 | K19: =K20 -> 0 | L19: =J19+K19 -> 0 | M19: ='BOLETIM DE MEDIÇÃO 05'!G18 -> 1430.2 | N19: =M19-L19 -> 1430.2
D20: ÁREA DA INTERVENÇÃO | F20: 0 | G20: 1430.2 | K20: =F20*G20 -> 0
B21: 1.1.6 | C21: 100575 | D21: REGULARIZAÇÃO DE SUPERFÍCIES COM MOTONIVELADORA. AF_11/2019 | E21: M2 | J21: ='BOLETIM DE MEDIÇÃO 05'!O19-'MEMORIAL DE CALCULO 06'!K21 -> 0 | K21: =K22 -> 0 | L21: =J21+K21 -> 0 | M21: ='BOLETIM DE MEDIÇÃO 05'!G19 -> 1430.2 | N21: =M21-L21 -> 1430.2
D22: ÁREA DA INTERVENÇÃO | F22: 0 | G22: 1430.2 | K22: =F22*G22 -> 0
B23: 1.2 | C23: MOVIMENTO DE TERRA
B24: 1.2.1 | C24: 99059 | D24: LOCACAO CONVENCIONAL DE OBRA, UTILIZANDO GABARITO DE TÁBUAS CORRIDAS PONTALETADAS A CADA 2,00M - 2 UTILIZAÇÕES. AF_10/2018 | E24: M | F24: 1 | G24: 137.5 | J24: ='BOLETIM DE MEDIÇÃO 05'!O21-'MEMORIAL DE CALCULO 06'!K24 -> 0 | K24: =F24*G24 -> 137.5 | L24: =J24+K24 -> 137.5 | M24: ='BOLETIM DE MEDIÇÃO 05'!G21 -> 137.5 | N24: =M24-L24 -> 0
B25: 1.2.2 | C25: 93358 | D25: ESCAVAÇÃO MANUAL DE VALA COM PROFUNDIDADE MENOR OU IGUAL A 1,30 M. AF_02/2021 | E25: M3 | J25: ='BOLETIM DE MEDIÇÃO 05'!O22-'MEMORIAL DE CALCULO 06'!K25 -> 71.14462 | K25: =F34*(G34*H34*I34) -> 14.04 | L25: =J25+K25 -> 85.18462 | M25: ='BOLETIM DE MEDIÇÃO 05'!G22 -> 89.01 | N25: =M25-L25 -> 3.82538
D26: SAPATAS
D27: S46=S52=S53=S54=S55=S56=S57=S58=S59=S60=S61=S62=S63=S64=S65=S66=S68=S69=S70=S71=S72=S74=S76=S77=S78=S79=S80=S84=S85=S86=S87=S88 | F27: 0 | G27: 0.6 | H27: 0.7 | I27: 1.85 | K27: =F27*(G27*H27*I27) -> 0
D28: S1=S2=S3=S4=S6=S8=S9=S10=S11=S12=S13=S14=S15=S16=S17=S21=S22=S23=S24=S25=S26=S27=S28=S29=S30=S31=S32=S36=S37=S38=S39=S40=S41=S42=S43=S44=S47=S48=S49=S50=S51 | F28: 0 | G28: 0.6 | H28: 0.7 | I28: 1.85 | K28: =F28*(G28*H28*I28) -> 0
D29: S33 | F29: 0 | G29: 0.6 | H29: 0.8 | I29: 1.85 | K29: =F29*(G29*H29*I29) -> 0
D30: S7=S83 | F30: 0 | G30: 0.9 | H30: 0.9 | I30: 1.85 | K30: =F30*(G30*H30*I30) -> 0
D31: S5=S18=S19=S20=S35=S45=S75 | F31: 0 | G31: 0.65 | H31: 0.65 | I31: 1.85 | K31: =F31*(G31*H31*I31) -> 0
D32: S34=S67=S73 | F32: 0 | G32: 0.65 | H32: 0.75 | I32: 1.85 | K32: =F32*(G32*H32*I32) -> 0
D33: S81=S82 | F33: 0 | G33: 0.55 | H33: 0.95 | I33: 1.85 | K33: =F33*(G33*H33*I33) -> 0
D34: VIGAS BALDRAME | F34: 1 | G34: 312 | H34: 0.15 | I34: 0.3 | K34: =F34*(G34*H34*I34) -> 14.04
D35: V22 | F35: 1 | G35: 4.758 | H35: 0.15 | I35: 0.3 | K35: =F35*G35*H35*I35 -> 0.21411
D36: V51 | F36: 1 | G36: 3.097 | H36: 0.15 | I36: 0.3 | K36: =F36*G36*H36*I36 -> 0.139365
D37: V46 | F37: 1 | G37: 3.047 | H37: 0.15 | I37: 0.3 | K37: =F37*G37*H37*I37 -> 0.137115
D38: V55 | F38: 1 | G38: 5.109 | H38: 0.15 | I38: 0.3 | K38: =F38*G38*H38*I38 -> 0.229905
D39: V20 | F39: 1 | G39: 2.564 | H39: 0.15 | I39: 0.3 | K39: =F39*G39*H39*I39 -> 0.11538
D40: V21 | F40: 1 | G40: 1.678 | H40: 0.15 | I40: 0.3 | K40: =F40*G40*H40*I40 -> 0.07551
D41: V19 | F41: 1 | G41: 6.533 | H41: 0.15 | I41: 0.3 | K41: =F41*G41*H41*I41 -> 0.293985
D42: V17 | F42: 1 | G42: 15.175 | H42: 0.15 | I42: 0.3 | K42: =F42*G42*H42*I42 -> 0.682875
D43: V52 | F43: 1 | G43: 11 | H43: 0.15 | I43: 0.3 | K43: =F43*G43*H43*I43 -> 0.495
D44: V50 | F44: 1 | G44: 1.9 | H44: 0.15 | I44: 0.3 | K44: =F44*G44*H44*I44 -> 0.0855
D45: V16 | F45: 1 | G45: 6.38 | H45: 0.15 | I45: 0.3 | K45: =F45*G45*H45*I45 -> 0.2871
D46: V42 | F46: 1 | G46: 8.31 | H46: 0.15 | I46: 0.3 | K46: =F46*G46*H46*I46 -> 0.37395
... D67: V45 | F67: 1 | G67: 2.69 | H67: 0.15 | I67: 0.3 | K67: =F67*G67*H67*I67 -> 0.12105
B68: 1.2.3 | C68: 96995 | D68: REATERRO MANUAL APILOADO COM SOQUETE. AF_10/2017 | E68: M3 | J68: ='BOLETIM DE MEDIÇÃO 05'!I22 -> 1.20537 | K68: =G70*F70 -> 43.05 | L68: =J68+K68 -> 44.25537 | M68: ='BOLETIM DE MEDIÇÃO 05'!G23 -> 44.26 | N68: =M68-L68 -> 0.00463
D69: VOLUME DE ESCAVAÇÃO - VOLUME DE CONCRETO DA FUNDAÇÃO
D70: VOLUME DE ESCAVAÇÃO (SAPATAS + BALDRAME) | F70: 1 | G70: =43.05 -> 43.05
D71: VOLUME DE CONTRETO (SAPATAS + BALDRAME) | L71: =J71+K71 -> 0
